Workbook

Sheet Лист1
B1: библиотеки 2019 | E1: ИТОГО | G1: 2018 | H1: 2019
A2: 1 | B2: Число посещений библиотеки | C2: ='биб-ки'!DZ34 -> 4291.018 | D2: 3.241 | E2: =C2+D2 -> 4294.259
B3: б-ки кду | C3: ='биб-ки'!#REF! -> #REF! | E3: =C3+D3 -> #REF!
B4: ВСЕГО | E4: =SUM(E2:E3) -> #REF! | H4: =E4 -> #REF!
B5: число посещений КИБО | C5: 3.241 | E5: =C5+D5 -> 3.241
B6: библиотеки 2018
B7: Число посещений библиотеки | C7: ='биб-ки'!DY34 -> 3848.278 | D7: 3.121 | E7: =C7+D7 -> 3851.399
B8: б-ки кду | C8: ='биб-ки'!#REF! -> #REF! | E8: =C8+D8 -> #REF!
B9: ВСЕГО | E9: =SUM(E7:E8) -> #REF! | G9: =E9 -> #REF!
B10: число посещений КИБО | C10: 3.121 | E10: =C10+D10 -> 3.121
B12: КДУ 2019
A13: 2 | B13: к-во посещений плат.меропр. | C13: =#REF!/1000 -> #REF! | E13: =C13+D13 -> #REF! | H13: =E13 -> #REF!
B14: к-во уч. КДФ | C14: =#REF!/1000 -> #REF! | E14: =C14+D14 -> #REF! | H14: =E14 -> #REF!
B15: к-во посещ.меропр.с пр.сп.тр. Из общего числа | C15: =1838/1000 -> 1.838 | E15: =C15+D15 -> 1.838
B16: КДУ 2018
A17: 2 | B17: к-во посещений плат.меропр. | C17: =#REF!/1000 -> #REF! | E17: =C17+D17 -> #REF! | G17: =E17 -> #REF!
B18: к-во уч. КДФ | C18: =#REF!/1000 -> #REF! | E18: =C18+D18 -> #REF! | G18: =E18 -> #REF!
B19: к-во посещ.меропр.с пр.сп.тр. Из общего числа | C19: =2456/1000 -> 2.456 | E19: =C19+D19 -> 2.456
B21: музеи 2019
B22: Число посещений музея - всего | C22: =#REF! -> #REF! | E22: =C22+D22 -> #REF! | H22: =E22 -> #REF!
B23: музеи 2018
B24: Число посещений музея - всего | C24: =#REF! -> #REF! | E24: =C24+D24 -> #REF! | G24: =E24 -> #REF!
B26: театры 2019
B27: Численность зрителей на мероп, провед.собств.силами | C27: =#REF! -> #REF! | E27: =C27+D27 -> #REF! | F27: 330.2
B28: негос театры | D28: 34.3 | E28: =C28+D28 -> 34.3
B29: ИТОГО | C29: =C27+C28 -> #REF! | D29: =D27+D28 -> 34.3 | E29: =C29+D29 -> #REF! | H29: =E29 -> #REF!
B30: театры 2018
B31: Численность зрителей на мероп, провед.собств.силами | C31: =#REF! -> #REF! | E31: =C31+D31 -> #REF! | F31: 399.4
B32: негос театры | D32: 36.7 | E32: =C32+D32 -> 36.7
B33: ИТОГО | C33: =C31+C32 -> #REF! | D33: =D31+D32 -> 36.7 | E33: =C33+D33 -> #REF! | G33: =E33 -> #REF!
B35: Концертн.орг.2019
B36: Число зрителей на мер-х, провед.в пред.своего субъекта РФ | C36: =Конц.!AK12 -> 341.3 | E36: =C36+D36 -> 341.3 | H36: =E36 -> 341.3
B37: Концертн.орг.2018
B38: Число зрителей на мер-х, провед.в пред.своего субъекта РФ | C38: =Конц.!AJ12 -> 178.5 | E38: =C38+D38 -> 178.5 | G38: =E38 -> 178.5
B40: зоопарки 2019
B41: Число посещений - всего | C41: =зоопарк!N9 -> 56.2 | E41: =C41+D41 -> 56.2 | H41: =E41 -> 56.2
B42: зоопарки 2019
B43: Число посещений - всего | C43: =зоопарк!M9 -> 66.3 | E43: =C43+D43 -> 66.3 | G43: =E43 -> 66.3
G44: =SUM(G2:G43) -> #REF! | H44: =SUM(H2:H43) -> #REF!
B45: числ.насел получ.услуги автоклубов
B46: библиотеки | G46: =E10 -> 3.121 | H46: =E5 -> 3.241
B47: КДУ | G47: =E19 -> 2.456 | H47: =E15 -> 1.838
B48: ИТОГО | G48: =SUM(G46:G47) -> 5.577 | H48: =SUM(H46:H47) -> 5.079
G50: =G44+G48 -> #REF! | H50: =H44+H48 -> #REF!

Sheet УК гг
A1: Количество учреждений культуры и образования сферы культуры Томской области (сет.ед.)
A2: Наименование учреждений | B2: Количество муниципальных учреждений (МУ) | D2: Количество областных учреждений (ОУ) | F2: ВСЕГО
B3: 2023 | C3: 2024 | D3: 2023 | E3: 2024 | F3: 2023 | G3: 2024
A4: Клубы | B4: 269 | C4: 267 | D4: 4 | E4: 4 | F4: =B4+D4 -> 273 | G4: =C4+E4 -> 271
A5: Библиотеки | B5: 317 | C5: 318 | D5: 2 | E5: 2 | F5: =B5+D5 -> 319 | G5: =C5+E5 -> 320
A6: ДМШ, ДШИ, ДХШ | B6: 24 | C6: 24 | D6: 6 | E6: 6 | F6: =B6+D6 -> 30 | G6: =C6+E6 -> 30
A7: Музеи (всего / в т.ч. филиалы / в т.ч.структурные подразделения) | B7: 10/1/1 | C7: 10/1 | D7: 8/6 | E7: 8/6 | F7: 18/7/1 | G7: 18/7
A8: Театры | B8: 2 | C8: 2 | D8: 3 | E8: 3 | F8: =B8+D8 -> 5 | G8: =C8+E8 -> 5
A9: Филармония | D9: 1 | E9: 1 | F9: =B9+D9 -> 1 | G9: =C9+E9 -> 1
A10: Учреждения среднего профессионального образования | D10: 2 | E10: 2 | F10: =B10+D10 -> 2 | G10: =C10+E10 -> 2
A11: ТОИУМЦКИ | D11: 1 | E11: 1 | F11: =B11+D11 -> 1 | G11: =C11+E11 -> 1
A12: Центр по охране памятников | D12: 1 | E12: 1 | F12: =B12+D12 -> 1 | G12: =C12+E12 -> 1
A13: Северский природный парк (зоопарк) | B13: 1 | C13: 1 | F13: =B13+D13 -> 1 | G13: =C13+E13 -> 1
A14: Архивы | B14: 1 | C14: 1 | D14: 2 | E14: 2 | F14: =B14+D14 -> 3 | G14: =C14+E14 -> 3
A15: Итого учреждений культуры (в т.ч. филиалы и структурные подразделения): | B15: =SUM(B4:B6)+10+SUM(B8:B14) -> 624 | C15: =SUM(C4:C6)+10+SUM(C8:C14) -> 623 | D15: =SUM(D4:D6)+SUM(D8:D14)+8 -> 30 | E15: =SUM(E4:E6)+SUM(E8:E14)+8 -> 30 | F15: =SUM(F4:F6)+SUM(F8:F14)+18 -> 654 | G15: =SUM(G4:G6)+SUM(G8:G14)+18 -> 653
A17: В том числе: Структурные подразделения учр-ний культуры, осуществляющие библиотечную деятельность (справочно) | B17: 2 | F17: =B17+D17 -> 2 | G17: =C17+E17 -> 0

Sheet Кол-во УК
A1: Количество учреждений культуры, искусства и образования сферы культуры Томской области в разрезе муниципальных образований
A3: Наименование | B3: Код стр. | C3: Количество учреждений культуры, искусства и образования сферы культуры , сет.ед.
C4: ВСЕГО | E4: в том числе:
E5: культурно-досуговые учреждения | G5: библиотеки | I5: ДМШ, ДШИ, ДХШ | K5: музеи (всего / в т.ч. филиалы / в т.ч.структурные подразделения) | M5: театрально-зрелищные учреждения | O5: учреждения среднего профессионального образования | Q5: ТОИУМЦКИ | S5: зоопарк | U5: архивы | W5: Центр по охране памятников
C6: 2023 | D6: 2024 | E6: 2023 | F6: 2024 | G6: 2023 | H6: 2024 | I6: 2023 | J6: 2024 | K6: 2023 | L6: 2024 | M6: 2023 | N6: 2024 | O6: 2023 | P6: 2024 | Q6: 2023 | R6: 2024 | S6: 2023 | T6: 2024 | U6: 2023 | V6: 2024 | W6: 2023 | X6: 2024
B7: 1 | C7: 2 | D7: 3 | E7: 4 | F7: 5 | G7: 6 | H7: 7 | I7: 8 | J7: 9 | K7: 10 | L7: 11 | M7: 12 | N7: 13 | O7: 14 | P7: 15 | Q7: 16 | R7: 17 | S7: 18 | T7: 19 | U7: 20 | V7: 21 | W7: 22 | X7: 23
A8: Александровский | B8: 01 | C8: =E8+G8+I8+K8+M8+O8+Q8+S8+U8+W8 -> 17 | D8: =F8+H8+J8+L8+N8+P8+R8+T8+V8+X8 -> 17 | E8: 7 | F8: 7 | G8: 8 | H8: 8 | I8: 1 | J8: 1 | K8: 1 | L8: 1
A9: Асиновский | B9: 02 | C9: =E9+G9+I9+K9+M9+O9+Q9+S9+U9+W9 -> 37 | D9: =F9+H9+J9+L9+N9+P9+R9+T9+V9+X9 -> 37 | E9: 17 | F9: 17 | G9: 20 | H9: 20
A10: Бакчарский | B10: 03 | C10: =E10+G10+I10+K10+M10+O10+Q10+S10+U10+W10 -> 32 | D10: =F10+H10+J10+L10+N10+P10+R10+T10+V10+X10 -> 32 | E10: 18 | F10: 18 | G10: 13 | H10: 13 | K10: 1 | L10: 1
A11: Верхнекетский | B11: 04 | C11: =E11+G11+I11+K11+M11+O11+Q11+S11+U11+W11 -> 21 | D11: =F11+H11+J11+L11+N11+P11+R11+T11+V11+X11 -> 21 | E11: 9 | F11: 9 | G11: 12 | H11: 12
A12: Зырянский | B12: 05 | C12: =E12+G12+I12+K12+M12+O12+Q12+S12+U12+W12 -> 40 | D12: =F12+H12+J12+L12+N12+P12+R12+T12+V12+X12 -> 40 | E12: 21 | F12: 21 | G12: 18 | H12: 18 | K12: 1 | L12: 1
A13: Каргасокский | B13: 06 | C13: =E13+G13+I13+K13+M13+O13+Q13+S13+U13+W13 -> 41 | D13: =F13+H13+J13+L13+N13+P13+R13+T13+V13+X13 -> 41 | E13: 18 | F13: 18 | G13: 22 | H13: 22 | I13: 1 | J13: 1
A14: Кожевниковский | B14: 07 | C14: =E14+G14+I14+K14+M14+O14+Q14+S14+U14+W14 -> 45 | D14: =F14+H14+J14+L14+N14+P14+R14+T14+V14+X14 -> 45 | E14: 24 | F14: 24 | G14: 21 | H14: 21
A15: Колпашевский | B15: 08 | C15: =E15+G15+I15+K15+M15+O15+Q15+S15+U15+W15 -> 43 | D15: =F15+H15+J15+L15+N15+P15+R15+T15+V15+X15 -> 43 | E15: 17 | F15: 17 | G15: 25 | H15: 25 | U15: 1 | V15: 1
A16: Кривошеинский | B16: 09 | C16: =E16+G16+I16+K16+M16+O16+Q16+S16+U16+W16 -> 28 | D16: =F16+H16+J16+L16+N16+P16+R16+T16+V16+X16 -> 28 | E16: 15 | F16: 15 | G16: 13 | H16: 13
A17: Молчановский | B17: 10 | C17: =E17+G17+I17+K17+M17+O17+Q17+S17+U17+W17 -> 22 | D17: =F17+H17+J17+L17+N17+P17+R17+T17+V17+X17 -> 22 | E17: 8 | F17: 8 | G17: 13 | H17: 13 | I17: 1 | J17: 1
A18: Парабельский | B18: 11 | C18: =E18+G18+I18+K18+M18+O18+Q18+S18+U18+W18 -> 31 | D18: =F18+H18+J18+L18+N18+P18+R18+T18+V18+X18 -> 31 | E18: 12 | F18: 12 | G18: 17 | H18: 17 | I18: 1 | J18: 1 | K18: 1 | L18: 1
A19: Первомайский | B19: 12 | C19: =E19+G19+I19+2+M19+O19+Q19+S19+U19+W19 -> 45 | D19: =F19+H19+J19+2+N19+P19+R19+T19+V19+X19 -> 45 | E19: 22 | F19: 22 | G19: 20 | H19: 20 | I19: 1 | J19: 1 | K19: 2/1ф | L19: 2/1ф
A20: Тегульдетский | B20: 13 | C20: =E20+G20+I20+K20+M20+O20+Q20+S20+U20+W20 -> 12 | D20: =F20+H20+J20+L20+N20+P20+R20+T20+V20+X20 -> 12 | E20: 6 | F20: 6 | G20: 6 | H20: 6
A21: Томский | B21: 14 | C21: =E21+G21+I21+K21+M21+O21+Q21+S21+U21+W21 -> 82 | D21: =F21+H21+J21+L21+N21+P21+R21+T21+V21+X21 -> 82 | E21: 39 | F21: 39 | G21: 39 | H21: 39 | I21: 4 | J21: 4
A22: Чаинский | B22: 15 | C22: =E22+G22+I22+K22+M22+O22+Q22+S22+U22+W22 -> 32 | D22: =F22+H22+J22+L22+N22+P22+R22+T22+V22+X22 -> 30 | E22: 14 | F22: 12 | G22: 16 | H22: 16 | I22: 2 | J22: 2
A23: Шегарский | B23: 16 | C23: =E23+G23+I23+K23+M23+O23+Q23+S23+U23+W23 -> 29 | D23: =F23+H23+J23+L23+N23+P23+R23+T23+V23+X23 -> 29 | E23: 12 | F23: 12 | G23: 16 | H23: 16 | K23: 1 | L23: 1
A24: г.Кедровый | B24: 17 | C24: =E24+G24+I24+K24+M24+O24+Q24+S24+U24+W24 -> 5 | D24: =F24+H24+J24+L24+N24+P24+R24+T24+V24+X24 -> 5 | E24: 2 | F24: 2 | G24: 2 | H24: 2 | I24: 1 | J24: 1
A25: г.Стрежевой | B25: 18 | C25: =E25+G25+I25+1+M25+O25+Q25+S25+U25+W25 -> 5 | D25: =F25+H25+J25+1+N25+P25+R25+T25+V25+X25 -> 6 | E25: 1 | F25: 1 | G25: 2 | H25: 3 | I25: 1 | J25: 1 | K25: 1стр.подр. | L25: 1
A26: г.Томск | B26: 19 | C26: =E26+G26+I26+K26+M26+O26+Q26+S26+U26+W26 -> 40 | D26: =F26+H26+J26+L26+N26+P26+R26+T26+V26+X26 -> 40 | E26: 5 | F26: 5 | G26: 26 | H26: 26 | I26: 8 | J26: 8 | K26: 1 | L26: 1
A27: ЗАТО Северск | B27: 20 | C27: =E27+G27+I27+K27+M27+O27+Q27+S27+U27+W27 -> 17 | D27: =F27+H27+J27+L27+N27+P27+R27+T27+V27+X27 -> 17 | E27: 2 | F27: 2 | G27: 8 | H27: 8 | I27: 3 | J27: 3 | K27: 1 | L27: 1 | M27: 2 | N27: 2 | S27: 1 | T27: 1
A28: Итого МУ: | B28: 21 | C28: =SUM(C8:C27) -> 624 | D28: =SUM(D8:D27) -> 623 | E28: =SUM(E8:E27) -> 269 | F28: =SUM(F8:F27) -> 267 | G28: =SUM(G8:G27) -> 317 | H28: =SUM(H8:H27) -> 318 | I28: =SUM(I8:I27) -> 24 | J28: =SUM(J8:J27) -> 24 | K28: 10/1/1 | L28: 10/1 | M28: =SUM(M8:M27) -> 2 | N28: =SUM(N8:N27) -> 2 | O28: =SUM(O8:O27) -> 0 | P28: =SUM(P8:P27) -> 0 | Q28: =SUM(Q8:Q27) -> 0 | R28: =SUM(R8:R27) -> 0 | S28: =SUM(S8:S27) -> 1 | T28: =SUM(T8:T27) -> 1 | ... X28: =SUM(X8:X27) -> 0
A29: Областные учреждения | B29: 22 | C29: =E29+G29+I29+8+M29+O29+Q29+S29+U29+W29 -> 30 | D29: =F29+H29+J29+8+N29+P29+R29+T29+V29+X29 -> 30 | E29: 4 | F29: 4 | G29: 2 | H29: 2 | I29: 6 | J29: 6 | K29: 8/6 | L29: 8/6 | M29: 4 | N29: 4 | O29: 2 | P29: 2 | Q29: 1 | R29: 1 | U29: 2 | V29: 2 | W29: 1 | X29: 1
A30: ВСЕГО: | B30: 23 | C30: =C28+C29 -> 654 | D30: =D28+D29 -> 653 | E30: =E28+E29 -> 273 | F30: =F28+F29 -> 271 | G30: =G28+G29 -> 319 | H30: =H28+H29 -> 320 | I30: =I28+I29 -> 30 | J30: =J28+J29 -> 30 | K30: 18/7/1 | L30: 18/7 | M30: =M28+M29 -> 6 | N30: =N28+N29 -> 6 | O30: =O28+O29 -> 2 | P30: =P28+P29 -> 2 | Q30: =Q28+Q29 -> 1 | R30: =R28+R29 -> 1 | S30: =S28+S29 -> 1 | T30: =T28+T29 -> 1 | ... X30: =X28+X29 -> 1
A31: Кроме того:
A32: Сторонние учреждения культуры | C32: =E32+G32+I32+K32+M32+O32+Q32+S32+U32+W32 -> 5 | D32: =F32+H32+J32+L32+N32+P32+R32+T32+V32+X32 -> 5 | E32: 2 | F32: 2 | K32: 1 | L32: 1 | M32: 2 | N32: 2
D34: =D30+D32 -> 658
A36: ВСЕГО: | C36: =C30+C35 -> 654 | D36: =D30+D35 -> 653
C37: =C36-'[1]УК гг '!F17 -> -1 | D37: =D36-'[1]УК гг '!G17 -> -5

Sheet биб-ки
A1: Общие сведения по библиотекам | AL1: Электронные ресурсы библиотек | BM1: Среднее количество населения на одну библиотеку в муниципальных образованиях (тыс.чел.) | CF1: Движение библиотечного фонда | DI1: Работа с пользователями | FA1: Персонал библиотек | FY1: Поступление и использование финансовых средств библиотек за 2024 г.
A3: N п/п | B3: Наименование | C3: Код стр. | D3: Общее число библиотек и библиотек-филиалов на конец отч. года, всего (сет. ед.) | J3: из общего числа библиотек имеют помещения | T3: Число детских библиотек, сет. ед. | V3: из общего числа библиотек имеют | AH3: Число пунктов вне стационарного обслуживания пользователей б-ки, ед. | AL3: N п/п | AM3: Наименование | AN3: Код стр. | AO3: Из общего числа библиотек | BF3: Объем электронного каталога на конец отчетного года, тыс. ед. | BM3: N п/п | BN3: Наименование районов и городов | BO3: Код стр. | BP3: Численность постоянного населения на 1 января соотв. года | BV3: Среднее число жителей на одну библиотеку | CF3: N п/п | CG3: Наименование | CH3: Код стр. | CI3: Библиотечный фонд (состоит документов на конец отчетного года), тыс.экз. | CR3: Поступило документов за отчетный год, тыс.экз. | DA3: Поступило документов за год в среднем на 1000 жителей, ед. | DD3: Обеспеченность жителей фондами библиотек (на 1 жителя), экз. | DG3: Место среди районов | DI3: N п/п | DJ3: Наименование | DK3: Код стр. | DL3: Число зарегистрированных пользователей библиотеки - всего, тыс. чел. | DO3: из них пользователей, обслуженных в стационарных условиях | DR3: % охвата населения библиотечным обслуживанием | DU3: Место среди районов | DV3: Число посещений библиотеки - всего, тыс.ед | DY3: в том числе в стационарных условиях - всего | EB3: Число обращений к библиотеке удаленных пользователей - всего, тыс. ед. | EE3: Обеспеченность пользователей фондами библиотек, экз. | EH3: Число библиотечных мероприятий, ед. | EK3: Выдано (просмотрено) документов из фондов данной библиотеки - ВСЕГО (в стационарном, во внестационарном и удаленном режиме), тыс.ед. | EN3: Читаемость | EQ3: Обращаемость | ET3: Выполнено справок и консультаций - ВСЕГО (в стационарном, во внестационарном и удаленном режиме), тыс.ед. | EW3: Выдано (просмотрено) документов из фондов других библиотек - ВСЕГО (в стационарном, во внестационарном и удаленном режиме), тыс.ед. | FA3: N п/п | FB3: Наименование | FC3: Код стр. | FD3: Численность работников - всего, чел. | FG3: из общей численности работников - основной персонал | FJ3: из численности работников, относящихся к основному персоналу, имеют образование | FP3: % работников осн. перс. с высш. и ср.професс. образованием 2024 г. | FQ3: Место среди районов | FR3: Нагрузка на одного библиотечного работника | FY3: N п/п | FZ3: Наименование | GA3: Код стр. | GB3: Поступило за год - всего, тыс. руб. | GC3: В сред-нем на 1 библиотеку, тыс. руб. | GD3: Место среди районов | GE3: из общей суммы поступлений | GK3: Израсходовано за год - всего, тыс. руб. | GL3: из них расходы на: | GS3: Количество финансовых средств
J4: в оперативном управлении | L4: из них | R4: % библиотек, работающих в помещениях, находящихся в неудовлетв. состоянии | V4: пункты вне стационарного обслуживания пользователей библиотеки | Y4: посадочные места для пользователей | AO4: имеют доступ в Интернет | AR4: из них имеют доступ посетители | AU4: % библиотек, имеющих доступ в Интернет | AW4: имеют собственный Интернет-сайт или Интернет-страницу | AZ4: создают, приобретают электронные каталогии | BC4: из них доступных в Интернете | GE4: бюджетные ассигнования учредителя | GF4: финансирование из бюджетов других уровней | GG4: поступл. от оказания услуг (выполнения работ) на платной основе и от иной приносящей доход деят-сти, всего | GH4: из них | GJ4: % бюджетного финансирования | GL4: оплату труда | GM4: кап. ремонт и реконструкцию | GN4: приобретение (замену) оборудования | GO4: из них для улучш. условий доступности для инвалидов и лиц с ОВЗ | GP4: комплектование фонда | GQ4: организацию и провед. мероприятий | GR4: информатизацию библ-ной деят-сти
L5: требуют капитального ремонта | O5: аварийные | Y5: всего | AB5: из них компьютеризированные (из гр.23 и гр.24 соотв-но) | AE5: из них с возможностью выхода в Интернет (из гр.26 и гр.27 соотв-но) | BF5: общее число записей | BI5: из них число записей, доступных в Интернете | BP5: 2023 | BS5: 2024 | BV5: 2023 | BY5: 2024 | CB5: Отклонения к 2023 г. | CI5: Всего | CL5: Город | CO5: Село | CR5: Всего | CU5: Город | CX5: Село | FJ5: высшее | FM5: среднее профессиональное | FR5: Число пользователей, чел. | FU5: Выдача фонда, тыс.экз. | GH5: благотворительные и спонсорские вклады | GI5: от сдачи имущества в аренду | GS5: на 1 жителя, руб. | GT5: Место среди районов | GU5: на 1 читателя, руб. | GV5: Место среди районов
D6: 2023 | G6: 2024
D8: Всего | E8: Город | F8: Село | G8: Всего | H8: Город | I8: Село | J8: 2023 | K8: 2024 | L8: 2023 | M8: 2024 | N8: отк. | O8: 2023 | P8: 2024 | Q8: отк. | R8: 2023 | S8: 2024 | T8: 2023 | U8: 2024 | V8: 2023 | W8: 2024 | X8: отк. | Y8: 2023 | Z8: 2024 | AA8: отк. | AB8: 2023 | AC8: 2024 | AD8: отк. | AE8: 2023 | AF8: 2024 | AG8: отк. | AH8: 2023 | AI8: 2024 | AJ8: отк. | AO8: 2023 | AP8: 2024 | AQ8: отк. | AR8: 2023 | AS8: 2024 | AT8: отк. | AU8: 2023 | AV8: 2024 | AW8: 2023 | AX8: 2024 | AY8: отк. | AZ8: 2023 | BA8: 2024 | BB8: отк. | BC8: 2023 | BD8: 2024 | BE8: отк. | BF8: 2023 | BG8: 2024 | BH8: отк. | BI8: 2023 | BJ8: 2024 | BK8: отк. | BP8: Всего | BQ8: Город | BR8: Село | BS8: Всего | BT8: Город | BU8: Село | BV8: Всего | BW8: Город | BX8: Село | BY8: Всего | BZ8: Город | CA8: Село | CB8: Всего | CC8: Город | CD8: Село | CI8: 2023 | CJ8: 2024 | CK8: отк. | CL8: 2023 | CM8: 2024 | CN8: отк. | CO8: 2023 | CP8: 2024 | CQ8: отк. | CR8: 2023 | CS8: 2024 | CT8: отк. | CU8: 2023 | CV8: 2024 | CW8: отк. | CX8: 2023 | CY8: 2024 | CZ8: отк. | DA8: 2023 | DB8: 2024 | DC8: отк. | DD8: 2023 | DE8: 2024 | DF8: отк. | DL8: 2023 | DM8: 2024 | DN8: отк. | DO8: 2023 | DP8: 2024 | DQ8: отк. | DR8: 2023 | DS8: 2024 | DT8: отк. | DV8: 2023 | DW8: 2024 | DX8: отк. | DY8: 2023 | DZ8: 2024 | EA8: отк. | EB8: 2023 | EC8: 2024 | ED8: отк. | EE8: 2023 | EF8: 2024 | EG8: отк. | EH8: 2023 | EI8: 2024 | EJ8: отк. | EK8: 2023 | EL8: 2024 | EM8: отк. | EN8: 2023 | EO8: 2024 | EP8: отк. | EQ8: 2023 | ER8: 2024 | ES8: отк. | ET8: 2023 | EU8: 2024 | EV8: отк. | EW8: 2023 | EX8: 2024 | EY8: отк. | FD8: 2023 | FE8: 2024 | FF8: отк. | FG8: 2023 | FH8: 2024 | FI8: отк. | FJ8: 2023 | FK8: 2024 | FL8: отк. | FM8: 2023 | FN8: 2024 | FO8: отк. | FR8: 2023 | FS8: 2024 | FT8: отк. | FU8: 2023 | FV8: 2024 | FW8: отк.
C9: 1 | D9: 2 | E9: 3 | F9: 4 | G9: 5 | H9: 6 | I9: 7 | J9: 8 | K9: 9 | L9: 10 | M9: 11 | N9: 12 | O9: 13 | P9: 14 | Q9: 15 | R9: 16 | S9: 17 | T9: 18 | U9: 19 | V9: 20 | W9: 21 | X9: 22 | Y9: 23 | Z9: 24 | AA9: 25 | AB9: 26 | AC9: 27 | AD9: 28 | AE9: 29 | AF9: 30 | AG9: 31 | AH9: 32 | AI9: 33 | AJ9: 34 | AN9: 1 | AO9: 2 | AP9: 3 | AQ9: 4 | AR9: 5 | AS9: 6 | AT9: 7 | AU9: 8 | AV9: 9 | AW9: 10 | AX9: 11 | AY9: 12 | AZ9: 13 | BA9: 14 | BB9: 15 | BC9: 16 | BD9: 17 | BE9: 18 | BF9: 19 | BG9: 20 | BH9: 21 | BI9: 22 | BJ9: 23 | BK9: 24 | BO9: 1 | BP9: 2 | BQ9: 3 | BR9: 4 | BS9: 5 | BT9: 6 | BU9: 7 | BV9: 8 | BW9: 9 | BX9: 10 | BY9: 11 | BZ9: 12 | CA9: 13 | CB9: 14 | CC9: 15 | CD9: 16 | CH9: 1 | CI9: 2 | CJ9: 3 | CK9: 4 | CL9: 5 | CM9: 6 | CN9: 7 | CO9: 8 | CP9: 9 | CQ9: 10 | CR9: 11 | CS9: 12 | CT9: 13 | CU9: 14 | CV9: 15 | CW9: 16 | CX9: 17 | CY9: 18 | CZ9: 19 | DA9: 20 | DB9: 21 | DC9: 22 | DD9: 23 | DE9: 24 | DF9: 25 | DG9: 26 | DK9: 1 | DL9: 2 | DM9: 3 | DN9: 4 | DO9: 5 | DP9: 6 | DQ9: 7 | DR9: 8 | DS9: 9 | DT9: 10 | DU9: 11 | DV9: 12 | DW9: 13 | DX9: 14 | DY9: 15 | DZ9: 16 | EA9: 17 | EB9: 18 | EC9: 19 | ED9: 20 | EE9: 21 | EF9: 22 | EG9: 23 | EH9: 24 | EI9: 25 | EJ9: 26 | EK9: 27 | EL9: 28 | EM9: 29 | EN9: 30 | EO9: 31 | EP9: 32 | EQ9: 33 | ER9: 34 | ES9: 35 | ET9: 36 | EU9: 37 | EV9: 38 | EW9: 39 | EX9: 40 | EY9: 41 | FC9: 1 | FD9: 2 | FE9: 3 | FF9: 4 | FG9: 5 | FH9: 6 | FI9: 7 | FJ9: 8 | FK9: 9 | FL9: 10 | FM9: 11 | FN9: 12 | FO9: 13 | FP9: 14 | FQ9: 15 | FR9: 16 | FS9: 17 | FT9: 18 | FU9: 19 | FV9: 20 | FW9: 21 | GA9: 1 | GB9: 2 | GC9: 3 | GD9: 4 | GE9: 5 | GF9: 6 | GG9: 7 | GH9: 8 | GI9: 9 | GJ9: 10 | GK9: 11 | GL9: 12 | GM9: 13 | GN9: 14 | GO9: 15 | GP9: 16 | GQ9: 17 | GR9: 18 | GS9: 19 | GT9: 20 | GU9: 21 | GV9: 22
A10: 1 | B10: Александровский | C10: 01 | D10: =E10+F10 -> 8 | F10: 8 | G10: =H10+I10 -> 8 | I10: 8 | J10: 8 | K10: 8 | N10: =M10-L10 -> 0 | Q10: =P10-O10 -> 0 | R10: =ROUND((L10+O10)/D10*100,1) -> 0 | S10: =ROUND((M10+P10)/G10*100,1) -> 0 | T10: 1 | U10: 1 | X10: =W10-V10 -> 0 | Y10: 7 | Z10: 7 | AA10: =Z10-Y10 -> 0 | AB10: 3 | AC10: 3 | AD10: =AC10-AB10 -> 0 | AE10: 1 | AF10: 1 | AG10: =AF10-AE10 -> 0 | AJ10: =AI10-AH10 -> 0 | AL10: 1 | AM10: Александровский | AN10: 01 | AO10: 2 | AP10: 2 | AQ10: =AP10-AO10 -> 0 | AR10: 2 | AS10: 2 | AT10: =AS10-AR10 -> 0 | AU10: =ROUND(AO10/D10*100,1) -> 25 | AV10: =ROUND(AP10/G10*100,1) -> 25 | AW10: 2 | AX10: 2 | AY10: =AX10-AW10 -> 0 | AZ10: 2 | BA10: 2 | BB10: =BA10-AZ10 -> 0 | BC10: 2 | BD10: 2 | BE10: =BD10-BC10 -> 0 | BF10: 21.075 | BG10: 23.571 | BH10: =BG10-BF10 -> 2.496 | BI10: 21.075 | BJ10: 23.571 | BK10: =BJ10-BI10 -> 2.496 | BM10: 1 | BN10: Александровский | BO10: 01 | BP10: =BQ10+BR10 -> 7.4 | BR10: 7.4 | BS10: =BT10+BU10 -> 7.2 | BU10: 7.2 | BV10: =ROUND(BP10/D10,2) -> 0.93 | BX10: =ROUND(BR10/F10,2) -> 0.93 | BY10: =ROUND(BS10/G10,2) -> 0.9 | CA10: =ROUND(BU10/I10,2) -> 0.9 | CB10: =BY10-BV10 -> -0.03 | CC10: =BZ10-BW10 -> 0 | CD10: =CA10-BX10 -> -0.03 | CF10: 1 | CG10: Александровский | CH10: 01 | CI10: =CL10+CO10 -> 68.563 | CJ10: =CM10+CP10 -> 68.302 | CK10: =CJ10-CI10 -> -0.261 | CN10: =CM10-CL10 -> 0 | CO10: 68.563 | CP10: 68.302 | CQ10: =CP10-CO10 -> -0.261 | CR10: =CU10+CX10 -> 2.606 | CS10: =CV10+CY10 -> 2.237 | CT10: =CS10-CR10 -> -0.369 | CW10: =CV10-CU10 -> 0 | CX10: 2.606 | CY10: 2.237 | CZ10: =CY10-CX10 -> -0.369 | DA10: =ROUND(CR10*1000/BP10,0) -> 352 | DB10: =ROUND(CS10*1000/BS10,0) -> 311 | DC10: =DB10-DA10 -> -41 | DD10: =ROUND(CI10/BP10,1) -> 9.3 | DE10: =ROUND(CJ10/BS10,1) -> 9.5 | DF10: =DE10-DD10 -> 0.2 | DG10: 9 | DI10: 1 | DJ10: Александровский | DK10: 01 | DL10: 2.353 | DM10: 2.158 | DN10: =DM10-DL10 -> -0.195 | DO10: 2.344 | DP10: 2.153 | DQ10: =DP10-DO10 -> -0.191 | DR10: =ROUND(DL10/BP10*100,1) -> 31.8 | DS10: =ROUND(DM10/BS10*100,1) -> 30 | DT10: =DS10-DR10 -> -1.8 | DU10: 17 | DV10: 42.163 | DW10: 48.539 | DX10: =DW10-DV10 -> 6.376 | DY10: 41.081 | DZ10: 48.44 | EA10: =DZ10-DY10 -> 7.359 | EB10: 2.559 | EC10: 3.961 | ED10: =EC10-EB10 -> 1.402 | EE10: =ROUND(CI10/DL10,1) -> 29.1 | EF10: =ROUND(CJ10/DM10,1) -> 31.7 | EG10: =EF10-EE10 -> 2.6 | EH10: 377 | EI10: 386 | EJ10: =EI10-EH10 -> 9 | EK10: 103.819 | EL10: 95.595 | EM10: =EL10-EK10 -> -8.224 | EN10: =ROUND(EK10/DL10,1) -> 44.1 | EO10: =ROUND(EL10/DM10,1) -> 44.3 | EP10: =EO10-EN10 -> 0.2 | EQ10: =ROUND(EK10/CI10,1) -> 1.5 | ER10: =ROUND(EL10/CJ10,1) -> 1.4 | ES10: =ER10-EQ10 -> -0.1 | ET10: 1.268 | EU10: 1.277 | EV10: =EU10-ET10 -> 0.009 | EW10: 0.006 | EY10: =EX10-EW10 -> -0.006 | FA10: 1 | FB10: Александровский | FC10: 01 | FD10: 18 | FE10: 18 | FF10: =FE10-FD10 -> 0 | FG10: 11 | FH10: 10 | FI10: =FH10-FG10 -> -1 | FJ10: 4 | FK10: 3 | FL10: =FK10-FJ10 -> -1 | FM10: 5 | FN10: 6 | FO10: =FN10-FM10 -> 1 | FP10: =ROUND((FK10+FN10)/FH10*100,1) -> 90 | FQ10: 8 | FR10: =ROUND(DL10*1000/FG10,0) -> 214 | FS10: =ROUND(DM10*1000/FH10,0) -> 216 | FT10: =FS10-FR10 -> 2 | FU10: =ROUND(EK10/FG10,1) -> 9.4 | FV10: =ROUND(EL10/FH10,1) -> 9.6 | FW10: =FV10-FU10 -> 0.2 | FY10: 1 | FZ10: Александровский | GA10: 01 | GB10: =GE10+GF10+GG10 -> 20427.8 | GC10: =ROUND(GB10/G10,0) -> 2553 | GD10: 10 | GE10: 9352.1 | GF10: 11075.7 | GJ10: =ROUND((GE10+GF10)/GB10*100,1) -> 100 | GK10: 20194.4 | GL10: 18125.7 | GN10: 417.7 | GP10: 243.5 | GQ10: 30.1 | GS10: =ROUND(GB10/BS10,0) -> 2837 | GT10: 6 | GU10: =ROUND(GB10/DM10,0) -> 9466 | GV10: 2
A11: 2 | B11: Асиновский | C11: 02 | D11: =E11+F11 -> 20 | E11: 6 | F11: 14 | G11: =H11+I11 -> 20 | H11: 6 | I11: 14 | J11: 20 | K11: 20 | N11: =M11-L11 -> 0 | Q11: =P11-O11 -> 0 | R11: =ROUND((L11+O11)/D11*100,1) -> 0 | S11: =ROUND((M11+P11)/G11*100,1) -> 0 | T11: 1 | U11: 1 | V11: 3 | W11: 3 | X11: =W11-V11 -> 0 | Y11: 20 | Z11: 20 | AA11: =Z11-Y11 -> 0 | AB11: 18 | AC11: 18 | AD11: =AC11-AB11 -> 0 | AE11: 18 | AF11: 18 | AG11: =AF11-AE11 -> 0 | AH11: 3 | AI11: 3 | AJ11: =AI11-AH11 -> 0 | AL11: 2 | AM11: Асиновский | AN11: 02 | AO11: 18 | AP11: 18 | AQ11: =AP11-AO11 -> 0 | AR11: 18 | AS11: 18 | AT11: =AS11-AR11 -> 0 | AU11: =ROUND(AO11/D11*100,1) -> 90 | AV11: =ROUND(AP11/G11*100,1) -> 90 | AW11: 18 | AX11: 18 | AY11: =AX11-AW11 -> 0 | AZ11: 1 | BA11: 1 | BB11: =BA11-AZ11 -> 0 | BC11: 1 | BD11: 1 | BE11: =BD11-BC11 -> 0 | BF11: 102.496 | BG11: 107.528 | BH11: =BG11-BF11 -> 5.032 | BI11: 102.496 | BJ11: 107.528 | BK11: =BJ11-BI11 -> 5.032 | BM11: 2 | BN11: Асиновский | BO11: 02 | BP11: =BQ11+BR11 -> 33.5 | BQ11: 24.7 | BR11: 8.8 | BS11: =BT11+BU11 -> 33.4 | BT11: 24.7 | BU11: 8.7 | BV11: =ROUND(BP11/D11,2) -> 1.68 | BW11: =ROUND(BQ11/E11,2) -> 4.12 | BX11: =ROUND(BR11/F11,2) -> 0.63 | BY11: =ROUND(BS11/G11,2) -> 1.67 | BZ11: =ROUND(BT11/H11,2) -> 4.12 | CA11: =ROUND(BU11/I11,2) -> 0.62 | CB11: =BY11-BV11 -> -0.01 | CC11: =BZ11-BW11 -> 0 | CD11: =CA11-BX11 -> -0.01 | CF11: 2 | CG11: Асиновский | CH11: 02 | CI11: =CL11+CO11 -> 211.056 | CJ11: =CM11+CP11 -> 212.947 | CK11: =CJ11-CI11 -> 1.891 | CL11: 88.799 | CM11: 91.152 | CN11: =CM11-CL11 -> 2.353 | CO11: 122.257 | CP11: 121.795 | CQ11: =CP11-CO11 -> -0.462 | CR11: =CU11+CX11 -> 3.346 | CS11: =CV11+CY11 -> 8.959 | CT11: =CS11-CR11 -> 5.613 | CU11: 1.839 | CV11: 7.397 | CW11: =CV11-CU11 -> 5.558 | CX11: 1.507 | CY11: 1.562 | CZ11: =CY11-CX11 -> 0.055 | DA11: =ROUND(CR11*1000/BP11,0) -> 100 | DB11: =ROUND(CS11*1000/BS11,0) -> 268 | DC11: =DB11-DA11 -> 168 | DD11: =ROUND(CI11/BP11,1) -> 6.3 | DE11: =ROUND(CJ11/BS11,1) -> 6.4 | DF11: =DE11-DD11 -> 0.1 | DG11: 15 | DI11: 2 | DJ11: Асиновский | DK11: 02 | DL11: 20.006 | DM11: 20.012 | DN11: =DM11-DL11 -> 0.006 | DO11: 19.587 | DP11: 19.47 | DQ11: =DP11-DO11 -> -0.117 | DR11: =ROUND(DL11/BP11*100,1) -> 59.7 | DS11: =ROUND(DM11/BS11*100,1) -> 59.9 | DT11: =DS11-DR11 -> 0.2 | DU11: 4 | DV11: 239.367 | DW11: 259.769 | DX11: =DW11-DV11 -> 20.402 | DY11: 217.613 | DZ11: 230.609 | EA11: =DZ11-DY11 -> 12.996 | EB11: 29.157 | EC11: 39.815 | ED11: =EC11-EB11 -> 10.658 | EE11: =ROUND(CI11/DL11,1) -> 10.5 | EF11: =ROUND(CJ11/DM11,1) -> 10.6 | EG11: =EF11-EE11 -> 0.1 | EH11: 3172 | EI11: 3355 | EJ11: =EI11-EH11 -> 183 | EK11: 517.395 | EL11: 526.271 | EM11: =EL11-EK11 -> 8.876 | EN11: =ROUND(EK11/DL11,1) -> 25.9 | EO11: =ROUND(EL11/DM11,1) -> 26.3 | EP11: =EO11-EN11 -> 0.4 | EQ11: =ROUND(EK11/CI11,1) -> 2.5 | ER11: =ROUND(EL11/CJ11,1) -> 2.5 | ES11: =ER11-EQ11 -> 0 | ET11: 28.047 | EU11: 28.053 | EV11: =EU11-ET11 -> 0.006 | EW11: 0.221 | EX11: 0.246 | EY11: =EX11-EW11 -> 0.025 | FA11: 2 | FB11: Асиновский | FC11: 02 | FD11: 57 | FE11: 57 | FF11: =FE11-FD11 -> 0 | FG11: 47 | FH11: 47 | FI11: =FH11-FG11 -> 0 | FJ11: 25 | FK11: 25 | FL11: =FK11-FJ11 -> 0 | FM11: 21 | FN11: 22 | FO11: =FN11-FM11 -> 1 | FP11: =ROUND((FK11+FN11)/FH11*100,1) -> 100 | FQ11: 1 | FR11: =ROUND(DL11*1000/FG11,0) -> 426 | FS11: =ROUND(DM11*1000/FH11,0) -> 426 | FT11: =FS11-FR11 -> 0 | FU11: =ROUND(EK11/FG11,1) -> 11 | FV11: =ROUND(EL11/FH11,1) -> 11.2 | FW11: =FV11-FU11 -> 0.2 | FY11: 2 | FZ11: Асиновский | GA11: 02 | GB11: =GE11+GF11+GG11 -> 47043.1 | GC11: =ROUND(GB11/G11,0) -> 2352 | GD11: 12 | GE11: 22429.7 | GF11: 24234.6 | GG11: 378.8 | GJ11: =ROUND((GE11+GF11)/GB11*100,1) -> 99.2 | GK11: 46846.2 | GL11: 39641.1 | GN11: 430.3 | GP11: 1595.3 | GQ11: 263.3 | GS11: =ROUND(GB11/BS11,0) -> 1408 | GT11: 15 | GU11: =ROUND(GB11/DM11,0) -> 2351 | GV11: 19
A12: 3 | B12: Бакчарский | C12: 03 | D12: =E12+F12 -> 13 | F12: 13 | G12: =H12+I12 -> 13 | I12: 13 | J12: 2 | K12: 2 | N12: =M12-L12 -> 0 | Q12: =P12-O12 -> 0 | R12: =ROUND((L12+O12)/D12*100,1) -> 0 | S12: =ROUND((M12+P12)/G12*100,1) -> 0 | T12: 1 | U12: 1 | V12: 13 | W12: 13 | X12: =W12-V12 -> 0 | Y12: 13 | Z12: 13 | AA12: =Z12-Y12 -> 0 | AB12: 10 | AC12: 10 | AD12: =AC12-AB12 -> 0 | AE12: 9 | AF12: 9 | AG12: =AF12-AE12 -> 0 | AH12: 23 | AI12: 23 | AJ12: =AI12-AH12 -> 0 | AL12: 3 | AM12: Бакчарский | AN12: 03 | AO12: 13 | AP12: 13 | AQ12: =AP12-AO12 -> 0 | AR12: 13 | AS12: 13 | AT12: =AS12-AR12 -> 0 | AU12: =ROUND(AO12/D12*100,1) -> 100 | AV12: =ROUND(AP12/G12*100,1) -> 100 | AW12: 1 | AX12: 1 | AY12: =AX12-AW12 -> 0 | AZ12: 1 | BA12: 1 | BB12: =BA12-AZ12 -> 0 | BC12: 1 | BD12: 1 | BE12: =BD12-BC12 -> 0 | BF12: 19.472 | BG12: 20.045 | BH12: =BG12-BF12 -> 0.573 | BI12: 19.472 | BJ12: 20.045 | BK12: =BJ12-BI12 -> 0.573 | BM12: 3 | BN12: Бакчарский | BO12: 03 | BP12: =BQ12+BR12 -> 11.2 | BR12: 11.2 | BS12: =BT12+BU12 -> 11.2 | BU12: 11.2 | BV12: =ROUND(BP12/D12,2) -> 0.86 | BX12: =ROUND(BR12/F12,2) -> 0.86 | BY12: =ROUND(BS12/G12,2) -> 0.86 | CA12: =ROUND(BU12/I12,2) -> 0.86 | CB12: =BY12-BV12 -> 0 | CC12: =BZ12-BW12 -> 0 | CD12: =CA12-BX12 -> 0 | CF12: 3 | CG12: Бакчарский | CH12: 03 | CI12: =CL12+CO12 -> 75.033 | CJ12: =CM12+CP12 -> 76.297 | CK12: =CJ12-CI12 -> 1.264 | CN12: =CM12-CL12 -> 0 | CO12: 75.033 | CP12: 76.297 | CQ12: =CP12-CO12 -> 1.264 | CR12: =CU12+CX12 -> 1.504 | CS12: =CV12+CY12 -> 1.264 | CT12: =CS12-CR12 -> -0.24 | CW12: =CV12-CU12 -> 0 | CX12: 1.504 | CY12: 1.264 | CZ12: =CY12-CX12 -> -0.24 | DA12: =ROUND(CR12*1000/BP12,0) -> 134 | DB12: =ROUND(CS12*1000/BS12,0) -> 113 | DC12: =DB12-DA12 -> -21 | DD12: =ROUND(CI12/BP12,1) -> 6.7 | DE12: =ROUND(CJ12/BS12,1) -> 6.8 | DF12: =DE12-DD12 -> 0.1 | DG12: 14 | DI12: 3 | DJ12: Бакчарский | DK12: 03 | DL12: 5.157 | DM12: 5.272 | DN12: =DM12-DL12 -> 0.115 | DO12: 4.71 | DP12: 4.971 | DQ12: =DP12-DO12 -> 0.261 | DR12: =ROUND(DL12/BP12*100,1) -> 46 | DS12: =ROUND(DM12/BS12*100,1) -> 47.1 | DT12: =DS12-DR12 -> 1.1 | DU12: 11 | DV12: 98.251 | DW12: 103.293 | DX12: =DW12-DV12 -> 5.042 | DY12: 88.716 | DZ12: 92.743 | EA12: =DZ12-DY12 -> 4.027 | EB12: 16.243 | EC12: 15.188 | ED12: =EC12-EB12 -> -1.055 | EE12: =ROUND(CI12/DL12,1) -> 14.5 | EF12: =ROUND(CJ12/DM12,1) -> 14.5 | EG12: =EF12-EE12 -> 0 | EH12: 2304 | EI12: 1987 | EJ12: =EI12-EH12 -> -317 | EK12: 127.356 | EL12: 130 | EM12: =EL12-EK12 -> 2.644 | EN12: =ROUND(EK12/DL12,1) -> 24.7 | EO12: =ROUND(EL12/DM12,1) -> 24.7 | EP12: =EO12-EN12 -> 0 | EQ12: =ROUND(EK12/CI12,1) -> 1.7 | ER12: =ROUND(EL12/CJ12,1) -> 1.7 | ES12: =ER12-EQ12 -> 0 | ET12: 4.22 | EU12: 2.143 | EV12: =EU12-ET12 -> -2.077 | EY12: =EX12-EW12 -> 0 | FA12: 3 | FB12: Бакчарский | FC12: 03 | FD12: 23 | FE12: 22 | FF12: =FE12-FD12 -> -1 | FG12: 20 | FH12: 19 | FI12: =FH12-FG12 -> -1 | FJ12: 15 | FK12: 14 | FL12: =FK12-FJ12 -> -1 | FM12: 4 | FN12: 4 | FO12: =FN12-FM12 -> 0 | FP12: =ROUND((FK12+FN12)/FH12*100,1) -> 94.7 | FQ12: 6 | FR12: =ROUND(DL12*1000/FG12,0) -> 258 | FS12: =ROUND(DM12*1000/FH12,0) -> 277 | FT12: =FS12-FR12 -> 19 | FU12: =ROUND(EK12/FG12,1) -> 6.4 | FV12: =ROUND(EL12/FH12,1) -> 6.8 | FW12: =FV12-FU12 -> 0.4 | FY12: 3 | FZ12: Бакчарский | GA12: 03 | GB12: =GE12+GF12+GG12 -> 23123.4 | GC12: =ROUND(GB12/G12,0) -> 1779 | GD12: 16 | GE12: 22807.2 | GF12: 70 | GG12: 246.2 | GJ12: =ROUND((GE12+GF12)/GB12*100,1) -> 98.9 | GK12: 23123.4 | GL12: 20039.8 | GN12: 421.1 | GO12: 24.3 | GP12: 372.4 | GQ12: 212.4 | GR12: 80 | GS12: =ROUND(GB12/BS12,0) -> 2065 | GT12: 9 | GU12: =ROUND(GB12/DM12,0) -> 4386 | GV12: 10
A13: 4 | B13: Верхнекетский | C13: 04 | D13: =E13+F13 -> 12 | E13: 2 | F13: 10 | G13: =H13+I13 -> 12 | H13: 2 | I13: 10 | J13: 12 | K13: 12 | L13: 1 | M13: 1 | N13: =M13-L13 -> 0 | Q13: =P13-O13 -> 0 | R13: =ROUND((L13+O13)/D13*100,1) -> 8.3 | S13: =ROUND((M13+P13)/G13*100,1) -> 8.3 | T13: 1 | U13: 1 | V13: 7 | W13: 7 | X13: =W13-V13 -> 0 | Y13: 12 | Z13: 12 | AA13: =Z13-Y13 -> 0 | AB13: 6 | AC13: 6 | AD13: =AC13-AB13 -> 0 | AE13: 6 | AF13: 6 | AG13: =AF13-AE13 -> 0 | AH13: 28 | AI13: 31 | AJ13: =AI13-AH13 -> 3 | AL13: 4 | AM13: Верхнекетский | AN13: 04 | AO13: 11 | AP13: 11 | AQ13: =AP13-AO13 -> 0 | AR13: 6 | AS13: 6 | AT13: =AS13-AR13 -> 0 | AU13: =ROUND(AO13/D13*100,1) -> 91.7 | AV13: =ROUND(AP13/G13*100,1) -> 91.7 | AW13: 1 | AX13: 1 | AY13: =AX13-AW13 -> 0 | AZ13: 1 | BA13: 1 | BB13: =BA13-AZ13 -> 0 | BD13: 1 | BE13: =BD13-BC13 -> 1 | BF13: 43.413 | BG13: 45.966 | BH13: =BG13-BF13 -> 2.553 | BJ13: 45.966 | BK13: =BJ13-BI13 -> 45.966 | BM13: 4 | BN13: Верхнекетский | BO13: 04 | BP13: =BQ13+BR13 -> 14.6 | BQ13: 7.8 | BR13: 6.8 | BS13: =BT13+BU13 -> 14.4 | BT13: 7.7 | BU13: 6.7 | BV13: =ROUND(BP13/D13,2) -> 1.22 | BW13: =ROUND(BQ13/E13,2) -> 3.9 | BX13: =ROUND(BR13/F13,2) -> 0.68 | BY13: =ROUND(BS13/G13,2) -> 1.2 | BZ13: =ROUND(BT13/H13,2) -> 3.85 | CA13: =ROUND(BU13/I13,2) -> 0.67 | CB13: =BY13-BV13 -> -0.02 | CC13: =BZ13-BW13 -> -0.05 | CD13: =CA13-BX13 -> -0.01 | CF13: 4 | CG13: Верхнекетский | CH13: 04 | CI13: =CL13+CO13 -> 104.484 | CJ13: =CM13+CP13 -> 102.508 | CK13: =CJ13-CI13 -> -1.976 | CL13: 41.141 | CM13: 40.243 | CN13: =CM13-CL13 -> -0.898 | CO13: 63.343 | CP13: 62.265 | CQ13: =CP13-CO13 -> -1.078 | CR13: =CU13+CX13 -> 3.687 | CS13: =CV13+CY13 -> 3.401 | CT13: =CS13-CR13 -> -0.286 | CU13: 1.381 | CV13: 1.103 | CW13: =CV13-CU13 -> -0.278 | CX13: 2.306 | CY13: 2.298 | CZ13: =CY13-CX13 -> -0.008 | DA13: =ROUND(CR13*1000/BP13,0) -> 253 | DB13: =ROUND(CS13*1000/BS13,0) -> 236 | DC13: =DB13-DA13 -> -17 | DD13: =ROUND(CI13/BP13,1) -> 7.2 | DE13: =ROUND(CJ13/BS13,1) -> 7.1 | DF13: =DE13-DD13 -> -0.1 | DG13: 13 | DI13: 4 | DJ13: Верхнекетский | DK13: 04 | DL13: 6.828 | DM13: 6.793 | DN13: =DM13-DL13 -> -0.035 | DO13: 6.216 | DP13: 6.178 | DQ13: =DP13-DO13 -> -0.038 | DR13: =ROUND(DL13/BP13*100,1) -> 46.8 | DS13: =ROUND(DM13/BS13*100,1) -> 47.2 | DT13: =DS13-DR13 -> 0.4 | DU13: 10 | DV13: 151.37 | DW13: 155.219 | DX13: =DW13-DV13 -> 3.849 | DY13: 135.236 | DZ13: 138.359 | EA13: =DZ13-DY13 -> 3.123 | EB13: 56.811 | EC13: 96.958 | ED13: =EC13-EB13 -> 40.147 | EE13: =ROUND(CI13/DL13,1) -> 15.3 | EF13: =ROUND(CJ13/DM13,1) -> 15.1 | EG13: =EF13-EE13 -> -0.2 | EH13: 1846 | EI13: 1861 | EJ13: =EI13-EH13 -> 15 | EK13: 222.318 | EL13: 218.885 | EM13: =EL13-EK13 -> -3.433 | EN13: =ROUND(EK13/DL13,1) -> 32.6 | EO13: =ROUND(EL13/DM13,1) -> 32.2 | EP13: =EO13-EN13 -> -0.4 | EQ13: =ROUND(EK13/CI13,1) -> 2.1 | ER13: =ROUND(EL13/CJ13,1) -> 2.1 | ES13: =ER13-EQ13 -> 0 | ET13: 1.548 | EU13: 1.742 | EV13: =EU13-ET13 -> 0.194 | EY13: =EX13-EW13 -> 0 | FA13: 4 | FB13: Верхнекетский | FC13: 04 | FD13: 33 | FE13: 32 | FF13: =FE13-FD13 -> -1 | FG13: 24 | FH13: 24 | FI13: =FH13-FG13 -> 0 | FJ13: 9 | FK13: 9 | FL13: =FK13-FJ13 -> 0 | FM13: 15 | FN13: 15 | FO13: =FN13-FM13 -> 0 | FP13: =ROUND((FK13+FN13)/FH13*100,1) -> 100 | FQ13: 1 | FR13: =ROUND(DL13*1000/FG13,0) -> 285 | FS13: =ROUND(DM13*1000/FH13,0) -> 283 | FT13: =FS13-FR13 -> -2 | FU13: =ROUND(EK13/FG13,1) -> 9.3 | FV13: =ROUND(EL13/FH13,1) -> 9.1 | FW13: =FV13-FU13 -> -0.2 | FY13: 4 | FZ13: Верхнекетский | GA13: 04 | GB13: =GE13+GF13+GG13 -> 35941.8 | GC13: =ROUND(GB13/G13,0) -> 2995 | GD13: 7 | GE13: 35622.7 | GG13: 319.1 | GJ13: =ROUND((GE13+GF13)/GB13*100,1) -> 99.1 | GK13: 35941 | GL13: 29356.6 | GN13: 2260 | GP13: 816.1 | GQ13: 73.6 | GS13: =ROUND(GB13/BS13,0) -> 2496 | GT13: 8 | GU13: =ROUND(GB13/DM13,0) -> 5291 | GV13: 7
A14: 5 | B14: Зырянский | C14: 05 | D14: =E14+F14 -> 18 | F14: 18 | G14: =H14+I14 -> 18 | I14: 18 | J14: 18 | K14: 18 | N14: =M14-L14 -> 0 | Q14: =P14-O14 -> 0 | R14: =ROUND((L14+O14)/D14*100,1) -> 0 | S14: =ROUND((M14+P14)/G14*100,1) -> 0 | X14: =W14-V14 -> 0 | Y14: 18 | Z14: 18 | AA14: =Z14-Y14 -> 0 | AB14: 16 | AC14: 16 | AD14: =AC14-AB14 -> 0 | AE14: 16 | AF14: 16 | AG14: =AF14-AE14 -> 0 | AJ14: =AI14-AH14 -> 0 | AL14: 5 | AM14: Зырянский | AN14: 05 | AO14: 16 | AP14: 16 | AQ14: =AP14-AO14 -> 0 | AR14: 16 | AS14: 16 | AT14: =AS14-AR14 -> 0 | AU14: =ROUND(AO14/D14*100,1) -> 88.9 | AV14: =ROUND(AP14/G14*100,1) -> 88.9 | AW14: 3 | AX14: 2 | AY14: =AX14-AW14 -> -1 | AZ14: 1 | BA14: 1 | BB14: =BA14-AZ14 -> 0 | BC14: 1 | BD14: 1 | BE14: =BD14-BC14 -> 0 | BF14: 19.061 | BG14: 23.081 | BH14: =BG14-BF14 -> 4.02 | BI14: 19.061 | BJ14: 23.081 | BK14: =BJ14-BI14 -> 4.02 | BM14: 5 | BN14: Зырянский | BO14: 05 | BP14: =BQ14+BR14 -> 11.1 | BR14: 11.1 | BS14: =BT14+BU14 -> 11.1 | BU14: 11.1 | BV14: =ROUND(BP14/D14,2) -> 0.62 | BX14: =ROUND(BR14/F14,2) -> 0.62 | BY14: =ROUND(BS14/G14,2) -> 0.62 | CA14: =ROUND(BU14/I14,2) -> 0.62 | CB14: =BY14-BV14 -> 0 | CC14: =BZ14-BW14 -> 0 | CD14: =CA14-BX14 -> 0 | CF14: 5 | CG14: Зырянский | CH14: 05 | CI14: =CL14+CO14 -> 164.386 | CJ14: =CM14+CP14 -> 162.306 | CK14: =CJ14-CI14 -> -2.08 | CN14: =CM14-CL14 -> 0 | CO14: 164.386 | CP14: 162.306 | CQ14: =CP14-CO14 -> -2.08 | CR14: =CU14+CX14 -> 1.572 | CS14: =CV14+CY14 -> 3.723 | CT14: =CS14-CR14 -> 2.151 | CW14: =CV14-CU14 -> 0 | CX14: 1.572 | CY14: 3.723 | CZ14: =CY14-CX14 -> 2.151 | DA14: =ROUND(CR14*1000/BP14,0) -> 142 | DB14: =ROUND(CS14*1000/BS14,0) -> 335 | DC14: =DB14-DA14 -> 193 | DD14: =ROUND(CI14/BP14,1) -> 14.8 | DE14: =ROUND(CJ14/BS14,1) -> 14.6 | DF14: =DE14-DD14 -> -0.2 | DG14: 1 | DI14: 5 | DJ14: Зырянский | DK14: 05 | DL14: 6.041 | DM14: 6.109 | DN14: =DM14-DL14 -> 0.068 | DO14: 6.041 | DP14: 6.109 | DQ14: =DP14-DO14 -> 0.068 | DR14: =ROUND(DL14/BP14*100,1) -> 54.4 | DS14: =ROUND(DM14/BS14*100,1) -> 55 | DT14: =DS14-DR14 -> 0.6 | DU14: 7 | DV14: 134.501 | DW14: 169.636 | DX14: =DW14-DV14 -> 35.135 | DY14: 124.64 | DZ14: 156.331 | EA14: =DZ14-DY14 -> 31.691 | EB14: 39.598 | EC14: 39.136 | ED14: =EC14-EB14 -> -0.462 | EE14: =ROUND(CI14/DL14,1) -> 27.2 | EF14: =ROUND(CJ14/DM14,1) -> 26.6 | EG14: =EF14-EE14 -> -0.6 | EH14: 1543 | EI14: 1537 | EJ14: =EI14-EH14 -> -6 | EK14: 183.364 | EL14: 183.913 | EM14: =EL14-EK14 -> 0.549 | EN14: =ROUND(EK14/DL14,1) -> 30.4 | EO14: =ROUND(EL14/DM14,1) -> 30.1 | EP14: =EO14-EN14 -> -0.3 | EQ14: =ROUND(EK14/CI14,1) -> 1.1 | ER14: =ROUND(EL14/CJ14,1) -> 1.1 | ES14: =ER14-EQ14 -> 0 | ET14: 4.804 | EU14: 5.34 | EV14: =EU14-ET14 -> 0.536 | EW14: 0.225 | EX14: 0.003 | EY14: =EX14-EW14 -> -0.222 | FA14: 5 | FB14: Зырянский | FC14: 05 | FD14: 31 | FE14: 32 | FF14: =FE14-FD14 -> 1 | FG14: 26 | FH14: 26 | FI14: =FH14-FG14 -> 0 | FJ14: 6 | FK14: 5 | FL14: =FK14-FJ14 -> -1 | FM14: 19 | FN14: 19 | FO14: =FN14-FM14 -> 0 | FP14: =ROUND((FK14+FN14)/FH14*100,1) -> 92.3 | FQ14: 7 | FR14: =ROUND(DL14*1000/FG14,0) -> 232 | FS14: =ROUND(DM14*1000/FH14,0) -> 235 | FT14: =FS14-FR14 -> 3 | FU14: =ROUND(EK14/FG14,1) -> 7.1 | FV14: =ROUND(EL14/FH14,1) -> 7.1 | FW14: =FV14-FU14 -> 0 | FY14: 5 | FZ14: Зырянский | GA14: 05 | GB14: =GE14+GF14+GG14 -> 20196 | GC14: =ROUND(GB14/G14,0) -> 1122 | GD14: 20 | GE14: 9535 | GF14: 10560 | GG14: 101 | GJ14: =ROUND((GE14+GF14)/GB14*100,1) -> 99.5 | GK14: 20154 | GL14: 14186 | GM14: 967 | GN14: 1554 | GP14: 1457 | GQ14: 16 | GS14: =ROUND(GB14/BS14,0) -> 1819 | GT14: 12 | GU14: =ROUND(GB14/DM14,0) -> 3306 | GV14: 12
A15: 6 | B15: Каргасокский | C15: 06 | D15: =E15+F15 -> 22 | F15: 22 | G15: =H15+I15 -> 22 | I15: 22 | J15: 22 | K15: 22 | N15: =M15-L15 -> 0 | Q15: =P15-O15 -> 0 | R15: =ROUND((L15+O15)/D15*100,1) -> 0 | S15: =ROUND((M15+P15)/G15*100,1) -> 0 | T15: 1 | U15: 1 | V15: 16 | W15: 16 | X15: =W15-V15 -> 0 | Y15: 22 | Z15: 22 | AA15: =Z15-Y15 -> 0 | AB15: 7 | AC15: 7 | AD15: =AC15-AB15 -> 0 | AE15: 7 | AF15: 7 | AG15: =AF15-AE15 -> 0 | AH15: 30 | AI15: 26 | AJ15: =AI15-AH15 -> -4 | AL15: 6 | AM15: Каргасокский | AN15: 06 | AO15: 15 | AP15: 17 | AQ15: =AP15-AO15 -> 2 | AR15: 7 | AS15: 7 | AT15: =AS15-AR15 -> 0 | AU15: =ROUND(AO15/D15*100,1) -> 68.2 | AV15: =ROUND(AP15/G15*100,1) -> 77.3 | AW15: 12 | AX15: 17 | AY15: =AX15-AW15 -> 5 | AZ15: 1 | BA15: 1 | BB15: =BA15-AZ15 -> 0 | BC15: 1 | BD15: 1 | BE15: =BD15-BC15 -> 0 | BF15: 32.407 | BG15: 36.029 | BH15: =BG15-BF15 -> 3.622 | BI15: 32.407 | BJ15: 36.029 | BK15: =BJ15-BI15 -> 3.622 | BM15: 6 | BN15: Каргасокский | BO15: 06 | BP15: =BQ15+BR15 -> 17.5 | BR15: 17.5 | BS15: =BT15+BU15 -> 17.4 | BU15: 17.4 | BV15: =ROUND(BP15/D15,2) -> 0.8 | BX15: =ROUND(BR15/F15,2) -> 0.8 | BY15: =ROUND(BS15/G15,2) -> 0.79 | CA15: =ROUND(BU15/I15,2) -> 0.79 | CB15: =BY15-BV15 -> -0.01 | CC15: =BZ15-BW15 -> 0 | CD15: =CA15-BX15 -> -0.01 | CF15: 6 | CG15: Каргасокский | CH15: 06 | CI15: =CL15+CO15 -> 160.354 | CJ15: =CM15+CP15 -> 154.305 | CK15: =CJ15-CI15 -> -6.049 | CN15: =CM15-CL15 -> 0 | CO15: 160.354 | CP15: 154.305 | CQ15: =CP15-CO15 -> -6.049 | CR15: =CU15+CX15 -> 8.73 | CS15: =CV15+CY15 -> 2.131 | CT15: =CS15-CR15 -> -6.599 | CW15: =CV15-CU15 -> 0 | CX15: 8.73 | CY15: 2.131 | CZ15: =CY15-CX15 -> -6.599 | DA15: =ROUND(CR15*1000/BP15,0) -> 499 | DB15: =ROUND(CS15*1000/BS15,0) -> 122 | DC15: =DB15-DA15 -> -377 | DD15: =ROUND(CI15/BP15,1) -> 9.2 | DE15: =ROUND(CJ15/BS15,1) -> 8.9 | DF15: =DE15-DD15 -> -0.3 | DG15: 11 | DI15: 6 | DJ15: Каргасокский | DK15: 06 | DL15: 9.354 | DM15: 9.865 | DN15: =DM15-DL15 -> 0.511 | DO15: 8.825 | DP15: 9.181 | DQ15: =DP15-DO15 -> 0.356 | DR15: =ROUND(DL15/BP15*100,1) -> 53.5 | DS15: =ROUND(DM15/BS15*100,1) -> 56.7 | DT15: =DS15-DR15 -> 3.2 | DU15: 6 | DV15: 193.302 | DW15: 221.102 | DX15: =DW15-DV15 -> 27.8 | DY15: 190.922 | DZ15: 216.843 | EA15: =DZ15-DY15 -> 25.921 | EB15: 3.698 | EC15: 4.899 | ED15: =EC15-EB15 -> 1.201 | EE15: =ROUND(CI15/DL15,1) -> 17.1 | EF15: =ROUND(CJ15/DM15,1) -> 15.6 | EG15: =EF15-EE15 -> -1.5 | EH15: 5198 | EI15: 5318 | EJ15: =EI15-EH15 -> 120 | EK15: 228.589 | EL15: 245.359 | EM15: =EL15-EK15 -> 16.77 | EN15: =ROUND(EK15/DL15,1) -> 24.4 | EO15: =ROUND(EL15/DM15,1) -> 24.9 | EP15: =EO15-EN15 -> 0.5 | EQ15: =ROUND(EK15/CI15,1) -> 1.4 | ER15: =ROUND(EL15/CJ15,1) -> 1.6 | ES15: =ER15-EQ15 -> 0.2 | ET15: 6.092 | EU15: 6.815 | EV15: =EU15-ET15 -> 0.723 | EY15: =EX15-EW15 -> 0 | FA15: 6 | FB15: Каргасокский | FC15: 06 | FD15: 56 | FE15: 54 | FF15: =FE15-FD15 -> -2 | FG15: 39 | FH15: 38 | FI15: =FH15-FG15 -> -1 | FJ15: 16 | FK15: 17 | FL15: =FK15-FJ15 -> 1 | FM15: 20 | FN15: 19 | FO15: =FN15-FM15 -> -1 | FP15: =ROUND((FK15+FN15)/FH15*100,1) -> 94.7 | FQ15: 6 | FR15: =ROUND(DL15*1000/FG15,0) -> 240 | FS15: =ROUND(DM15*1000/FH15,0) -> 260 | FT15: =FS15-FR15 -> 20 | FU15: =ROUND(EK15/FG15,1) -> 5.9 | FV15: =ROUND(EL15/FH15,1) -> 6.5 | FW15: =FV15-FU15 -> 0.6 | FY15: 6 | FZ15: Каргасокский | GA15: 06 | GB15: =GE15+GF15+GG15 -> 59749.2 | GC15: =ROUND(GB15/G15,0) -> 2716 | GD15: 8 | GE15: 24460.7 | GF15: 34830.3 | GG15: 458.2 | GJ15: =ROUND((GE15+GF15)/GB15*100,1) -> 99.2 | GK15: 59254.2 | GL15: 50228.8 | GN15: 1297.8 | GP15: 613.7 | GQ15: 31.5 | GS15: =ROUND(GB15/BS15,0) -> 3434 | GT15: 3 | GU15: =ROUND(GB15/DM15,0) -> 6057 | GV15: 5
A16: 7 | B16: Кожевниковский | C16: 07 | D16: =E16+F16 -> 21 | F16: 21 | G16: =H16+I16 -> 21 | I16: 21 | J16: 20 | K16: 20 | N16: =M16-L16 -> 0 | Q16: =P16-O16 -> 0 | R16: =ROUND((L16+O16)/D16*100,1) -> 0 | S16: =ROUND((M16+P16)/G16*100,1) -> 0 | V16: 10 | W16: 9 | X16: =W16-V16 -> -1 | Y16: 20 | Z16: 20 | AA16: =Z16-Y16 -> 0 | AB16: 20 | AC16: 20 | AD16: =AC16-AB16 -> 0 | AE16: 14 | AF16: 15 | AG16: =AF16-AE16 -> 1 | AH16: 17 | AI16: 16 | AJ16: =AI16-AH16 -> -1 | AL16: 7 | AM16: Кожевниковский | AN16: 07 | AO16: 19 | AP16: 19 | AQ16: =AP16-AO16 -> 0 | AR16: 14 | AS16: 14 | AT16: =AS16-AR16 -> 0 | AU16: =ROUND(AO16/D16*100,1) -> 90.5 | AV16: =ROUND(AP16/G16*100,1) -> 90.5 | AW16: 19 | AX16: 19 | AY16: =AX16-AW16 -> 0 | AZ16: 1 | BA16: 1 | BB16: =BA16-AZ16 -> 0 | BC16: 1 | BD16: 1 | BE16: =BD16-BC16 -> 0 | BF16: 25.348 | BG16: 26.093 | BH16: =BG16-BF16 -> 0.745 | BI16: 25.348 | BJ16: 26.093 | BK16: =BJ16-BI16 -> 0.745 | BM16: 7 | BN16: Кожевниковский | BO16: 07 | BP16: =BQ16+BR16 -> 20.3 | BR16: 20.3 | BS16: =BT16+BU16 -> 20.2 | BU16: 20.2 | BV16: =ROUND(BP16/D16,2) -> 0.97 | BX16: =ROUND(BR16/F16,2) -> 0.97 | BY16: =ROUND(BS16/G16,2) -> 0.96 | CA16: =ROUND(BU16/I16,2) -> 0.96 | CB16: =BY16-BV16 -> -0.01 | CC16: =BZ16-BW16 -> 0 | CD16: =CA16-BX16 -> -0.01 | CF16: 7 | CG16: Кожевниковский | CH16: 07 | CI16: =CL16+CO16 -> 189.634 | CJ16: =CM16+CP16 -> 182.359 | CK16: =CJ16-CI16 -> -7.275 | CN16: =CM16-CL16 -> 0 | CO16: 189.634 | CP16: 182.359 | CQ16: =CP16-CO16 -> -7.275 | CR16: =CU16+CX16 -> 1.531 | CS16: =CV16+CY16 -> 1.536 | CT16: =CS16-CR16 -> 0.005 | CW16: =CV16-CU16 -> 0 | CX16: 1.531 | CY16: 1.536 | CZ16: =CY16-CX16 -> 0.005 | DA16: =ROUND(CR16*1000/BP16,0) -> 75 | DB16: =ROUND(CS16*1000/BS16,0) -> 76 | DC16: =DB16-DA16 -> 1 | DD16: =ROUND(CI16/BP16,1) -> 9.3 | DE16: =ROUND(CJ16/BS16,1) -> 9 | DF16: =DE16-DD16 -> -0.3 | DG16: 10 | DI16: 7 | DJ16: Кожевниковский | DK16: 07 | DL16: 13.977 | DM16: 13.579 | DN16: =DM16-DL16 -> -0.398 | DO16: 12.577 | DP16: 12.327 | DQ16: =DP16-DO16 -> -0.25 | DR16: =ROUND(DL16/BP16*100,1) -> 68.9 | DS16: =ROUND(DM16/BS16*100,1) -> 67.2 | DT16: =DS16-DR16 -> -1.7 | DU16: 3 | DV16: 227.355 | DW16: 243.929 | DX16: =DW16-DV16 -> 16.574 | DY16: 165.168 | DZ16: 180.006 | EA16: =DZ16-DY16 -> 14.838 | EB16: 4.346 | EC16: 7.376 | ED16: =EC16-EB16 -> 3.03 | EE16: =ROUND(CI16/DL16,1) -> 13.6 | EF16: =ROUND(CJ16/DM16,1) -> 13.4 | EG16: =EF16-EE16 -> -0.2 | EH16: 1406 | EI16: 1574 | EJ16: =EI16-EH16 -> 168 | EK16: 232.536 | EL16: 296.927 | EM16: =EL16-EK16 -> 64.391 | EN16: =ROUND(EK16/DL16,1) -> 16.6 | EO16: =ROUND(EL16/DM16,1) -> 21.9 | EP16: =EO16-EN16 -> 5.3 | EQ16: =ROUND(EK16/CI16,1) -> 1.2 | ER16: =ROUND(EL16/CJ16,1) -> 1.6 | ES16: =ER16-EQ16 -> 0.4 | ET16: 78.565 | EU16: 100.243 | EV16: =EU16-ET16 -> 21.678 | EW16: 0.737 | EX16: 0.948 | EY16: =EX16-EW16 -> 0.211 | FA16: 7 | FB16: Кожевниковский | FC16: 07 | FD16: 36 | FE16: 35 | FF16: =FE16-FD16 -> -1 | FG16: 32 | FH16: 31 | FI16: =FH16-FG16 -> -1 | FJ16: 9 | FK16: 8 | FL16: =FK16-FJ16 -> -1 | FM16: 21 | FN16: 23 | FO16: =FN16-FM16 -> 2 | FP16: =ROUND((FK16+FN16)/FH16*100,1) -> 100 | FQ16: 1 | FR16: =ROUND(DL16*1000/FG16,0) -> 437 | FS16: =ROUND(DM16*1000/FH16,0) -> 438 | FT16: =FS16-FR16 -> 1 | FU16: =ROUND(EK16/FG16,1) -> 7.3 | FV16: =ROUND(EL16/FH16,1) -> 9.6 | FW16: =FV16-FU16 -> 2.3 | FY16: 7 | FZ16: Кожевниковский | GA16: 07 | GB16: =GE16+GF16+GG16 -> 26252 | GC16: =ROUND(GB16/G16,0) -> 1250 | GD16: 19 | GE16: 26252 | GJ16: =ROUND((GE16+GF16)/GB16*100,1) -> 100 | GK16: 25921.7 | GL16: 22828.4 | GM16: 61.1 | GN16: 152.1 | GP16: 812.4 | GQ16: 89.2 | GS16: =ROUND(GB16/BS16,0) -> 1300 | GT16: 16 | GU16: =ROUND(GB16/DM16,0) -> 1933 | GV16: 20
A17: 8 | B17: Колпашевский | C17: 08 | D17: =E17+F17 -> 25 | E17: 6 | F17: 19 | G17: =H17+I17 -> 25 | H17: 6 | I17: 19 | J17: 24 | K17: 24 | M17: 1 | N17: =M17-L17 -> 1 | Q17: =P17-O17 -> 0 | R17: =ROUND((L17+O17)/D17*100,1) -> 0 | S17: =ROUND((M17+P17)/G17*100,1) -> 4 | T17: 2 | U17: 2 | V17: 4 | W17: 4 | X17: =W17-V17 -> 0 | Y17: 25 | Z17: 25 | AA17: =Z17-Y17 -> 0 | AB17: 12 | AC17: 12 | AD17: =AC17-AB17 -> 0 | AE17: 12 | AF17: 12 | AG17: =AF17-AE17 -> 0 | AH17: 16 | AI17: 15 | AJ17: =AI17-AH17 -> -1 | AL17: 8 | AM17: Колпашевский | AN17: 08 | AO17: 25 | AP17: 25 | AQ17: =AP17-AO17 -> 0 | AR17: 25 | AS17: 25 | AT17: =AS17-AR17 -> 0 | AU17: =ROUND(AO17/D17*100,1) -> 100 | AV17: =ROUND(AP17/G17*100,1) -> 100 | AW17: 25 | AX17: 25 | AY17: =AX17-AW17 -> 0 | AZ17: 1 | BA17: 1 | BB17: =BA17-AZ17 -> 0 | BC17: 1 | BD17: 1 | BE17: =BD17-BC17 -> 0 | BF17: 101.561 | BG17: 105.95 | BH17: =BG17-BF17 -> 4.389 | BI17: 100.65 | BJ17: 105.039 | BK17: =BJ17-BI17 -> 4.389 | BM17: 8 | BN17: Колпашевский | BO17: 08 | BP17: =BQ17+BR17 -> 32.6 | BQ17: 20.3 | BR17: 12.3 | BS17: =BT17+BU17 -> 32.1 | BT17: 20.1 | BU17: 12 | BV17: =ROUND(BP17/D17,2) -> 1.3 | BW17: =ROUND(BQ17/E17,2) -> 3.38 | BX17: =ROUND(BR17/F17,2) -> 0.65 | BY17: =ROUND(BS17/G17,2) -> 1.28 | BZ17: =ROUND(BT17/H17,2) -> 3.35 | CA17: =ROUND(BU17/I17,2) -> 0.63 | CB17: =BY17-BV17 -> -0.02 | CC17: =BZ17-BW17 -> -0.03 | CD17: =CA17-BX17 -> -0.02 | CF17: 8 | CG17: Колпашевский | CH17: 08 | CI17: =CL17+CO17 -> 308.622 | CJ17: =CM17+CP17 -> 306.908 | CK17: =CJ17-CI17 -> -1.714 | CL17: 174.823 | CM17: 171.677 | CN17: =CM17-CL17 -> -3.146 | CO17: 133.799 | CP17: 135.231 | CQ17: =CP17-CO17 -> 1.432 | CR17: =CU17+CX17 -> 25.457 | CS17: =CV17+CY17 -> 9.201 | CT17: =CS17-CR17 -> -16.256 | CU17: 23.246 | CV17: 7.134 | CW17: =CV17-CU17 -> -16.112 | CX17: 2.211 | CY17: 2.067 | CZ17: =CY17-CX17 -> -0.144 | DA17: =ROUND(CR17*1000/BP17,0) -> 781 | DB17: =ROUND(CS17*1000/BS17,0) -> 287 | DC17: =DB17-DA17 -> -494 | DD17: =ROUND(CI17/BP17,1) -> 9.5 | DE17: =ROUND(CJ17/BS17,1) -> 9.6 | DF17: =DE17-DD17 -> 0.1 | DG17: 8 | DI17: 8 | DJ17: Колпашевский | DK17: 08 | DL17: 14.832 | DM17: 13.514 | DN17: =DM17-DL17 -> -1.318 | DO17: 13.596 | DP17: 12.296 | DQ17: =DP17-DO17 -> -1.3 | DR17: =ROUND(DL17/BP17*100,1) -> 45.5 | DS17: =ROUND(DM17/BS17*100,1) -> 42.1 | DT17: =DS17-DR17 -> -3.4 | DU17: 13 | DV17: 324.19 | DW17: 365.584 | DX17: =DW17-DV17 -> 41.394 | DY17: 257.551 | DZ17: 265.156 | EA17: =DZ17-DY17 -> 7.605 | EB17: 55.834 | EC17: 66.627 | ED17: =EC17-EB17 -> 10.793 | EE17: =ROUND(CI17/DL17,1) -> 20.8 | EF17: =ROUND(CJ17/DM17,1) -> 22.7 | EG17: =EF17-EE17 -> 1.9 | EH17: 3168 | EI17: 3441 | EJ17: =EI17-EH17 -> 273 | EK17: 466.623 | EL17: 551.085 | EM17: =EL17-EK17 -> 84.462 | EN17: =ROUND(EK17/DL17,1) -> 31.5 | EO17: =ROUND(EL17/DM17,1) -> 40.8 | EP17: =EO17-EN17 -> 9.3 | EQ17: =ROUND(EK17/CI17,1) -> 1.5 | ER17: =ROUND(EL17/CJ17,1) -> 1.8 | ES17: =ER17-EQ17 -> 0.3 | ET17: 39.048 | EU17: 31.959 | EV17: =EU17-ET17 -> -7.089 | EW17: 3.328 | EX17: 2.648 | EY17: =EX17-EW17 -> -0.68 | FA17: 8 | FB17: Колпашевский | FC17: 08 | FD17: 77 | FE17: 77 | FF17: =FE17-FD17 -> 0 | FG17: 54 | FH17: 52 | FI17: =FH17-FG17 -> -2 | FJ17: 29 | FK17: 31 | FL17: =FK17-FJ17 -> 2 | FM17: 25 | FN17: 21 | FO17: =FN17-FM17 -> -4 | FP17: =ROUND((FK17+FN17)/FH17*100,1) -> 100 | FQ17: 1 | FR17: =ROUND(DL17*1000/FG17,0) -> 275 | FS17: =ROUND(DM17*1000/FH17,0) -> 260 | FT17: =FS17-FR17 -> -15 | FU17: =ROUND(EK17/FG17,1) -> 8.6 | FV17: =ROUND(EL17/FH17,1) -> 10.6 | FW17: =FV17-FU17 -> 2 | FY17: 8 | FZ17: Колпашевский | GA17: 08 | GB17: =GE17+GF17+GG17 -> 83849.8 | GC17: =ROUND(GB17/G17,0) -> 3354 | GD17: 5 | GE17: 82619.6 | GF17: 373 | GG17: 857.2 | GI17: 9.1 | GJ17: =ROUND((GE17+GF17)/GB17*100,1) -> 99 | GK17: 83809.5 | GL17: 54956 | GN17: 783.6 | GO17: 35 | GP17: 2778 | GQ17: 223.6 | GR17: 618.6 | GS17: =ROUND(GB17/BS17,0) -> 2612 | GT17: 7 | GU17: =ROUND(GB17/DM17,0) -> 6205 | GV17: 4
A18: 9 | B18: Кривошеинский | C18: 09 | D18: =E18+F18 -> 13 | F18: 13 | G18: =H18+I18 -> 13 | I18: 13 | J18: 13 | K18: 13 | L18: 1 | M18: 1 | N18: =M18-L18 -> 0 | Q18: =P18-O18 -> 0 | R18: =ROUND((L18+O18)/D18*100,1) -> 7.7 | S18: =ROUND((M18+P18)/G18*100,1) -> 7.7 | V18: 3 | W18: 3 | X18: =W18-V18 -> 0 | Y18: 13 | Z18: 13 | AA18: =Z18-Y18 -> 0 | AB18: 7 | AC18: 7 | AD18: =AC18-AB18 -> 0 | AE18: 7 | AF18: 7 | AG18: =AF18-AE18 -> 0 | AH18: 11 | AI18: 11 | AJ18: =AI18-AH18 -> 0 | AL18: 9 | AM18: Кривошеинский | AN18: 09 | AO18: 11 | AP18: 11 | AQ18: =AP18-AO18 -> 0 | AR18: 7 | AS18: 8 | AT18: =AS18-AR18 -> 1 | AU18: =ROUND(AO18/D18*100,1) -> 84.6 | AV18: =ROUND(AP18/G18*100,1) -> 84.6 | AW18: 10 | AX18: 11 | AY18: =AX18-AW18 -> 1 | AZ18: 1 | BA18: 1 | BB18: =BA18-AZ18 -> 0 | BC18: 1 | BD18: 1 | BE18: =BD18-BC18 -> 0 | BF18: 27.747 | BG18: 28.916 | BH18: =BG18-BF18 -> 1.169 | BI18: 27.747 | BJ18: 28.916 | BK18: =BJ18-BI18 -> 1.169 | BM18: 9 | BN18: Кривошеинский | BO18: 09 | BP18: =BQ18+BR18 -> 12.1 | BR18: 12.1 | BS18: =BT18+BU18 -> 12 | BU18: 12 | BV18: =ROUND(BP18/D18,2) -> 0.93 | BX18: =ROUND(BR18/F18,2) -> 0.93 | BY18: =ROUND(BS18/G18,2) -> 0.92 | CA18: =ROUND(BU18/I18,2) -> 0.92 | CB18: =BY18-BV18 -> -0.01 | CC18: =BZ18-BW18 -> 0 | CD18: =CA18-BX18 -> -0.01 | CF18: 9 | CG18: Кривошеинский | CH18: 09 | CI18: =CL18+CO18 -> 133.936 | CJ18: =CM18+CP18 -> 134.095 | CK18: =CJ18-CI18 -> 0.159 | CN18: =CM18-CL18 -> 0 | CO18: 133.936 | CP18: 134.095 | CQ18: =CP18-CO18 -> 0.159 | CR18: =CU18+CX18 -> 2.789 | CS18: =CV18+CY18 -> 1.636 | CT18: =CS18-CR18 -> -1.153 | CW18: =CV18-CU18 -> 0 | CX18: 2.789 | CY18: 1.636 | CZ18: =CY18-CX18 -> -1.153 | DA18: =ROUND(CR18*1000/BP18,0) -> 230 | DB18: =ROUND(CS18*1000/BS18,0) -> 136 | DC18: =DB18-DA18 -> -94 | DD18: =ROUND(CI18/BP18,1) -> 11.1 | DE18: =ROUND(CJ18/BS18,1) -> 11.2 | DF18: =DE18-DD18 -> 0.1 | DG18: 4 | DI18: 9 | DJ18: Кривошеинский | DK18: 09 | DL18: 9.152 | DM18: 9.155 | DN18: =DM18-DL18 -> 0.003 | DO18: 8.436 | DP18: 8.409 | DQ18: =DP18-DO18 -> -0.027 | DR18: =ROUND(DL18/BP18*100,1) -> 75.6 | DS18: =ROUND(DM18/BS18*100,1) -> 76.3 | DT18: =DS18-DR18 -> 0.7 | DU18: 1 | DV18: 187.455 | DW18: 190.596 | DX18: =DW18-DV18 -> 3.141 | DY18: 180.175 | DZ18: 183.589 | EA18: =DZ18-DY18 -> 3.414 | ED18: =EC18-EB18 -> 0 | EE18: =ROUND(CI18/DL18,1) -> 14.6 | EF18: =ROUND(CJ18/DM18,1) -> 14.6 | EG18: =EF18-EE18 -> 0 | EH18: 1072 | EI18: 1839 | EJ18: =EI18-EH18 -> 767 | EK18: 265.578 | EL18: 269.288 | EM18: =EL18-EK18 -> 3.71 | EN18: =ROUND(EK18/DL18,1) -> 29 | EO18: =ROUND(EL18/DM18,1) -> 29.4 | EP18: =EO18-EN18 -> 0.4 | EQ18: =ROUND(EK18/CI18,1) -> 2 | ER18: =ROUND(EL18/CJ18,1) -> 2 | ES18: =ER18-EQ18 -> 0 | ET18: 6.461 | EU18: 6.578 | EV18: =EU18-ET18 -> 0.117 | EW18: 0.123 | EY18: =EX18-EW18 -> -0.123 | FA18: 9 | FB18: Кривошеинский | FC18: 09 | FD18: 26 | FE18: 26 | FF18: =FE18-FD18 -> 0 | FG18: 21 | FH18: 21 | FI18: =FH18-FG18 -> 0 | FJ18: 11 | FK18: 9 | FL18: =FK18-FJ18 -> -2 | FM18: 9 | FN18: 12 | FO18: =FN18-FM18 -> 3 | FP18: =ROUND((FK18+FN18)/FH18*100,1) -> 100 | FQ18: 1 | FR18: =ROUND(DL18*1000/FG18,0) -> 436 | FS18: =ROUND(DM18*1000/FH18,0) -> 436 | FT18: =FS18-FR18 -> 0 | FU18: =ROUND(EK18/FG18,1) -> 12.6 | FV18: =ROUND(EL18/FH18,1) -> 12.8 | FW18: =FV18-FU18 -> 0.2 | FY18: 9 | FZ18: Кривошеинский | GA18: 09 | GB18: =GE18+GF18+GG18 -> 23440.2 | GC18: =ROUND(GB18/G18,0) -> 1803 | GD18: 13 | GE18: 10156 | GF18: 13190.2 | GG18: 94 | GJ18: =ROUND((GE18+GF18)/GB18*100,1) -> 99.6 | GK18: 23440.2 | GL18: 21206.6 | GN18: 30 | GP18: 424.4 | GQ18: 120 | GS18: =ROUND(GB18/BS18,0) -> 1953 | GT18: 10 | GU18: =ROUND(GB18/DM18,0) -> 2560 | GV18: 17
A19: 10 | B19: Молчановский | C19: 10 | D19: =E19+F19 -> 13 | F19: 13 | G19: =H19+I19 -> 13 | I19: 13 | J19: 8 | K19: 8 | N19: =M19-L19 -> 0 | Q19: =P19-O19 -> 0 | R19: =ROUND((L19+O19)/D19*100,1) -> 0 | S19: =ROUND((M19+P19)/G19*100,1) -> 0 | X19: =W19-V19 -> 0 | Y19: 12 | Z19: 12 | AA19: =Z19-Y19 -> 0 | AB19: 6 | AC19: 6 | AD19: =AC19-AB19 -> 0 | AE19: 6 | AF19: 6 | AG19: =AF19-AE19 -> 0 | AJ19: =AI19-AH19 -> 0 | AL19: 10 | AM19: Молчановский | AN19: 10 | AO19: 13 | AP19: 12 | AQ19: =AP19-AO19 -> -1 | AR19: 6 | AS19: 6 | AT19: =AS19-AR19 -> 0 | AU19: =ROUND(AO19/D19*100,1) -> 100 | AV19: =ROUND(AP19/G19*100,1) -> 92.3 | AW19: 1 | AX19: 1 | AY19: =AX19-AW19 -> 0 | AZ19: 1 | BA19: 1 | BB19: =BA19-AZ19 -> 0 | BC19: 1 | BD19: 1 | BE19: =BD19-BC19 -> 0 | BF19: 37.255 | BG19: 38.717 | BH19: =BG19-BF19 -> 1.462 | BI19: 37.255 | BJ19: 38.717 | BK19: =BJ19-BI19 -> 1.462 | BM19: 10 | BN19: Молчановский | BO19: 10 | BP19: =BQ19+BR19 -> 12.2 | BR19: 12.2 | BS19: =BT19+BU19 -> 12.1 | BU19: 12.1 | BV19: =ROUND(BP19/D19,2) -> 0.94 | BX19: =ROUND(BR19/F19,2) -> 0.94 | BY19: =ROUND(BS19/G19,2) -> 0.93 | CA19: =ROUND(BU19/I19,2) -> 0.93 | CB19: =BY19-BV19 -> -0.01 | CC19: =BZ19-BW19 -> 0 | CD19: =CA19-BX19 -> -0.01 | CF19: 10 | CG19: Молчановский | CH19: 10 | CI19: =CL19+CO19 -> 121.697 | CJ19: =CM19+CP19 -> 123.139 | CK19: =CJ19-CI19 -> 1.442 | CN19: =CM19-CL19 -> 0 | CO19: 121.697 | CP19: 123.139 | CQ19: =CP19-CO19 -> 1.442 | CR19: =CU19+CX19 -> 2.574 | CS19: =CV19+CY19 -> 2.331 | CT19: =CS19-CR19 -> -0.243 | CW19: =CV19-CU19 -> 0 | CX19: 2.574 | CY19: 2.331 | CZ19: =CY19-CX19 -> -0.243 | DA19: =ROUND(CR19*1000/BP19,0) -> 211 | DB19: =ROUND(CS19*1000/BS19,0) -> 193 | DC19: =DB19-DA19 -> -18 | DD19: =ROUND(CI19/BP19,1) -> 10 | DE19: =ROUND(CJ19/BS19,1) -> 10.2 | DF19: =DE19-DD19 -> 0.2 | DG19: 6 | DI19: 10 | DJ19: Молчановский | DK19: 10 | DL19: 8.793 | DM19: 8.403 | DN19: =DM19-DL19 -> -0.39 | DO19: 7.876 | DP19: 7.647 | DQ19: =DP19-DO19 -> -0.229 | DR19: =ROUND(DL19/BP19*100,1) -> 72.1 | DS19: =ROUND(DM19/BS19*100,1) -> 69.4 | DT19: =DS19-DR19 -> -2.7 | DU19: 2 | DV19: 132.395 | DW19: 152.821 | DX19: =DW19-DV19 -> 20.426 | DY19: 123.413 | DZ19: 146.943 | EA19: =DZ19-DY19 -> 23.53 | EB19: 12.823 | EC19: 17.005 | ED19: =EC19-EB19 -> 4.182 | EE19: =ROUND(CI19/DL19,1) -> 13.8 | EF19: =ROUND(CJ19/DM19,1) -> 14.7 | EG19: =EF19-EE19 -> 0.9 | EH19: 1633 | EI19: 1875 | EJ19: =EI19-EH19 -> 242 | EK19: 171.47 | EL19: 179.385 | EM19: =EL19-EK19 -> 7.915 | EN19: =ROUND(EK19/DL19,1) -> 19.5 | EO19: =ROUND(EL19/DM19,1) -> 21.3 | EP19: =EO19-EN19 -> 1.8 | EQ19: =ROUND(EK19/CI19,1) -> 1.4 | ER19: =ROUND(EL19/CJ19,1) -> 1.5 | ES19: =ER19-EQ19 -> 0.1 | ET19: 11.842 | EU19: 10.789 | EV19: =EU19-ET19 -> -1.053 | EY19: =EX19-EW19 -> 0 | FA19: 10 | FB19: Молчановский | FC19: 10 | FD19: 29 | FE19: 27 | FF19: =FE19-FD19 -> -2 | FG19: 23 | FH19: 21 | FI19: =FH19-FG19 -> -2 | FJ19: 11 | FK19: 9 | FL19: =FK19-FJ19 -> -2 | FM19: 12 | FN19: 12 | FO19: =FN19-FM19 -> 0 | FP19: =ROUND((FK19+FN19)/FH19*100,1) -> 100 | FQ19: 1 | FR19: =ROUND(DL19*1000/FG19,0) -> 382 | FS19: =ROUND(DM19*1000/FH19,0) -> 400 | FT19: =FS19-FR19 -> 18 | FU19: =ROUND(EK19/FG19,1) -> 7.5 | FV19: =ROUND(EL19/FH19,1) -> 8.5 | FW19: =FV19-FU19 -> 1 | FY19: 10 | FZ19: Молчановский | GA19: 10 | GB19: =GE19+GF19+GG19 -> 23220.6 | GC19: =ROUND(GB19/G19,0) -> 1786 | GD19: 15 | GE19: 23208.5 | GG19: 12.1 | GJ19: =ROUND((GE19+GF19)/GB19*100,1) -> 99.9 | GK19: 23219.3 | GL19: 21256.6 | GM19: 73.5 | GN19: 59 | GP19: 211.5 | GS19: =ROUND(GB19/BS19,0) -> 1919 | GT19: 11 | GU19: =ROUND(GB19/DM19,0) -> 2763 | GV19: 16
A20: 11 | B20: Парабельский | C20: 11 | D20: =E20+F20 -> 17 | F20: 17 | G20: =H20+I20 -> 17 | I20: 17 | J20: 17 | K20: 17 | N20: =M20-L20 -> 0 | Q20: =P20-O20 -> 0 | R20: =ROUND((L20+O20)/D20*100,1) -> 0 | S20: =ROUND((M20+P20)/G20*100,1) -> 0 | X20: =W20-V20 -> 0 | Y20: 17 | Z20: 17 | AA20: =Z20-Y20 -> 0 | AB20: 17 | AC20: 17 | AD20: =AC20-AB20 -> 0 | AE20: 13 | AF20: 13 | AG20: =AF20-AE20 -> 0 | AJ20: =AI20-AH20 -> 0 | AL20: 11 | AM20: Парабельский | AN20: 11 | AO20: 13 | AP20: 13 | AQ20: =AP20-AO20 -> 0 | AR20: 13 | AS20: 13 | AT20: =AS20-AR20 -> 0 | AU20: =ROUND(AO20/D20*100,1) -> 76.5 | AV20: =ROUND(AP20/G20*100,1) -> 76.5 | AW20: 13 | AX20: 13 | AY20: =AX20-AW20 -> 0 | AZ20: 1 | BA20: 1 | BB20: =BA20-AZ20 -> 0 | BC20: 1 | BD20: 1 | BE20: =BD20-BC20 -> 0 | BF20: 60.969 | BG20: 63.682 | BH20: =BG20-BF20 -> 2.713 | BI20: 60.969 | BJ20: 63.682 | BK20: =BJ20-BI20 -> 2.713 | BM20: 11 | BN20: Парабельский | BO20: 11 | BP20: =BQ20+BR20 -> 11.4 | BR20: 11.4 | BS20: =BT20+BU20 -> 11.4 | BU20: 11.4 | BV20: =ROUND(BP20/D20,2) -> 0.67 | BX20: =ROUND(BR20/F20,2) -> 0.67 | BY20: =ROUND(BS20/G20,2) -> 0.67 | CA20: =ROUND(BU20/I20,2) -> 0.67 | CB20: =BY20-BV20 -> 0 | CC20: =BZ20-BW20 -> 0 | CD20: =CA20-BX20 -> 0 | CF20: 11 | CG20: Парабельский | CH20: 11 | CI20: =CL20+CO20 -> 100.547 | CJ20: =CM20+CP20 -> 103.122 | CK20: =CJ20-CI20 -> 2.575 | CN20: =CM20-CL20 -> 0 | CO20: 100.547 | CP20: 103.122 | CQ20: =CP20-CO20 -> 2.575 | CR20: =CU20+CX20 -> 4.438 | CS20: =CV20+CY20 -> 3.334 | CT20: =CS20-CR20 -> -1.104 | CW20: =CV20-CU20 -> 0 | CX20: 4.438 | CY20: 3.334 | CZ20: =CY20-CX20 -> -1.104 | DA20: =ROUND(CR20*1000/BP20,0) -> 389 | DB20: =ROUND(CS20*1000/BS20,0) -> 292 | DC20: =DB20-DA20 -> -97 | DD20: =ROUND(CI20/BP20,1) -> 8.8 | DE20: =ROUND(CJ20/BS20,1) -> 9 | DF20: =DE20-DD20 -> 0.2 | DG20: 10 | DI20: 11 | DJ20: Парабельский | DK20: 11 | DL20: 5.001 | DM20: 5.004 | DN20: =DM20-DL20 -> 0.003 | DO20: 4.908 | DP20: 4.881 | DQ20: =DP20-DO20 -> -0.027 | DR20: =ROUND(DL20/BP20*100,1) -> 43.9 | DS20: =ROUND(DM20/BS20*100,1) -> 43.9 | DT20: =DS20-DR20 -> 0 | DU20: 12 | DV20: 99.932 | DW20: 112.431 | DX20: =DW20-DV20 -> 12.499 | DY20: 98.962 | DZ20: 111.456 | EA20: =DZ20-DY20 -> 12.494 | EB20: 8.927 | EC20: 13.432 | ED20: =EC20-EB20 -> 4.505 | EE20: =ROUND(CI20/DL20,1) -> 20.1 | EF20: =ROUND(CJ20/DM20,1) -> 20.6 | EG20: =EF20-EE20 -> 0.5 | EH20: 2480 | EI20: 2351 | EJ20: =EI20-EH20 -> -129 | EK20: 152.803 | EL20: 151.373 | EM20: =EL20-EK20 -> -1.43 | EN20: =ROUND(EK20/DL20,1) -> 30.6 | EO20: =ROUND(EL20/DM20,1) -> 30.3 | EP20: =EO20-EN20 -> -0.3 | EQ20: =ROUND(EK20/CI20,1) -> 1.5 | ER20: =ROUND(EL20/CJ20,1) -> 1.5 | ES20: =ER20-EQ20 -> 0 | ET20: 3.666 | EU20: 3.406 | EV20: =EU20-ET20 -> -0.26 | EY20: =EX20-EW20 -> 0 | FA20: 11 | FB20: Парабельский | FC20: 11 | FD20: 35 | FE20: 34 | FF20: =FE20-FD20 -> -1 | FG20: 29 | FH20: 29 | FI20: =FH20-FG20 -> 0 | FJ20: 9 | FK20: 9 | FL20: =FK20-FJ20 -> 0 | FM20: 13 | FN20: 16 | FO20: =FN20-FM20 -> 3 | FP20: =ROUND((FK20+FN20)/FH20*100,1) -> 86.2 | FQ20: 10 | FR20: =ROUND(DL20*1000/FG20,0) -> 172 | FS20: =ROUND(DM20*1000/FH20,0) -> 173 | FT20: =FS20-FR20 -> 1 | FU20: =ROUND(EK20/FG20,1) -> 5.3 | FV20: =ROUND(EL20/FH20,1) -> 5.2 | FW20: =FV20-FU20 -> -0.1 | FY20: 11 | FZ20: Парабельский | GA20: 11 | GB20: =GE20+GF20+GG20 -> 44072.1 | GC20: =ROUND(GB20/G20,0) -> 2592 | GD20: 9 | GE20: 43618 | GG20: 454.1 | GJ20: =ROUND((GE20+GF20)/GB20*100,1) -> 99 | GK20: 43714 | GL20: 36281.6 | GM20: 400 | GN20: 1908 | GP20: 450 | GQ20: 55.6 | GS20: =ROUND(GB20/BS20,0) -> 3866 | GT20: 1 | GU20: =ROUND(GB20/DM20,0) -> 8807 | GV20: 3
A21: 12 | B21: Первомайский | C21: 12 | D21: =E21+F21 -> 20 | F21: 20 | G21: =H21+I21 -> 20 | I21: 20 | J21: 4 | K21: 3 | N21: =M21-L21 -> 0 | Q21: =P21-O21 -> 0 | R21: =ROUND((L21+O21)/D21*100,1) -> 0 | S21: =ROUND((M21+P21)/G21*100,1) -> 0 | T21: 1 | U21: 1 | V21: 7 | W21: 8 | X21: =W21-V21 -> 1 | Y21: 20 | Z21: 20 | AA21: =Z21-Y21 -> 0 | AB21: 20 | AC21: 20 | AD21: =AC21-AB21 -> 0 | AE21: 20 | AF21: 20 | AG21: =AF21-AE21 -> 0 | AH21: 38 | AI21: 31 | AJ21: =AI21-AH21 -> -7 | AL21: 12 | AM21: Первомайский | AN21: 12 | AO21: 20 | AP21: 20 | AQ21: =AP21-AO21 -> 0 | AR21: 20 | AS21: 20 | AT21: =AS21-AR21 -> 0 | AU21: =ROUND(AO21/D21*100,1) -> 100 | AV21: =ROUND(AP21/G21*100,1) -> 100 | AW21: 19 | AX21: 20 | AY21: =AX21-AW21 -> 1 | AZ21: 1 | BA21: 1 | BB21: =BA21-AZ21 -> 0 | BC21: 1 | BD21: 1 | BE21: =BD21-BC21 -> 0 | BF21: 94.951 | BG21: 97.397 | BH21: =BG21-BF21 -> 2.446 | BI21: 94.951 | BJ21: 97.397 | BK21: =BJ21-BI21 -> 2.446 | BM21: 12 | BN21: Первомайский | BO21: 12 | BP21: =BQ21+BR21 -> 16.7 | BR21: 16.7 | BS21: =BT21+BU21 -> 16.5 | BU21: 16.5 | BV21: =ROUND(BP21/D21,2) -> 0.84 | BX21: =ROUND(BR21/F21,2) -> 0.84 | BY21: =ROUND(BS21/G21,2) -> 0.83 | CA21: =ROUND(BU21/I21,2) -> 0.83 | CB21: =BY21-BV21 -> -0.01 | CC21: =BZ21-BW21 -> 0 | CD21: =CA21-BX21 -> -0.01 | CF21: 12 | CG21: Первомайский | CH21: 12 | CI21: =CL21+CO21 -> 180.404 | CJ21: =CM21+CP21 -> 178.51 | CK21: =CJ21-CI21 -> -1.894 | CN21: =CM21-CL21 -> 0 | CO21: 180.404 | CP21: 178.51 | CQ21: =CP21-CO21 -> -1.894 | CR21: =CU21+CX21 -> 5.815 | CS21: =CV21+CY21 -> 4.377 | CT21: =CS21-CR21 -> -1.438 | CW21: =CV21-CU21 -> 0 | CX21: 5.815 | CY21: 4.377 | CZ21: =CY21-CX21 -> -1.438 | DA21: =ROUND(CR21*1000/BP21,0) -> 348 | DB21: =ROUND(CS21*1000/BS21,0) -> 265 | DC21: =DB21-DA21 -> -83 | DD21: =ROUND(CI21/BP21,1) -> 10.8 | DE21: =ROUND(CJ21/BS21,1) -> 10.8 | DF21: =DE21-DD21 -> 0 | DG21: 5 | DI21: 12 | DJ21: Первомайский | DK21: 12 | DL21: 8.058 | DM21: 8.055 | DN21: =DM21-DL21 -> -0.003 | DO21: 7.716 | DP21: 7.694 | DQ21: =DP21-DO21 -> -0.022 | DR21: =ROUND(DL21/BP21*100,1) -> 48.3 | DS21: =ROUND(DM21/BS21*100,1) -> 48.8 | DT21: =DS21-DR21 -> 0.5 | DU21: 9 | DV21: 124.547 | DW21: 131.113 | DX21: =DW21-DV21 -> 6.566 | DY21: 113.44 | DZ21: 119.988 | EA21: =DZ21-DY21 -> 6.548 | EB21: 174.362 | EC21: 159.788 | ED21: =EC21-EB21 -> -14.574 | EE21: =ROUND(CI21/DL21,1) -> 22.4 | EF21: =ROUND(CJ21/DM21,1) -> 22.2 | EG21: =EF21-EE21 -> -0.2 | EH21: 2126 | EI21: 2297 | EJ21: =EI21-EH21 -> 171 | EK21: 124.534 | EL21: 124.703 | EM21: =EL21-EK21 -> 0.169 | EN21: =ROUND(EK21/DL21,1) -> 15.5 | EO21: =ROUND(EL21/DM21,1) -> 15.5 | EP21: =EO21-EN21 -> 0 | EQ21: =ROUND(EK21/CI21,1) -> 0.7 | ER21: =ROUND(EL21/CJ21,1) -> 0.7 | ES21: =ER21-EQ21 -> 0 | ET21: 8.853 | EU21: 8.871 | EV21: =EU21-ET21 -> 0.018 | EW21: 0.174 | EX21: 0.139 | EY21: =EX21-EW21 -> -0.035 | FA21: 12 | FB21: Первомайский | FC21: 12 | FD21: 40 | FE21: 38 | FF21: =FE21-FD21 -> -2 | FG21: 33 | FH21: 32 | FI21: =FH21-FG21 -> -1 | FJ21: 12 | FK21: 11 | FL21: =FK21-FJ21 -> -1 | FM21: 20 | FN21: 20 | FO21: =FN21-FM21 -> 0 | FP21: =ROUND((FK21+FN21)/FH21*100,1) -> 96.9 | FQ21: 2 | FR21: =ROUND(DL21*1000/FG21,0) -> 244 | FS21: =ROUND(DM21*1000/FH21,0) -> 252 | FT21: =FS21-FR21 -> 8 | FU21: =ROUND(EK21/FG21,1) -> 3.8 | FV21: =ROUND(EL21/FH21,1) -> 3.9 | FW21: =FV21-FU21 -> 0.1 | FY21: 12 | FZ21: Первомайский | GA21: 12 | GB21: =GE21+GF21+GG21 -> 27976.8 | GC21: =ROUND(GB21/G21,0) -> 1399 | GD21: 18 | GE21: 27734.4 | GG21: 242.4 | GH21: 128 | GJ21: =ROUND((GE21+GF21)/GB21*100,1) -> 99.1 | GK21: 27976.8 | GL21: 23703.9 | GP21: 985.4 | GS21: =ROUND(GB21/BS21,0) -> 1696 | GT21: 13 | GU21: =ROUND(GB21/DM21,0) -> 3473 | GV21: 11
A22: 13 | B22: Тегульдетский | C22: 13 | D22: =E22+F22 -> 6 | F22: 6 | G22: =H22+I22 -> 6 | I22: 6 | J22: 6 | K22: 6 | N22: =M22-L22 -> 0 | Q22: =P22-O22 -> 0 | R22: =ROUND((L22+O22)/D22*100,1) -> 0 | S22: =ROUND((M22+P22)/G22*100,1) -> 0 | T22: 1 | U22: 1 | V22: 2 | W22: 2 | X22: =W22-V22 -> 0 | Y22: 6 | Z22: 6 | AA22: =Z22-Y22 -> 0 | AB22: 6 | AC22: 6 | AD22: =AC22-AB22 -> 0 | AE22: 5 | AF22: 5 | AG22: =AF22-AE22 -> 0 | AH22: 3 | AI22: 3 | AJ22: =AI22-AH22 -> 0 | AL22: 13 | AM22: Тегульдетский | AN22: 13 | AO22: 5 | AP22: 5 | AQ22: =AP22-AO22 -> 0 | AR22: 5 | AS22: 5 | AT22: =AS22-AR22 -> 0 | AU22: =ROUND(AO22/D22*100,1) -> 83.3 | AV22: =ROUND(AP22/G22*100,1) -> 83.3 | AW22: 1 | AX22: 1 | AY22: =AX22-AW22 -> 0 | AZ22: 1 | BA22: 1 | BB22: =BA22-AZ22 -> 0 | BC22: 1 | BD22: 1 | BE22: =BD22-BC22 -> 0 | BF22: 3.268 | BG22: 3.657 | BH22: =BG22-BF22 -> 0.389 | BI22: 3.268 | BJ22: 3.657 | BK22: =BJ22-BI22 -> 0.389 | BM22: 13 | BN22: Тегульдетский | BO22: 13 | BP22: =BQ22+BR22 -> 6.4 | BR22: 6.4 | BS22: =BT22+BU22 -> 6.5 | BU22: 6.5 | BV22: =ROUND(BP22/D22,2) -> 1.07 | BX22: =ROUND(BR22/F22,2) -> 1.07 | BY22: =ROUND(BS22/G22,2) -> 1.08 | CA22: =ROUND(BU22/I22,2) -> 1.08 | CB22: =BY22-BV22 -> 0.01 | CC22: =BZ22-BW22 -> 0 | CD22: =CA22-BX22 -> 0.01 | CF22: 13 | CG22: Тегульдетский | CH22: 13 | CI22: =CL22+CO22 -> 92.197 | CJ22: =CM22+CP22 -> 87.372 | CK22: =CJ22-CI22 -> -4.825 | CN22: =CM22-CL22 -> 0 | CO22: 92.197 | CP22: 87.372 | CQ22: =CP22-CO22 -> -4.825 | CR22: =CU22+CX22 -> 0.677 | CS22: =CV22+CY22 -> 0.351 | CT22: =CS22-CR22 -> -0.326 | CW22: =CV22-CU22 -> 0 | CX22: 0.677 | CY22: 0.351 | CZ22: =CY22-CX22 -> -0.326 | DA22: =ROUND(CR22*1000/BP22,0) -> 106 | DB22: =ROUND(CS22*1000/BS22,0) -> 54 | DC22: =DB22-DA22 -> -52 | DD22: =ROUND(CI22/BP22,1) -> 14.4 | DE22: =ROUND(CJ22/BS22,1) -> 13.4 | DF22: =DE22-DD22 -> -1 | DG22: 2 | DI22: 13 | DJ22: Тегульдетский | DK22: 13 | DL22: 3.251 | DM22: 3.332 | DN22: =DM22-DL22 -> 0.081 | DO22: 3.193 | DP22: 3.288 | DQ22: =DP22-DO22 -> 0.095 | DR22: =ROUND(DL22/BP22*100,1) -> 50.8 | DS22: =ROUND(DM22/BS22*100,1) -> 51.3 | DT22: =DS22-DR22 -> 0.5 | DU22: 8 | DV22: 64.5 | DW22: 71.302 | DX22: =DW22-DV22 -> 6.802 | DY22: 49.881 | DZ22: 58.44 | EA22: =DZ22-DY22 -> 8.559 | EB22: 2.506 | EC22: 2.407 | ED22: =EC22-EB22 -> -0.099 | EE22: =ROUND(CI22/DL22,1) -> 28.4 | EF22: =ROUND(CJ22/DM22,1) -> 26.2 | EG22: =EF22-EE22 -> -2.2 | EH22: 1409 | EI22: 1544 | EJ22: =EI22-EH22 -> 135 | EK22: 51.124 | EL22: 51.968 | EM22: =EL22-EK22 -> 0.844 | EN22: =ROUND(EK22/DL22,1) -> 15.7 | EO22: =ROUND(EL22/DM22,1) -> 15.6 | EP22: =EO22-EN22 -> -0.1 | EQ22: =ROUND(EK22/CI22,1) -> 0.6 | ER22: =ROUND(EL22/CJ22,1) -> 0.6 | ES22: =ER22-EQ22 -> 0 | ET22: 3.564 | EU22: 3.868 | EV22: =EU22-ET22 -> 0.304 | EY22: =EX22-EW22 -> 0 | FA22: 13 | FB22: Тегульдетский | FC22: 13 | FD22: 18 | FE22: 18 | FF22: =FE22-FD22 -> 0 | FG22: 11 | FH22: 11 | FI22: =FH22-FG22 -> 0 | FJ22: 4 | FK22: 4 | FL22: =FK22-FJ22 -> 0 | FM22: 7 | FN22: 7 | FO22: =FN22-FM22 -> 0 | FP22: =ROUND((FK22+FN22)/FH22*100,1) -> 100 | FQ22: 1 | FR22: =ROUND(DL22*1000/FG22,0) -> 296 | FS22: =ROUND(DM22*1000/FH22,0) -> 303 | FT22: =FS22-FR22 -> 7 | FU22: =ROUND(EK22/FG22,1) -> 4.6 | FV22: =ROUND(EL22/FH22,1) -> 4.7 | FW22: =FV22-FU22 -> 0.1 | FY22: 13 | FZ22: Тегульдетский | GA22: 13 | GB22: =GE22+GF22+GG22 -> 18864.1 | GC22: =ROUND(GB22/G22,0) -> 3144 | GD22: 6 | GE22: 10132.4 | GF22: 8683.9 | GG22: 47.8 | GJ22: =ROUND((GE22+GF22)/GB22*100,1) -> 99.7 | GK22: 18540.6 | GL22: 16041.4 | GN22: 103.1 | GP22: 147 | GQ22: 364.6 | GS22: =ROUND(GB22/BS22,0) -> 2902 | GT22: 5 | GU22: =ROUND(GB22/DM22,0) -> 5661 | GV22: 6
A23: 14 | B23: Томский | C23: 14 | D23: =E23+F23 -> 39 | F23: 39 | G23: =H23+I23 -> 39 | I23: 39 | J23: 38 | K23: 37 | N23: =M23-L23 -> 0 | Q23: =P23-O23 -> 0 | R23: =ROUND((L23+O23)/D23*100,1) -> 0 | S23: =ROUND((M23+P23)/G23*100,1) -> 0 | V23: 3 | W23: 2 | X23: =W23-V23 -> -1 | Y23: 39 | Z23: 39 | AA23: =Z23-Y23 -> 0 | AB23: 34 | AC23: 34 | AD23: =AC23-AB23 -> 0 | AE23: 34 | AF23: 34 | AG23: =AF23-AE23 -> 0 | AH23: 3 | AI23: 2 | AJ23: =AI23-AH23 -> -1 | AL23: 14 | AM23: Томский | AN23: 14 | AO23: 37 | AP23: 37 | AQ23: =AP23-AO23 -> 0 | AR23: 34 | AS23: 34 | AT23: =AS23-AR23 -> 0 | AU23: =ROUND(AO23/D23*100,1) -> 94.9 | AV23: =ROUND(AP23/G23*100,1) -> 94.9 | AW23: 39 | AX23: 39 | AY23: =AX23-AW23 -> 0 | AZ23: 1 | BA23: 1 | BB23: =BA23-AZ23 -> 0 | BC23: 1 | BD23: 1 | BE23: =BD23-BC23 -> 0 | BF23: 111.51 | BG23: 121.953 | BH23: =BG23-BF23 -> 10.443 | BI23: 111.51 | BJ23: 121.953 | BK23: =BJ23-BI23 -> 10.443 | BM23: 14 | BN23: Томский | BO23: 14 | BP23: =BQ23+BR23 -> 88.8 | BR23: 88.8 | BS23: =BT23+BU23 -> 89.3 | BU23: 89.3 | BV23: =ROUND(BP23/D23,2) -> 2.28 | BX23: =ROUND(BR23/F23,2) -> 2.28 | BY23: =ROUND(BS23/G23,2) -> 2.29 | CA23: =ROUND(BU23/I23,2) -> 2.29 | CB23: =BY23-BV23 -> 0.01 | CC23: =BZ23-BW23 -> 0 | CD23: =CA23-BX23 -> 0.01 | CF23: 14 | CG23: Томский | CH23: 14 | CI23: =CL23+CO23 -> 285.225 | CJ23: =CM23+CP23 -> 280.044 | CK23: =CJ23-CI23 -> -5.181 | CN23: =CM23-CL23 -> 0 | CO23: 285.225 | CP23: 280.044 | CQ23: =CP23-CO23 -> -5.181 | CR23: =CU23+CX23 -> 4.957 | CS23: =CV23+CY23 -> 3.046 | CT23: =CS23-CR23 -> -1.911 | CW23: =CV23-CU23 -> 0 | CX23: 4.957 | CY23: 3.046 | CZ23: =CY23-CX23 -> -1.911 | DA23: =ROUND(CR23*1000/BP23,0) -> 56 | DB23: =ROUND(CS23*1000/BS23,0) -> 34 | DC23: =DB23-DA23 -> -22 | DD23: =ROUND(CI23/BP23,1) -> 3.2 | DE23: =ROUND(CJ23/BS23,1) -> 3.1 | DF23: =DE23-DD23 -> -0.1 | DG23: 18 | DI23: 14 | DJ23: Томский | DK23: 14 | DL23: 11.416 | DM23: 11.481 | DN23: =DM23-DL23 -> 0.065 | DO23: 11.26 | DP23: 11.35 | DQ23: =DP23-DO23 -> 0.09 | DR23: =ROUND(DL23/BP23*100,1) -> 12.9 | DS23: =ROUND(DM23/BS23*100,1) -> 12.9 | DT23: =DS23-DR23 -> 0 | DU23: 18 | DV23: 210.768 | DW23: 236.396 | DX23: =DW23-DV23 -> 25.628 | DY23: 189.815 | DZ23: 212.199 | EA23: =DZ23-DY23 -> 22.384 | EB23: 121.372 | EC23: 107.852 | ED23: =EC23-EB23 -> -13.52 | EE23: =ROUND(CI23/DL23,1) -> 25 | EF23: =ROUND(CJ23/DM23,1) -> 24.4 | EG23: =EF23-EE23 -> -0.6 | EH23: 3597 | EI23: 3438 | EJ23: =EI23-EH23 -> -159 | EK23: 282.743 | EL23: 288.161 | EM23: =EL23-EK23 -> 5.418 | EN23: =ROUND(EK23/DL23,1) -> 24.8 | EO23: =ROUND(EL23/DM23,1) -> 25.1 | EP23: =EO23-EN23 -> 0.3 | EQ23: =ROUND(EK23/CI23,1) -> 1 | ER23: =ROUND(EL23/CJ23,1) -> 1 | ES23: =ER23-EQ23 -> 0 | ET23: 9.273 | EU23: 10.8 | EV23: =EU23-ET23 -> 1.527 | EW23: 0.072 | EX23: 1.119 | EY23: =EX23-EW23 -> 1.047 | FA23: 14 | FB23: Томский | FC23: 14 | FD23: 61 | FE23: 60 | FF23: =FE23-FD23 -> -1 | FG23: 55 | FH23: 55 | FI23: =FH23-FG23 -> 0 | FJ23: 20 | FK23: 21 | FL23: =FK23-FJ23 -> 1 | FM23: 35 | FN23: 34 | FO23: =FN23-FM23 -> -1 | FP23: =ROUND((FK23+FN23)/FH23*100,1) -> 100 | FQ23: 1 | FR23: =ROUND(DL23*1000/FG23,0) -> 208 | FS23: =ROUND(DM23*1000/FH23,0) -> 209 | FT23: =FS23-FR23 -> 1 | FU23: =ROUND(EK23/FG23,1) -> 5.1 | FV23: =ROUND(EL23/FH23,1) -> 5.2 | FW23: =FV23-FU23 -> 0.1 | FY23: 14 | FZ23: Томский | GA23: 14 | GB23: =GE23+GF23+GG23 -> 56158.8 | GC23: =ROUND(GB23/G23,0) -> 1440 | GD23: 17 | GE23: 56054.8 | GG23: 104 | GJ23: =ROUND((GE23+GF23)/GB23*100,1) -> 99.8 | GK23: 56222.9 | GL23: 37147.7 | GN23: 136.4 | GP23: 1078.7 | GS23: =ROUND(GB23/BS23,0) -> 629 | GT23: 19 | GU23: =ROUND(GB23/DM23,0) -> 4891 | GV23: 8
A24: 15 | B24: Чаинский | C24: 15 | D24: =E24+F24 -> 16 | F24: 16 | G24: =H24+I24 -> 16 | I24: 16 | J24: 1 | K24: 1 | N24: =M24-L24 -> 0 | Q24: =P24-O24 -> 0 | R24: =ROUND((L24+O24)/D24*100,1) -> 0 | S24: =ROUND((M24+P24)/G24*100,1) -> 0 | V24: 3 | W24: 3 | X24: =W24-V24 -> 0 | Y24: 15 | Z24: 15 | AA24: =Z24-Y24 -> 0 | AB24: 15 | AC24: 15 | AD24: =AC24-AB24 -> 0 | AE24: 15 | AF24: 15 | AG24: =AF24-AE24 -> 0 | AH24: 3 | AI24: 3 | AJ24: =AI24-AH24 -> 0 | AL24: 15 | AM24: Чаинский | AN24: 15 | AO24: 15 | AP24: 15 | AQ24: =AP24-AO24 -> 0 | AR24: 15 | AS24: 15 | AT24: =AS24-AR24 -> 0 | AU24: =ROUND(AO24/D24*100,1) -> 93.8 | AV24: =ROUND(AP24/G24*100,1) -> 93.8 | AW24: 15 | AX24: 15 | AY24: =AX24-AW24 -> 0 | AZ24: 1 | BA24: 1 | BB24: =BA24-AZ24 -> 0 | BC24: 1 | BD24: 1 | BE24: =BD24-BC24 -> 0 | BF24: 54.515 | BG24: 57.813 | BH24: =BG24-BF24 -> 3.298 | BI24: 54.515 | BJ24: 57.813 | BK24: =BJ24-BI24 -> 3.298 | BM24: 15 | BN24: Чаинский | BO24: 15 | BP24: =BQ24+BR24 -> 11.7 | BR24: 11.7 | BS24: =BT24+BU24 -> 11.6 | BU24: 11.6 | BV24: =ROUND(BP24/D24,2) -> 0.73 | BX24: =ROUND(BR24/F24,2) -> 0.73 | BY24: =ROUND(BS24/G24,2) -> 0.73 | CA24: =ROUND(BU24/I24,2) -> 0.73 | CB24: =BY24-BV24 -> 0 | CC24: =BZ24-BW24 -> 0 | CD24: =CA24-BX24 -> 0 | CF24: 15 | CG24: Чаинский | CH24: 15 | CI24: =CL24+CO24 -> 131.303 | CJ24: =CM24+CP24 -> 133.263 | CK24: =CJ24-CI24 -> 1.96 | CN24: =CM24-CL24 -> 0 | CO24: 131.303 | CP24: 133.263 | CQ24: =CP24-CO24 -> 1.96 | CR24: =CU24+CX24 -> 4.191 | CS24: =CV24+CY24 -> 3.569 | CT24: =CS24-CR24 -> -0.622 | CW24: =CV24-CU24 -> 0 | CX24: 4.191 | CY24: 3.569 | CZ24: =CY24-CX24 -> -0.622 | DA24: =ROUND(CR24*1000/BP24,0) -> 358 | DB24: =ROUND(CS24*1000/BS24,0) -> 308 | DC24: =DB24-DA24 -> -50 | DD24: =ROUND(CI24/BP24,1) -> 11.2 | DE24: =ROUND(CJ24/BS24,1) -> 11.5 | DF24: =DE24-DD24 -> 0.3 | DG24: 3 | DI24: 15 | DJ24: Чаинский | DK24: 15 | DL24: 7.444 | DM24: 7.782 | DN24: =DM24-DL24 -> 0.338 | DO24: 7.328 | DP24: 7.691 | DQ24: =DP24-DO24 -> 0.363 | DR24: =ROUND(DL24/BP24*100,1) -> 63.6 | DS24: =ROUND(DM24/BS24*100,1) -> 67.1 | DT24: =DS24-DR24 -> 3.5 | DU24: 3 | DV24: 146.243 | DW24: 168.195 | DX24: =DW24-DV24 -> 21.952 | DY24: 102.907 | DZ24: 145.999 | EA24: =DZ24-DY24 -> 43.092 | EB24: 31.642 | EC24: 69.376 | ED24: =EC24-EB24 -> 37.734 | EE24: =ROUND(CI24/DL24,1) -> 17.6 | EF24: =ROUND(CJ24/DM24,1) -> 17.1 | EG24: =EF24-EE24 -> -0.5 | EH24: 1687 | EI24: 1860 | EJ24: =EI24-EH24 -> 173 | EK24: 220.64 | EL24: 253.03 | EM24: =EL24-EK24 -> 32.39 | EN24: =ROUND(EK24/DL24,1) -> 29.6 | EO24: =ROUND(EL24/DM24,1) -> 32.5 | EP24: =EO24-EN24 -> 2.9 | EQ24: =ROUND(EK24/CI24,1) -> 1.7 | ER24: =ROUND(EL24/CJ24,1) -> 1.9 | ES24: =ER24-EQ24 -> 0.2 | ET24: 13.473 | EU24: 15.355 | EV24: =EU24-ET24 -> 1.882 | EW24: 0.026 | EX24: 0.011 | EY24: =EX24-EW24 -> -0.015 | FA24: 15 | FB24: Чаинский | FC24: 15 | FD24: 29 | FE24: 29 | FF24: =FE24-FD24 -> 0 | FG24: 27 | FH24: 27 | FI24: =FH24-FG24 -> 0 | FJ24: 11 | FK24: 13 | FL24: =FK24-FJ24 -> 2 | FM24: 16 | FN24: 14 | FO24: =FN24-FM24 -> -2 | FP24: =ROUND((FK24+FN24)/FH24*100,1) -> 100 | FQ24: 1 | FR24: =ROUND(DL24*1000/FG24,0) -> 276 | FS24: =ROUND(DM24*1000/FH24,0) -> 288 | FT24: =FS24-FR24 -> 12 | FU24: =ROUND(EK24/FG24,1) -> 8.2 | FV24: =ROUND(EL24/FH24,1) -> 9.4 | FW24: =FV24-FU24 -> 1.2 | FY24: 15 | FZ24: Чаинский | GA24: 15 | GB24: =GE24+GF24+GG24 -> 37743.8 | GC24: =ROUND(GB24/G24,0) -> 2359 | GD24: 11 | GE24: 36187.7 | GG24: 1556.1 | GJ24: =ROUND((GE24+GF24)/GB24*100,1) -> 95.9 | GK24: 37806.1 | GL24: 30989.7 | GN24: 2323 | GP24: 940 | GS24: =ROUND(GB24/BS24,0) -> 3254 | GT24: 4 | GU24: =ROUND(GB24/DM24,0) -> 4850 | GV24: 9
A25: 16 | B25: Шегарский | C25: 16 | D25: =E25+F25 -> 16 | F25: 16 | G25: =H25+I25 -> 16 | I25: 16 | J25: 15 | K25: 15 | N25: =M25-L25 -> 0 | Q25: =P25-O25 -> 0 | R25: =ROUND((L25+O25)/D25*100,1) -> 0 | S25: =ROUND((M25+P25)/G25*100,1) -> 0 | T25: 1 | U25: 1 | V25: 6 | W25: 6 | X25: =W25-V25 -> 0 | Y25: 16 | Z25: 16 | AA25: =Z25-Y25 -> 0 | AB25: 16 | AC25: 16 | AD25: =AC25-AB25 -> 0 | AE25: 15 | AF25: 15 | AG25: =AF25-AE25 -> 0 | AH25: 10 | AI25: 10 | AJ25: =AI25-AH25 -> 0 | AL25: 16 | AM25: Шегарский | AN25: 16 | AO25: 15 | AP25: 16 | AQ25: =AP25-AO25 -> 1 | AR25: 15 | AS25: 16 | AT25: =AS25-AR25 -> 1 | AU25: =ROUND(AO25/D25*100,1) -> 93.8 | AV25: =ROUND(AP25/G25*100,1) -> 100 | AW25: 1 | AX25: 1 | AY25: =AX25-AW25 -> 0 | AZ25: 1 | BA25: 1 | BB25: =BA25-AZ25 -> 0 | BC25: 1 | BD25: 1 | BE25: =BD25-BC25 -> 0 | BF25: 14.356 | BG25: 15.419 | BH25: =BG25-BF25 -> 1.063 | BI25: 14.356 | BJ25: 15.419 | BK25: =BJ25-BI25 -> 1.063 | BM25: 16 | BN25: Шегарский | BO25: 16 | BP25: =BQ25+BR25 -> 19.9 | BR25: 19.9 | BS25: =BT25+BU25 -> 19.6 | BU25: 19.6 | BV25: =ROUND(BP25/D25,2) -> 1.24 | BX25: =ROUND(BR25/F25,2) -> 1.24 | BY25: =ROUND(BS25/G25,2) -> 1.23 | CA25: =ROUND(BU25/I25,2) -> 1.23 | CB25: =BY25-BV25 -> -0.01 | CC25: =BZ25-BW25 -> 0 | CD25: =CA25-BX25 -> -0.01 | CF25: 16 | CG25: Шегарский | CH25: 16 | CI25: =CL25+CO25 -> 140.352 | CJ25: =CM25+CP25 -> 142.539 | CK25: =CJ25-CI25 -> 2.187 | CN25: =CM25-CL25 -> 0 | CO25: 140.352 | CP25: 142.539 | CQ25: =CP25-CO25 -> 2.187 | CR25: =CU25+CX25 -> 1.909 | CS25: =CV25+CY25 -> 2.59 | CT25: =CS25-CR25 -> 0.681 | CW25: =CV25-CU25 -> 0 | CX25: 1.909 | CY25: 2.59 | CZ25: =CY25-CX25 -> 0.681 | DA25: =ROUND(CR25*1000/BP25,0) -> 96 | DB25: =ROUND(CS25*1000/BS25,0) -> 132 | DC25: =DB25-DA25 -> 36 | DD25: =ROUND(CI25/BP25,1) -> 7.1 | DE25: =ROUND(CJ25/BS25,1) -> 7.3 | DF25: =DE25-DD25 -> 0.2 | DG25: 12 | DI25: 16 | DJ25: Шегарский | DK25: 16 | DL25: 11.243 | DM25: 11.574 | DN25: =DM25-DL25 -> 0.331 | DO25: 9.662 | DP25: 9.974 | DQ25: =DP25-DO25 -> 0.312 | DR25: =ROUND(DL25/BP25*100,1) -> 56.5 | DS25: =ROUND(DM25/BS25*100,1) -> 59.1 | DT25: =DS25-DR25 -> 2.6 | DU25: 5 | DV25: 163.587 | DW25: 187.684 | DX25: =DW25-DV25 -> 24.097 | DY25: 155.013 | DZ25: 177.704 | EA25: =DZ25-DY25 -> 22.691 | EB25: 131.953 | EC25: 149.02 | ED25: =EC25-EB25 -> 17.067 | EE25: =ROUND(CI25/DL25,1) -> 12.5 | EF25: =ROUND(CJ25/DM25,1) -> 12.3 | EG25: =EF25-EE25 -> -0.2 | EH25: 2857 | EI25: 1698 | EJ25: =EI25-EH25 -> -1159 | EK25: 271.27 | EL25: 286.622 | EM25: =EL25-EK25 -> 15.352 | EN25: =ROUND(EK25/DL25,1) -> 24.1 | EO25: =ROUND(EL25/DM25,1) -> 24.8 | EP25: =EO25-EN25 -> 0.7 | EQ25: =ROUND(EK25/CI25,1) -> 1.9 | ER25: =ROUND(EL25/CJ25,1) -> 2 | ES25: =ER25-EQ25 -> 0.1 | ET25: 5.464 | EU25: 6.179 | EV25: =EU25-ET25 -> 0.715 | EW25: 0.396 | EY25: =EX25-EW25 -> -0.396 | FA25: 16 | FB25: Шегарский | FC25: 16 | FD25: 39 | FE25: 38 | FF25: =FE25-FD25 -> -1 | FG25: 26 | FH25: 26 | FI25: =FH25-FG25 -> 0 | FJ25: 10 | FK25: 10 | FL25: =FK25-FJ25 -> 0 | FM25: 14 | FN25: 15 | FO25: =FN25-FM25 -> 1 | FP25: =ROUND((FK25+FN25)/FH25*100,1) -> 96.2 | FQ25: 3 | FR25: =ROUND(DL25*1000/FG25,0) -> 432 | FS25: =ROUND(DM25*1000/FH25,0) -> 445 | FT25: =FS25-FR25 -> 13 | FU25: =ROUND(EK25/FG25,1) -> 10.4 | FV25: =ROUND(EL25/FH25,1) -> 11 | FW25: =FV25-FU25 -> 0.6 | FY25: 16 | FZ25: Шегарский | GA25: 16 | GB25: =GE25+GF25+GG25 -> 28691.7 | GC25: =ROUND(GB25/G25,0) -> 1793 | GD25: 14 | GE25: 14304.5 | GF25: 14345.2 | GG25: 42 | GH25: 22 | GJ25: =ROUND((GE25+GF25)/GB25*100,1) -> 99.9 | GK25: 28252.3 | GL25: 24190.1 | GM25: 364.7 | GN25: 130.2 | GP25: 316.9 | GQ25: 87.6 | GS25: =ROUND(GB25/BS25,0) -> 1464 | GT25: 14 | GU25: =ROUND(GB25/DM25,0) -> 2479 | GV25: 18
A26: 17 | B26: г.Кедровый | C26: 17 | D26: =E26+F26 -> 2 | E26: 1 | F26: 1 | G26: =H26+I26 -> 2 | H26: 1 | I26: 1 | J26: 2 | K26: 2 | N26: =M26-L26 -> 0 | Q26: =P26-O26 -> 0 | R26: =ROUND((L26+O26)/D26*100,1) -> 0 | S26: =ROUND((M26+P26)/G26*100,1) -> 0 | X26: =W26-V26 -> 0 | Y26: 2 | Z26: 2 | AA26: =Z26-Y26 -> 0 | AB26: 2 | AC26: 2 | AD26: =AC26-AB26 -> 0 | AE26: 2 | AF26: 2 | AG26: =AF26-AE26 -> 0 | AJ26: =AI26-AH26 -> 0 | AL26: 17 | AM26: г.Кедровый | AN26: 17 | AO26: 2 | AP26: 2 | AQ26: =AP26-AO26 -> 0 | AR26: 2 | AS26: 2 | AT26: =AS26-AR26 -> 0 | AU26: =ROUND(AO26/D26*100,1) -> 100 | AV26: =ROUND(AP26/G26*100,1) -> 100 | AW26: 2 | AX26: 2 | AY26: =AX26-AW26 -> 0 | AZ26: 1 | BA26: 1 | BB26: =BA26-AZ26 -> 0 | BC26: 1 | BD26: 1 | BE26: =BD26-BC26 -> 0 | BF26: 14.465 | BG26: 15.406 | BH26: =BG26-BF26 -> 0.941 | BI26: 14.465 | BJ26: 15.406 | BK26: =BJ26-BI26 -> 0.941 | BM26: 17 | BN26: г.Кедровый | BO26: 17 | BP26: =BQ26+BR26 -> 2.6 | BQ26: 1.8 | BR26: 0.8 | BS26: =BT26+BU26 -> 2.6 | BT26: 1.8 | BU26: 0.8 | BV26: =ROUND(BP26/D26,2) -> 1.3 | BW26: =ROUND(BQ26/E26,2) -> 1.8 | BX26: =ROUND(BR26/F26,2) -> 0.8 | BY26: =ROUND(BS26/G26,2) -> 1.3 | BZ26: =ROUND(BT26/H26,2) -> 1.8 | CA26: =ROUND(BU26/I26,2) -> 0.8 | CB26: =BY26-BV26 -> 0 | CC26: =BZ26-BW26 -> 0 | CD26: =CA26-BX26 -> 0 | CF26: 17 | CG26: г.Кедровый | CH26: 17 | CI26: =CL26+CO26 -> 26.229 | CJ26: =CM26+CP26 -> 25.788 | CK26: =CJ26-CI26 -> -0.441 | CL26: 16.007 | CM26: 15.818 | CN26: =CM26-CL26 -> -0.189 | CO26: 10.222 | CP26: 9.97 | CQ26: =CP26-CO26 -> -0.252 | CR26: =CU26+CX26 -> 0.396 | CS26: =CV26+CY26 -> 0.322 | CT26: =CS26-CR26 -> -0.074 | CU26: 0.241 | CV26: 0.239 | CW26: =CV26-CU26 -> -0.002 | CX26: 0.155 | CY26: 0.083 | CZ26: =CY26-CX26 -> -0.072 | DA26: =ROUND(CR26*1000/BP26,0) -> 152 | DB26: =ROUND(CS26*1000/BS26,0) -> 124 | DC26: =DB26-DA26 -> -28 | DD26: =ROUND(CI26/BP26,1) -> 10.1 | DE26: =ROUND(CJ26/BS26,1) -> 9.9 | DF26: =DE26-DD26 -> -0.2 | DG26: 7 | DI26: 17 | DJ26: г.Кедровый | DK26: 17 | DL26: 1.134 | DM26: 0.921 | DN26: =DM26-DL26 -> -0.213 | DO26: 1.134 | DP26: 0.921 | DQ26: =DP26-DO26 -> -0.213 | DR26: =ROUND(DL26/BP26*100,1) -> 43.6 | DS26: =ROUND(DM26/BS26*100,1) -> 35.4 | DT26: =DS26-DR26 -> -8.2 | DU26: 15 | DV26: 8.77 | DW26: 9.359 | DX26: =DW26-DV26 -> 0.589 | DY26: 7.996 | DZ26: 8.069 | EA26: =DZ26-DY26 -> 0.073 | EB26: 3.915 | EC26: 7.032 | ED26: =EC26-EB26 -> 3.117 | EE26: =ROUND(CI26/DL26,1) -> 23.1 | EF26: =ROUND(CJ26/DM26,1) -> 28 | EG26: =EF26-EE26 -> 4.9 | EH26: 307 | EI26: 398 | EJ26: =EI26-EH26 -> 91 | EK26: 12.014 | EL26: 12.039 | EM26: =EL26-EK26 -> 0.025 | EN26: =ROUND(EK26/DL26,1) -> 10.6 | EO26: =ROUND(EL26/DM26,1) -> 13.1 | EP26: =EO26-EN26 -> 2.5 | EQ26: =ROUND(EK26/CI26,1) -> 0.5 | ER26: =ROUND(EL26/CJ26,1) -> 0.5 | ES26: =ER26-EQ26 -> 0 | ET26: 2.673 | EU26: 2.511 | EV26: =EU26-ET26 -> -0.162 | EW26: 0.001 | EY26: =EX26-EW26 -> -0.001 | FA26: 17 | FB26: г.Кедровый | FC26: 17 | FD26: 7 | FE26: 7 | FF26: =FE26-FD26 -> 0 | FG26: 6 | FH26: 5 | FI26: =FH26-FG26 -> -1 | FJ26: 1 | FL26: =FK26-FJ26 -> -1 | FM26: 5 | FN26: 5 | FO26: =FN26-FM26 -> 0 | FP26: =ROUND((FK26+FN26)/FH26*100,1) -> 100 | FQ26: 1 | FR26: =ROUND(DL26*1000/FG26,0) -> 189 | FS26: =ROUND(DM26*1000/FH26,0) -> 184 | FT26: =FS26-FR26 -> -5 | FU26: =ROUND(EK26/FG26,1) -> 2 | FV26: =ROUND(EL26/FH26,1) -> 2.4 | FW26: =FV26-FU26 -> 0.4 | FY26: 17 | FZ26: г.Кедровый | GA26: 17 | GB26: =GE26+GF26+GG26 -> 9445.5 | GC26: =ROUND(GB26/G26,0) -> 4723 | GD26: 4 | GE26: 4069.9 | GF26: 5375.6 | GJ26: =ROUND((GE26+GF26)/GB26*100,1) -> 100 | GK26: 9440.6 | GL26: 7547.7 | GM26: 595.7 | GN26: 259 | GP26: 176 | GQ26: 85 | GS26: =ROUND(GB26/BS26,0) -> 3633 | GT26: 2 | GU26: =ROUND(GB26/DM26,0) -> 10256 | GV26: 1
A27: 18 | B27: г.Стрежевой | C27: 18 | D27: =E27+F27 -> 2 | E27: 2 | G27: =H27+I27 -> 3 | H27: 3 | J27: 2 | K27: 3 | N27: =M27-L27 -> 0 | Q27: =P27-O27 -> 0 | R27: =ROUND((L27+O27)/D27*100,1) -> 0 | S27: =ROUND((M27+P27)/G27*100,1) -> 0 | U27: 1 | V27: 1 | W27: 1 | X27: =W27-V27 -> 0 | Y27: 2 | Z27: 3 | AA27: =Z27-Y27 -> 1 | AB27: 2 | AC27: 3 | AD27: =AC27-AB27 -> 1 | AE27: 2 | AF27: 3 | AG27: =AF27-AE27 -> 1 | AH27: 5 | AI27: 6 | AJ27: =AI27-AH27 -> 1 | AL27: 18 | AM27: г.Стрежевой | AN27: 18 | AO27: 2 | AP27: 3 | AQ27: =AP27-AO27 -> 1 | AR27: 2 | AS27: 3 | AT27: =AS27-AR27 -> 1 | AU27: =ROUND(AO27/D27*100,1) -> 100 | AV27: =ROUND(AP27/G27*100,1) -> 100 | AW27: 2 | AX27: 2 | AY27: =AX27-AW27 -> 0 | AZ27: 1 | BA27: 1 | BB27: =BA27-AZ27 -> 0 | BC27: 1 | BD27: 1 | BE27: =BD27-BC27 -> 0 | BF27: 69.419 | BG27: 70.494 | BH27: =BG27-BF27 -> 1.075 | BI27: 69.419 | BJ27: 70.494 | BK27: =BJ27-BI27 -> 1.075 | BM27: 18 | BN27: г.Стрежевой | BO27: 18 | BP27: =BQ27+BR27 -> 38.1 | BQ27: 38.1 | BS27: =BT27+BU27 -> 37.5 | BT27: 37.5 | BV27: =ROUND(BP27/D27,2) -> 19.05 | BW27: =ROUND(BQ27/E27,2) -> 19.05 | BY27: =ROUND(BS27/G27,2) -> 12.5 | BZ27: =ROUND(BT27/H27,2) -> 12.5 | CB27: =BY27-BV27 -> -6.55 | CC27: =BZ27-BW27 -> -6.55 | CD27: =CA27-BX27 -> 0 | CF27: 18 | CG27: г.Стрежевой | CH27: 18 | CI27: =CL27+CO27 -> 147.626 | CJ27: =CM27+CP27 -> 145.858 | CK27: =CJ27-CI27 -> -1.768 | CL27: 147.626 | CM27: 145.858 | CN27: =CM27-CL27 -> -1.768 | CQ27: =CP27-CO27 -> 0 | CR27: =CU27+CX27 -> 0.671 | CS27: =CV27+CY27 -> 0.767 | CT27: =CS27-CR27 -> 0.096 | CU27: 0.671 | CV27: 0.767 | CW27: =CV27-CU27 -> 0.096 | CZ27: =CY27-CX27 -> 0 | DA27: =ROUND(CR27*1000/BP27,0) -> 18 | DB27: =ROUND(CS27*1000/BS27,0) -> 20 | DC27: =DB27-DA27 -> 2 | DD27: =ROUND(CI27/BP27,1) -> 3.9 | DE27: =ROUND(CJ27/BS27,1) -> 3.9 | DF27: =DE27-DD27 -> 0 | DG27: 16 | DI27: 18 | DJ27: г.Стрежевой | DK27: 18 | DL27: 13.092 | DM27: 11.544 | DN27: =DM27-DL27 -> -1.548 | DO27: 12.913 | DP27: 11.394 | DQ27: =DP27-DO27 -> -1.519 | DR27: =ROUND(DL27/BP27*100,1) -> 34.4 | DS27: =ROUND(DM27/BS27*100,1) -> 30.8 | DT27: =DS27-DR27 -> -3.6 | DU27: 16 | DV27: 210.268 | DW27: 244.776 | DX27: =DW27-DV27 -> 34.508 | DY27: 133.088 | DZ27: 182.736 | EA27: =DZ27-DY27 -> 49.648 | EB27: 7.071 | EC27: 11.114 | ED27: =EC27-EB27 -> 4.043 | EE27: =ROUND(CI27/DL27,1) -> 11.3 | EF27: =ROUND(CJ27/DM27,1) -> 12.6 | EG27: =EF27-EE27 -> 1.3 | EH27: 847 | EI27: 881 | EJ27: =EI27-EH27 -> 34 | EK27: 339.07 | EL27: 290.731 | EM27: =EL27-EK27 -> -48.339 | EN27: =ROUND(EK27/DL27,1) -> 25.9 | EO27: =ROUND(EL27/DM27,1) -> 25.2 | EP27: =EO27-EN27 -> -0.7 | EQ27: =ROUND(EK27/CI27,1) -> 2.3 | ER27: =ROUND(EL27/CJ27,1) -> 2 | ES27: =ER27-EQ27 -> -0.3 | ET27: 32.638 | EU27: 31.009 | EV27: =EU27-ET27 -> -1.629 | EY27: =EX27-EW27 -> 0 | FA27: 18 | FB27: г.Стрежевой | FC27: 18 | FD27: 26 | FE27: 26 | FF27: =FE27-FD27 -> 0 | FG27: 23 | FH27: 25 | FI27: =FH27-FG27 -> 2 | FJ27: 13 | FK27: 12 | FL27: =FK27-FJ27 -> -1 | FM27: 7 | FN27: 10 | FO27: =FN27-FM27 -> 3 | FP27: =ROUND((FK27+FN27)/FH27*100,1) -> 88 | FQ27: 9 | FR27: =ROUND(DL27*1000/FG27,0) -> 569 | FS27: =ROUND(DM27*1000/FH27,0) -> 462 | FT27: =FS27-FR27 -> -107 | FU27: =ROUND(EK27/FG27,1) -> 14.7 | FV27: =ROUND(EL27/FH27,1) -> 11.6 | FW27: =FV27-FU27 -> -3.1 | FY27: 18 | FZ27: г.Стрежевой | GA27: 18 | GB27: =GE27+GF27+GG27 -> 32665.5 | GC27: =ROUND(GB27/G27,0) -> 10889 | GD27: 2 | GE27: 32343.4 | GF27: 141.5 | GG27: 180.6 | GI27: 22.2 | GJ27: =ROUND((GE27+GF27)/GB27*100,1) -> 99.4 | GK27: 32297.8 | GL27: 25697.1 | GN27: 997.2 | GO27: 780.4 | GP27: 320 | GQ27: 36.1 | GS27: =ROUND(GB27/BS27,0) -> 871 | GT27: 18 | GU27: =ROUND(GB27/DM27,0) -> 2830 | GV27: 14
A28: 19 | B28: г.Томск | C28: 19 | D28: =E28+F28 -> 26 | E28: 26 | G28: =H28+I28 -> 26 | H28: 26 | J28: 26 | K28: 26 | N28: =M28-L28 -> 0 | Q28: =P28-O28 -> 0 | R28: =ROUND((L28+O28)/D28*100,1) -> 0 | S28: =ROUND((M28+P28)/G28*100,1) -> 0 | V28: 3 | W28: 3 | X28: =W28-V28 -> 0 | Y28: 26 | Z28: 26 | AA28: =Z28-Y28 -> 0 | AB28: 24 | AC28: 24 | AD28: =AC28-AB28 -> 0 | AE28: 24 | AF28: 24 | AG28: =AF28-AE28 -> 0 | AH28: 10 | AI28: 10 | AJ28: =AI28-AH28 -> 0 | AL28: 19 | AM28: г.Томск | AN28: 19 | AO28: 26 | AP28: 26 | AQ28: =AP28-AO28 -> 0 | AR28: 26 | AS28: 26 | AT28: =AS28-AR28 -> 0 | AU28: =ROUND(AO28/D28*100,1) -> 100 | AV28: =ROUND(AP28/G28*100,1) -> 100 | AW28: 3 | AX28: 3 | AY28: =AX28-AW28 -> 0 | AZ28: 1 | BA28: 1 | BB28: =BA28-AZ28 -> 0 | BC28: 1 | BD28: 1 | BE28: =BD28-BC28 -> 0 | BF28: 369.406 | BG28: 371.556 | BH28: =BG28-BF28 -> 2.15 | BI28: 369.406 | BJ28: 371.556 | BK28: =BJ28-BI28 -> 2.15 | BM28: 19 | BN28: г.Томск | BO28: 19 | BP28: =BQ28+BR28 -> 572 | BQ28: 572 | BS28: =BT28+BU28 -> 565.8 | BT28: 565.8 | BV28: =ROUND(BP28/D28,2) -> 22 | BW28: =ROUND(BQ28/E28,2) -> 22 | BY28: =ROUND(BS28/G28,2) -> 21.76 | BZ28: =ROUND(BT28/H28,2) -> 21.76 | CB28: =BY28-BV28 -> -0.24 | CC28: =BZ28-BW28 -> -0.24 | CD28: =CA28-BX28 -> 0 | CF28: 19 | CG28: г.Томск | CH28: 19 | CI28: =CL28+CO28 -> 412.786 | CJ28: =CM28+CP28 -> 418.411 | CK28: =CJ28-CI28 -> 5.625 | CL28: 412.786 | CM28: 418.411 | CN28: =CM28-CL28 -> 5.625 | CQ28: =CP28-CO28 -> 0 | CR28: =CU28+CX28 -> 17.03 | CS28: =CV28+CY28 -> 18.529 | CT28: =CS28-CR28 -> 1.499 | CU28: 17.03 | CV28: 18.529 | CW28: =CV28-CU28 -> 1.499 | CZ28: =CY28-CX28 -> 0 | DA28: =ROUND(CR28*1000/BP28,0) -> 30 | DB28: =ROUND(CS28*1000/BS28,0) -> 33 | DC28: =DB28-DA28 -> 3 | DD28: =ROUND(CI28/BP28,1) -> 0.7 | DE28: =ROUND(CJ28/BS28,1) -> 0.7 | DF28: =DE28-DD28 -> 0 | DG28: 19 | DI28: 19 | DJ28: г.Томск | DK28: 19 | DL28: 69.107 | DM28: 69.954 | DN28: =DM28-DL28 -> 0.847 | DO28: 66.108 | DP28: 66.938 | DQ28: =DP28-DO28 -> 0.83 | DR28: =ROUND(DL28/BP28*100,1) -> 12.1 | DS28: =ROUND(DM28/BS28*100,1) -> 12.4 | DT28: =DS28-DR28 -> 0.3 | DU28: 19 | DV28: 725.466 | DW28: 879.893 | DX28: =DW28-DV28 -> 154.427 | DY28: 671.862 | DZ28: 809.163 | EA28: =DZ28-DY28 -> 137.301 | EB28: 183.076 | EC28: 215.519 | ED28: =EC28-EB28 -> 32.443 | EE28: =ROUND(CI28/DL28,1) -> 6 | EF28: =ROUND(CJ28/DM28,1) -> 6 | EG28: =EF28-EE28 -> 0 | EH28: 4363 | EI28: 5021 | EJ28: =EI28-EH28 -> 658 | EK28: 1148.425 | EL28: 1196.444 | EM28: =EL28-EK28 -> 48.019 | EN28: =ROUND(EK28/DL28,1) -> 16.6 | EO28: =ROUND(EL28/DM28,1) -> 17.1 | EP28: =EO28-EN28 -> 0.5 | EQ28: =ROUND(EK28/CI28,1) -> 2.8 | ER28: =ROUND(EL28/CJ28,1) -> 2.9 | ES28: =ER28-EQ28 -> 0.1 | ET28: 76.743 | EU28: 81.403 | EV28: =EU28-ET28 -> 4.66 | EW28: 28.549 | EX28: 63.988 | EY28: =EX28-EW28 -> 35.439 | FA28: 19 | FB28: г.Томск | FC28: 19 | FD28: 254 | FE28: 250 | FF28: =FE28-FD28 -> -4 | FG28: 140 | FH28: 144 | FI28: =FH28-FG28 -> 4 | FJ28: 106 | FK28: 110 | FL28: =FK28-FJ28 -> 4 | FM28: 28 | FN28: 27 | FO28: =FN28-FM28 -> -1 | FP28: =ROUND((FK28+FN28)/FH28*100,1) -> 95.1 | FQ28: 5 | FR28: =ROUND(DL28*1000/FG28,0) -> 494 | FS28: =ROUND(DM28*1000/FH28,0) -> 486 | FT28: =FS28-FR28 -> -8 | FU28: =ROUND(EK28/FG28,1) -> 8.2 | FV28: =ROUND(EL28/FH28,1) -> 8.3 | FW28: =FV28-FU28 -> 0.1 | FY28: 19 | FZ28: г.Томск | GA28: 19 | GB28: =GE28+GF28+GG28 -> 194052.7 | GC28: =ROUND(GB28/G28,0) -> 7464 | GD28: 3 | GE28: 191786 | GG28: 2266.7 | GH28: 1148 | GI28: 314.5 | GJ28: =ROUND((GE28+GF28)/GB28*100,1) -> 98.8 | GK28: 190131.4 | GL28: 163016.7 | GN28: 6226.6 | GO28: 125 | GP28: 5733.2 | GQ28: 106.5 | GS28: =ROUND(GB28/BS28,0) -> 343 | GT28: 20 | GU28: =ROUND(GB28/DM28,0) -> 2774 | GV28: 15
A29: 20 | B29: ЗАТО Северск | C29: 20 | D29: =E29+F29 -> 8 | E29: 7 | F29: 1 | G29: =H29+I29 -> 8 | H29: 7 | I29: 1 | J29: 8 | K29: 8 | L29: 1 | M29: 1 | N29: =M29-L29 -> 0 | Q29: =P29-O29 -> 0 | R29: =ROUND((L29+O29)/D29*100,1) -> 12.5 | S29: =ROUND((M29+P29)/G29*100,1) -> 12.5 | T29: 4 | U29: 4 | X29: =W29-V29 -> 0 | Y29: 8 | Z29: 8 | AA29: =Z29-Y29 -> 0 | AB29: 8 | AC29: 8 | AD29: =AC29-AB29 -> 0 | AE29: 8 | AF29: 8 | AG29: =AF29-AE29 -> 0 | AJ29: =AI29-AH29 -> 0 | AL29: 20 | AM29: ЗАТО Северск | AN29: 20 | AO29: 8 | AP29: 8 | AQ29: =AP29-AO29 -> 0 | AR29: 8 | AS29: 8 | AT29: =AS29-AR29 -> 0 | AU29: =ROUND(AO29/D29*100,1) -> 100 | AV29: =ROUND(AP29/G29*100,1) -> 100 | AW29: 5 | AX29: 5 | AY29: =AX29-AW29 -> 0 | AZ29: 2 | BA29: 2 | BB29: =BA29-AZ29 -> 0 | BC29: 2 | BD29: 2 | BE29: =BD29-BC29 -> 0 | BF29: 417.984 | BG29: 431.484 | BH29: =BG29-BF29 -> 13.5 | BI29: 417.984 | BJ29: 431.484 | BK29: =BJ29-BI29 -> 13.5 | BM29: 20 | BN29: ЗАТО Северск | BO29: 20 | BP29: =BQ29+BR29 -> 112 | BQ29: 105.8 | BR29: 6.2 | BS29: =BT29+BU29 -> 111.5 | BT29: 105.3 | BU29: 6.2 | BV29: =ROUND(BP29/D29,2) -> 14 | BW29: =ROUND(BQ29/E29,2) -> 15.11 | BX29: =ROUND(BR29/F29,2) -> 6.2 | BY29: =ROUND(BS29/G29,2) -> 13.94 | BZ29: =ROUND(BT29/H29,2) -> 15.04 | CA29: =ROUND(BU29/I29,2) -> 6.2 | CB29: =BY29-BV29 -> -0.06 | CC29: =BZ29-BW29 -> -0.07 | CD29: =CA29-BX29 -> 0 | CF29: 20 | CG29: ЗАТО Северск | CH29: 20 | CI29: =CL29+CO29 -> 374.391 | CJ29: =CM29+CP29 -> 379.599 | CK29: =CJ29-CI29 -> 5.208 | CL29: 366.92 | CM29: 372.067 | CN29: =CM29-CL29 -> 5.147 | CO29: 7.471 | CP29: 7.532 | CQ29: =CP29-CO29 -> 0.061 | CR29: =CU29+CX29 -> 7.658 | CS29: =CV29+CY29 -> 11.418 | CT29: =CS29-CR29 -> 3.76 | CU29: 7.164 | CV29: 11.357 | CW29: =CV29-CU29 -> 4.193 | CX29: 0.494 | CY29: 0.061 | CZ29: =CY29-CX29 -> -0.433 | DA29: =ROUND(CR29*1000/BP29,0) -> 68 | DB29: =ROUND(CS29*1000/BS29,0) -> 102 | DC29: =DB29-DA29 -> 34 | DD29: =ROUND(CI29/BP29,1) -> 3.3 | DE29: =ROUND(CJ29/BS29,1) -> 3.4 | DF29: =DE29-DD29 -> 0.1 | DG29: 17 | DI29: 20 | DJ29: ЗАТО Северск | DK29: 20 | DL29: 42.387 | DM29: 42.503 | DN29: =DM29-DL29 -> 0.116 | DO29: 42.387 | DP29: 42.391 | DQ29: =DP29-DO29 -> 0.004 | DR29: =ROUND(DL29/BP29*100,1) -> 37.8 | DS29: =ROUND(DM29/BS29*100,1) -> 38.1 | DT29: =DS29-DR29 -> 0.3 | DU29: 14 | DV29: 352.044 | DW29: 339.494 | DX29: =DW29-DV29 -> -12.55 | DY29: 325.354 | DZ29: 315.774 | EA29: =DZ29-DY29 -> -9.58 | EB29: 124.164 | EC29: 129.685 | ED29: =EC29-EB29 -> 5.521 | EE29: =ROUND(CI29/DL29,1) -> 8.8 | EF29: =ROUND(CJ29/DM29,1) -> 8.9 | EG29: =EF29-EE29 -> 0.1 | EH29: 4846 | EI29: 4946 | EJ29: =EI29-EH29 -> 100 | EK29: 716.858 | EL29: 712.036 | EM29: =EL29-EK29 -> -4.822 | EN29: =ROUND(EK29/DL29,1) -> 16.9 | EO29: =ROUND(EL29/DM29,1) -> 16.8 | EP29: =EO29-EN29 -> -0.1 | EQ29: =ROUND(EK29/CI29,1) -> 1.9 | ER29: =ROUND(EL29/CJ29,1) -> 1.9 | ES29: =ER29-EQ29 -> 0 | ET29: 49.026 | EU29: 46.331 | EV29: =EU29-ET29 -> -2.695 | EW29: 4.771 | EX29: 3.55 | EY29: =EX29-EW29 -> -1.221 | FA29: 20 | FB29: ЗАТО Северск | FC29: 20 | FD29: 118 | FE29: 118 | FF29: =FE29-FD29 -> 0 | FG29: 72 | FH29: 72 | FI29: =FH29-FG29 -> 0 | FJ29: 60 | FK29: 62 | FL29: =FK29-FJ29 -> 2 | FM29: 9 | FN29: 7 | FO29: =FN29-FM29 -> -2 | FP29: =ROUND((FK29+FN29)/FH29*100,1) -> 95.8 | FQ29: 4 | FR29: =ROUND(DL29*1000/FG29,0) -> 589 | FS29: =ROUND(DM29*1000/FH29,0) -> 590 | FT29: =FS29-FR29 -> 1 | FU29: =ROUND(EK29/FG29,1) -> 10 | FV29: =ROUND(EL29/FH29,1) -> 9.9 | FW29: =FV29-FU29 -> -0.1 | FY29: 20 | FZ29: ЗАТО Северск | GA29: 20 | GB29: =GE29+GF29+GG29 -> 120383.7 | GC29: =ROUND(GB29/G29,0) -> 15048 | GD29: 1 | GE29: 111759.5 | GF29: 8354.2 | GG29: 270 | GH29: 60 | GJ29: =ROUND((GE29+GF29)/GB29*100,1) -> 99.8 | GK29: 113800.2 | GL29: 100350.5 | GN29: 2510.5 | GP29: 3326.6 | GR29: 45.5 | GS29: =ROUND(GB29/BS29,0) -> 1080 | GT29: 17 | GU29: =ROUND(GB29/DM29,0) -> 2832 | GV29: 13
B30: Итого МУ: | C30: 21 | D30: =SUM(D10:D29) -> 317 | E30: =SUM(E10:E29) -> 50 | F30: =SUM(F10:F29) -> 267 | G30: =SUM(G10:G29) -> 318 | H30: =SUM(H10:H29) -> 51 | I30: =SUM(I10:I29) -> 267 | J30: =SUM(J10:J29) -> 266 | K30: =SUM(K10:K29) -> 265 | ... M30: =SUM(M10:M29) -> 4 | N30: =M30-L30 -> 1 | O30: =SUM(O10:O29) -> 0 | P30: =SUM(P10:P29) -> 0 | Q30: =P30-O30 -> 0 | R30: =ROUND((L30+O30)/D30*100,1) -> 0.9 | S30: =ROUND((M30+P30)/G30*100,1) -> 1.3 | T30: =SUM(T10:T29) -> 14 | U30: =SUM(U10:U29) -> 15 | V30: =SUM(V10:V29) -> 81 | W30: =SUM(W10:W29) -> 80 | X30: =W30-V30 -> -1 | Y30: =SUM(Y10:Y29) -> 313 | Z30: =SUM(Z10:Z29) -> 314 | AA30: =Z30-Y30 -> 1 | AB30: =SUM(AB10:AB29) -> 249 | AC30: =SUM(AC10:AC29) -> 250 | AD30: =AC30-AB30 -> 1 | AE30: =SUM(AE10:AE29) -> 234 | AF30: =SUM(AF10:AF29) -> 236 | AG30: =AF30-AE30 -> 2 | AH30: =SUM(AH10:AH29) -> 200 | AI30: =SUM(AI10:AI29) -> 190 | AJ30: =AI30-AH30 -> -10 | AM30: Итого МУ: | AN30: 21 | AO30: =SUM(AO10:AO29) -> 286 | AP30: =SUM(AP10:AP29) -> 289 | AQ30: =AP30-AO30 -> 3 | AR30: =SUM(AR10:AR29) -> 254 | AS30: =SUM(AS10:AS29) -> 257 | AT30: =AS30-AR30 -> 3 | AU30: =ROUND(AO30/D30*100,1) -> 90.2 | AV30: =ROUND(AP30/G30*100,1) -> 90.9 | AW30: =SUM(AW10:AW29) -> 192 | AX30: =SUM(AX10:AX29) -> 198 | AY30: =AX30-AW30 -> 6 | AZ30: =SUM(AZ10:AZ29) -> 22 | BA30: =SUM(BA10:BA29) -> 22 | BB30: =BA30-AZ30 -> 0 | BC30: =SUM(BC10:BC29) -> 21 | BD30: =SUM(BD10:BD29) -> 22 | BE30: =BD30-BC30 -> 1 | BF30: =SUM(BF10:BF29) -> 1640.678 | BG30: =SUM(BG10:BG29) -> 1704.757 | BH30: =BG30-BF30 -> 64.079 | BI30: =SUM(BI10:BI29) -> 1596.354 | BJ30: =SUM(BJ10:BJ29) -> 1703.846 | BK30: =BJ30-BI30 -> 107.492 | BN30: Итого: | BO30: 21 | BP30: =SUM(BP10:BP29) -> 1052.1 | BQ30: =SUM(BQ10:BQ29) -> 770.5 | BR30: =SUM(BR10:BR29) -> 281.6 | BS30: =SUM(BS10:BS29) -> 1043.4 | BT30: =SUM(BT10:BT29) -> 762.9 | BU30: =SUM(BU10:BU29) -> 280.5 | BV30: =ROUND(BP30/D30,2) -> 3.32 | BW30: =ROUND(BQ30/E30,2) -> 15.41 | BX30: =ROUND(BR30/F30,2) -> 1.05 | BY30: =ROUND(BS30/G30,2) -> 3.28 | BZ30: =ROUND(BT30/H30,2) -> 14.96 | CA30: =ROUND(BU30/I30,2) -> 1.05 | CB30: =BY30-BV30 -> -0.04 | CC30: =BZ30-BW30 -> -0.45 | CD30: =CA30-BX30 -> 0 | CG30: Итого МУ: | CH30: 21 | CI30: =SUM(CI10:CI29) -> 3428.825 | CJ30: =SUM(CJ10:CJ29) -> 3417.672 | CK30: =CJ30-CI30 -> -11.153 | CL30: =SUM(CL10:CL29) -> 1248.102 | CM30: =SUM(CM10:CM29) -> 1255.226 | CN30: =CM30-CL30 -> 7.124 | CO30: =SUM(CO10:CO29) -> 2180.723 | CP30: =SUM(CP10:CP29) -> 2162.446 | CQ30: =CP30-CO30 -> -18.277 | CR30: =SUM(CR10:CR29) -> 101.538 | CS30: =SUM(CS10:CS29) -> 84.722 | CT30: =CS30-CR30 -> -16.816 | CU30: =SUM(CU10:CU29) -> 51.572 | CV30: =SUM(CV10:CV29) -> 46.526 | CW30: =CV30-CU30 -> -5.046 | CX30: =SUM(CX10:CX29) -> 49.966 | CY30: =SUM(CY10:CY29) -> 38.196 | CZ30: =CY30-CX30 -> -11.77 | DA30: =ROUND(CR30*1000/BP30,0) -> 97 | DB30: =ROUND(CS30*1000/BS30,0) -> 81 | DC30: =DB30-DA30 -> -16 | DD30: =ROUND(CI30/BP30,1) -> 3.3 | DE30: =ROUND(CJ30/BS30,1) -> 3.3 | DF30: =DE30-DD30 -> 0 | DJ30: Итого МУ: | DK30: 21 | DL30: =SUM(DL10:DL29) -> 268.626 | DM30: =SUM(DM10:DM29) -> 267.01 | DN30: =DM30-DL30 -> -1.616 | DO30: =SUM(DO10:DO29) -> 256.817 | DP30: =SUM(DP10:DP29) -> 255.263 | DQ30: =DP30-DO30 -> -1.554 | DR30: =ROUND(DL30/BP30*100,1) -> 25.5 | DS30: =ROUND(DM30/BS30*100,1) -> 25.6 | DT30: =DS30-DR30 -> 0.1 | DV30: =SUM(DV10:DV29) -> 3836.474 | DW30: =SUM(DW10:DW29) -> 4291.131 | DX30: =DW30-DV30 -> 454.657 | DY30: =SUM(DY10:DY29) -> 3372.833 | DZ30: =SUM(DZ10:DZ29) -> 3800.547 | EA30: =DZ30-DY30 -> 427.714 | EB30: =SUM(EB10:EB29) -> 1010.057 | EC30: =SUM(EC10:EC29) -> 1156.19 | ED30: =EC30-EB30 -> 146.133 | EE30: =ROUND(CI30/DL30,1) -> 12.8 | EF30: =ROUND(CJ30/DM30,1) -> 12.8 | EG30: =EF30-EE30 -> 0 | EH30: =SUM(EH10:EH29) -> 46238 | EI30: =SUM(EI10:EI29) -> 47607 | EJ30: =EI30-EH30 -> 1369 | EK30: =SUM(EK10:EK29) -> 5838.529 | EL30: =SUM(EL10:EL29) -> 6063.815 | EM30: =EL30-EK30 -> 225.286 | EN30: =ROUND(EK30/DL30,1) -> 21.7 | EO30: =ROUND(EL30/DM30,1) -> 22.7 | EP30: =EO30-EN30 -> 1 | EQ30: =ROUND(EK30/CI30,1) -> 1.7 | ER30: =ROUND(EL30/CJ30,1) -> 1.8 | ES30: =ER30-EQ30 -> 0.1 | ET30: =SUM(ET10:ET29) -> 387.268 | EU30: =SUM(EU10:EU29) -> 404.672 | EV30: =EU30-ET30 -> 17.404 | EW30: =SUM(EW10:EW29) -> 38.629 | EX30: =SUM(EX10:EX29) -> 72.652 | EY30: =EX30-EW30 -> 34.023 | FB30: Итого МУ: | FC30: 21 | FD30: =SUM(FD10:FD29) -> 1013 | FE30: =SUM(FE10:FE29) -> 998 | FF30: =FE30-FD30 -> -15 | FG30: =SUM(FG10:FG29) -> 719 | FH30: =SUM(FH10:FH29) -> 715 | FI30: =FH30-FG30 -> -4 | FJ30: =SUM(FJ10:FJ29) -> 381 | FK30: =SUM(FK10:FK29) -> 382 | FL30: =FK30-FJ30 -> 1 | FM30: =SUM(FM10:FM29) -> 305 | FN30: =SUM(FN10:FN29) -> 308 | FO30: =FN30-FM30 -> 3 | FP30: =ROUND((FK30+FN30)/FH30*100,1) -> 96.5 | FR30: =ROUND(DL30*1000/FG30,0) -> 374 | FS30: =ROUND(DM30*1000/FH30,0) -> 373 | FT30: =FS30-FR30 -> -1 | FU30: =ROUND(EK30/FG30,1) -> 8.1 | FV30: =ROUND(EL30/FH30,1) -> 8.5 | FW30: =FV30-FU30 -> 0.4 | FZ30: Итого МУ: | GA30: 21 | GB30: =SUM(GB10:GB29) -> 933298.6 | GC30: =ROUND(GB30/G30,0) -> 2935 | GE30: =SUM(GE10:GE29) -> 794434.1 | GF30: =SUM(GF10:GF29) -> 131234.2 | GG30: =SUM(GG10:GG29) -> 7630.3 | GH30: =SUM(GH10:GH29) -> 1358 | GI30: =SUM(GI10:GI29) -> 345.8 | GJ30: =ROUND((GE30+GF30)/GB30*100,1) -> 99.2 | GK30: =SUM(GK10:GK29) -> 920086.6 | GL30: =SUM(GL10:GL29) -> 756792 | GM30: =SUM(GM10:GM29) -> 2462 | GN30: =SUM(GN10:GN29) -> 21999.6 | GO30: =SUM(GO10:GO29) -> 964.7 | GP30: =SUM(GP10:GP29) -> 22798.1 | GQ30: =SUM(GQ10:GQ29) -> 1795.1 | GR30: =SUM(GR10:GR29) -> 744.1 | GS30: =ROUND(GB30/BS30,0) -> 894 | GU30: =ROUND(GB30/DM30,0) -> 3495
A31: 1 | B31: ТОДЮБ | C31: 22 | D31: =E31+F31 -> 1 | E31: 1 | G31: =H31+I31 -> 1 | H31: 1 | J31: 1 | K31: 1 | L31: 1 | M31: 1 | N31: =M31-L31 -> 0 | Q31: =P31-O31 -> 0 | R31: =ROUND((L31+O31)/D31*100,1) -> 100 | S31: =ROUND((M31+P31)/G31*100,1) -> 100 | T31: 1 | U31: 1 | V31: 1 | W31: 1 | X31: =W31-V31 -> 0 | Y31: 1 | Z31: 1 | AA31: =Z31-Y31 -> 0 | AB31: 1 | AC31: 1 | AD31: =AC31-AB31 -> 0 | AE31: 1 | AF31: 1 | AG31: =AF31-AE31 -> 0 | AH31: 6 | AI31: 6 | AJ31: =AI31-AH31 -> 0 | AL31: 1 | AM31: ТОДЮБ | AN31: 22 | AO31: 1 | AP31: 1 | AQ31: =AP31-AO31 -> 0 | AR31: 1 | AS31: 1 | AT31: =AS31-AR31 -> 0 | AU31: =ROUND(AO31/D31*100,1) -> 100 | AV31: =ROUND(AP31/G31*100,1) -> 100 | AW31: 1 | AX31: 1 | AY31: =AX31-AW31 -> 0 | AZ31: 1 | BA31: 1 | BB31: =BA31-AZ31 -> 0 | BC31: 1 | BD31: 1 | BE31: =BD31-BC31 -> 0 | BF31: 497.805 | BG31: 514.605 | BH31: =BG31-BF31 -> 16.8 | BI31: 496.868 | BJ31: 513.666 | BK31: =BJ31-BI31 -> 16.798 | CF31: 1 | CG31: ТОДЮБ | CH31: 22 | CI31: =CL31+CO31 -> 243.936 | CJ31: =CM31+CP31 -> 244.031 | CK31: =CJ31-CI31 -> 0.095 | CL31: 243.936 | CM31: 244.031 | CN31: =CM31-CL31 -> 0.095 | CQ31: =CP31-CO31 -> 0 | CR31: =CU31+CX31 -> 3.341 | CS31: =CV31+CY31 -> 3.167 | CT31: =CS31-CR31 -> -0.174 | CU31: 3.341 | CV31: 3.167 | CW31: =CV31-CU31 -> -0.174 | CZ31: =CY31-CX31 -> 0 | DI31: 1 | DJ31: ТОДЮБ | DK31: 22 | DL31: 27.018 | DM31: 27.021 | DN31: =DM31-DL31 -> 0.003 | DO31: 26.172 | DP31: 26.508 | DQ31: =DP31-DO31 -> 0.336 | DV31: 273.004 | DW31: 272.923 | DX31: =DW31-DV31 -> -0.081 | DY31: 267.57 | DZ31: 267.668 | EA31: =DZ31-DY31 -> 0.098 | EB31: 211.071 | EC31: 286.308 | ED31: =EC31-EB31 -> 75.237 | EE31: =ROUND(CI31/DL31,1) -> 9 | EF31: =ROUND(CJ31/DM31,1) -> 9 | EG31: =EF31-EE31 -> 0 | EH31: 1223 | EI31: 1028 | EJ31: =EI31-EH31 -> -195 | EK31: 619.195 | EL31: 642.906 | EM31: =EL31-EK31 -> 23.711 | EN31: =ROUND(EK31/DL31,1) -> 22.9 | EO31: =ROUND(EL31/DM31,1) -> 23.8 | EP31: =EO31-EN31 -> 0.9 | EQ31: =ROUND(EK31/CI31,1) -> 2.5 | ER31: =ROUND(EL31/CJ31,1) -> 2.6 | ES31: =ER31-EQ31 -> 0.1 | ET31: 10.612 | EU31: 9.678 | EV31: =EU31-ET31 -> -0.934 | EW31: 4.422 | EX31: 0.088 | EY31: =EX31-EW31 -> -4.334 | FA31: 1 | FB31: ТОДЮБ | FC31: 22 | FD31: 90 | FE31: 80 | FF31: =FE31-FD31 -> -10 | FG31: 38 | FH31: 38 | FI31: =FH31-FG31 -> 0 | FJ31: 32 | FK31: 32 | FL31: =FK31-FJ31 -> 0 | FM31: 6 | FN31: 6 | FO31: =FN31-FM31 -> 0 | FP31: =ROUND((FK31+FN31)/FH31*100,1) -> 100 | FR31: =ROUND(DL31*1000/FG31,0) -> 711 | FS31: =ROUND(DM31*1000/FH31,0) -> 711 | FT31: =FS31-FR31 -> 0 | FU31: =ROUND(EK31/FG31,1) -> 16.3 | FV31: =ROUND(EL31/FH31,1) -> 16.9 | FW31: =FV31-FU31 -> 0.6 | FY31: 1 | FZ31: ТОДЮБ | GA31: 22 | GB31: =GE31+GF31+GG31 -> 52634.8 | GC31: =ROUND(GB31/G31,0) -> 52635 | GE31: 51335.6 | GG31: 1299.2 | GI31: 56.7 | GJ31: =ROUND((GE31+GF31)/GB31*100,1) -> 97.5 | GK31: 51522 | GL31: 45562 | GN31: 561.3 | GO31: 346.3 | GP31: 1168.2 | GQ31: 1801 | GU31: =ROUND(GB31/DM31,0) -> 1948
A32: 2 | B32: ТОУНБ им.А.С.Пушкина | C32: 23 | D32: =E32+F32 -> 1 | E32: 1 | G32: =H32+I32 -> 1 | H32: 1 | J32: 1 | K32: 1 | N32: =M32-L32 -> 0 | Q32: =P32-O32 -> 0 | R32: =ROUND((L32+O32)/D32*100,1) -> 0 | S32: =ROUND((M32+P32)/G32*100,1) -> 0 | V32: 1 | W32: 1 | X32: =W32-V32 -> 0 | Y32: 1 | Z32: 1 | AA32: =Z32-Y32 -> 0 | AB32: 1 | AC32: 1 | AD32: =AC32-AB32 -> 0 | AE32: 1 | AF32: 1 | AG32: =AF32-AE32 -> 0 | AH32: 16 | AI32: 16 | AJ32: =AI32-AH32 -> 0 | AL32: 2 | AM32: ТОУНБ им.А.С.Пушкина | AN32: 23 | AO32: 1 | AP32: 1 | AQ32: =AP32-AO32 -> 0 | AR32: 1 | AS32: 1 | AT32: =AS32-AR32 -> 0 | AU32: =ROUND(AO32/D32*100,1) -> 100 | AV32: =ROUND(AP32/G32*100,1) -> 100 | AW32: 1 | AX32: 1 | AY32: =AX32-AW32 -> 0 | AZ32: 1 | BA32: 1 | BB32: =BA32-AZ32 -> 0 | BC32: 1 | BD32: 1 | BE32: =BD32-BC32 -> 0 | BF32: 2153.756 | BG32: 2267.917 | BH32: =BG32-BF32 -> 114.161 | BI32: 2153.756 | BJ32: 2260.5 | BK32: =BJ32-BI32 -> 106.744 | CF32: 2 | CG32: ТОУНБ им.А.С.Пушкина | CH32: 23 | CI32: =CL32+CO32 -> 1224.949 | CJ32: =CM32+CP32 -> 1233.946 | CK32: =CJ32-CI32 -> 8.997 | CL32: 1224.949 | CM32: 1233.946 | CN32: =CM32-CL32 -> 8.997 | CQ32: =CP32-CO32 -> 0 | CR32: =CU32+CX32 -> 18.73 | CS32: =CV32+CY32 -> 14.883 | CT32: =CS32-CR32 -> -3.847 | CU32: 18.73 | CV32: 14.883 | CW32: =CV32-CU32 -> -3.847 | CZ32: =CY32-CX32 -> 0 | DI32: 2 | DJ32: ТОУНБ им.А.С.Пушкина | DK32: 23 | DL32: 29.116 | DM32: 30.172 | DN32: =DM32-DL32 -> 1.056 | DO32: 26.181 | DP32: 28.158 | DQ32: =DP32-DO32 -> 1.977 | DV32: 226.046 | DW32: 245.079 | DX32: =DW32-DV32 -> 19.033 | DY32: 207.875 | DZ32: 222.803 | EA32: =DZ32-DY32 -> 14.928 | EB32: 670.397 | EC32: 716.362 | ED32: =EC32-EB32 -> 45.965 | EE32: =ROUND(CI32/DL32,1) -> 42.1 | EF32: =ROUND(CJ32/DM32,1) -> 40.9 | EG32: =EF32-EE32 -> -1.2 | EH32: 1890 | EI32: 2693 | EJ32: =EI32-EH32 -> 803 | EK32: 735.973 | EL32: 757.72 | EM32: =EL32-EK32 -> 21.747 | EN32: =ROUND(EK32/DL32,1) -> 25.3 | EO32: =ROUND(EL32/DM32,1) -> 25.1 | EP32: =EO32-EN32 -> -0.2 | EQ32: =ROUND(EK32/CI32,1) -> 0.6 | ER32: =ROUND(EL32/CJ32,1) -> 0.6 | ES32: =ER32-EQ32 -> 0 | ET32: 90.397 | EU32: 93.656 | EV32: =EU32-ET32 -> 3.259 | EW32: 22.703 | EX32: 27.996 | EY32: =EX32-EW32 -> 5.293 | FA32: 2 | FB32: ТОУНБ им.А.С.Пушкина | FC32: 23 | FD32: 155 | FE32: 146 | FF32: =FE32-FD32 -> -9 | FG32: 106 | FH32: 98 | FI32: =FH32-FG32 -> -8 | FJ32: 96 | FK32: 90 | FL32: =FK32-FJ32 -> -6 | FM32: 10 | FN32: 8 | FO32: =FN32-FM32 -> -2 | FP32: =ROUND((FK32+FN32)/FH32*100,1) -> 100 | FR32: =ROUND(DL32*1000/FG32,0) -> 275 | FS32: =ROUND(DM32*1000/FH32,0) -> 308 | FT32: =FS32-FR32 -> 33 | FU32: =ROUND(EK32/FG32,1) -> 6.9 | FV32: =ROUND(EL32/FH32,1) -> 7.7 | FW32: =FV32-FU32 -> 0.8 | FY32: 2 | FZ32: ТОУНБ им.А.С.Пушкина | GA32: 23 | GB32: =GE32+GF32+GG32 -> 157036.3 | GC32: =ROUND(GB32/G32,0) -> 157036 | GE32: 152775 | GG32: 4261.3 | GI32: 9 | GJ32: =ROUND((GE32+GF32)/GB32*100,1) -> 97.3 | GK32: 157512.4 | GL32: 122520.9 | GN32: 10478.9 | GO32: 8 | GP32: 5757.8 | GQ32: 515.6 | GR32: 7.5 | GU32: =ROUND(GB32/DM32,0) -> 5205
B33: Итого ОУ: | C33: 24 | D33: =SUM(D31:D32) -> 2 | E33: =SUM(E31:E32) -> 2 | F33: =SUM(F31:F32) -> 0 | G33: =SUM(G31:G32) -> 2 | H33: =SUM(H31:H32) -> 2 | I33: =SUM(I31:I32) -> 0 | J33: =SUM(J31:J32) -> 2 | K33: =SUM(K31:K32) -> 2 | ... M33: =SUM(M31:M32) -> 1 | N33: =M33-L33 -> 0 | O33: =SUM(O31:O32) -> 0 | P33: =SUM(P31:P32) -> 0 | Q33: =P33-O33 -> 0 | R33: =ROUND((L33+O33)/D33*100,1) -> 50 | S33: =ROUND((M33+P33)/G33*100,1) -> 50 | T33: =SUM(T31:T32) -> 1 | U33: =SUM(U31:U32) -> 1 | V33: =SUM(V31:V32) -> 2 | W33: =SUM(W31:W32) -> 2 | X33: =W33-V33 -> 0 | Y33: =SUM(Y31:Y32) -> 2 | Z33: =SUM(Z31:Z32) -> 2 | AA33: =Z33-Y33 -> 0 | AB33: =SUM(AB31:AB32) -> 2 | AC33: =SUM(AC31:AC32) -> 2 | AD33: =AC33-AB33 -> 0 | AE33: =SUM(AE31:AE32) -> 2 | AF33: =SUM(AF31:AF32) -> 2 | AG33: =AF33-AE33 -> 0 | AH33: =SUM(AH31:AH32) -> 22 | AI33: =SUM(AI31:AI32) -> 22 | AJ33: =AI33-AH33 -> 0 | AM33: Итого ОУ: | AN33: 24 | AO33: =SUM(AO31:AO32) -> 2 | AP33: =SUM(AP31:AP32) -> 2 | AQ33: =AP33-AO33 -> 0 | AR33: =SUM(AR31:AR32) -> 2 | AS33: =SUM(AS31:AS32) -> 2 | AT33: =AS33-AR33 -> 0 | AU33: =ROUND(AO33/D33*100,1) -> 100 | AV33: =ROUND(AP33/G33*100,1) -> 100 | AW33: =SUM(AW31:AW32) -> 2 | AX33: =SUM(AX31:AX32) -> 2 | AY33: =AX33-AW33 -> 0 | AZ33: =SUM(AZ31:AZ32) -> 2 | BA33: =SUM(BA31:BA32) -> 2 | BB33: =BA33-AZ33 -> 0 | BC33: =SUM(BC31:BC32) -> 2 | BD33: =SUM(BD31:BD32) -> 2 | BE33: =BD33-BC33 -> 0 | BF33: =SUM(BF31:BF32) -> 2651.561 | BG33: =SUM(BG31:BG32) -> 2782.522 | BH33: =BG33-BF33 -> 130.961 | BI33: =SUM(BI31:BI32) -> 2650.624 | BJ33: =SUM(BJ31:BJ32) -> 2774.166 | BK33: =BJ33-BI33 -> 123.542 | CG33: Итого ОУ: | CH33: 24 | CI33: =SUM(CI31:CI32) -> 1468.885 | CJ33: =SUM(CJ31:CJ32) -> 1477.977 | CK33: =CJ33-CI33 -> 9.092 | CL33: =SUM(CL31:CL32) -> 1468.885 | CM33: =SUM(CM31:CM32) -> 1477.977 | CN33: =CM33-CL33 -> 9.092 | CO33: =SUM(CO31:CO32) -> 0 | CP33: =SUM(CP31:CP32) -> 0 | CQ33: =CP33-CO33 -> 0 | CR33: =SUM(CR31:CR32) -> 22.071 | CS33: =SUM(CS31:CS32) -> 18.05 | CT33: =CS33-CR33 -> -4.021 | CU33: =SUM(CU31:CU32) -> 22.071 | CV33: =SUM(CV31:CV32) -> 18.05 | CW33: =CV33-CU33 -> -4.021 | CX33: =SUM(CX31:CX32) -> 0 | CY33: =SUM(CY31:CY32) -> 0 | CZ33: =CY33-CX33 -> 0 | DJ33: Итого ОУ: | DK33: 24 | DL33: =SUM(DL31:DL32) -> 56.134 | DM33: =SUM(DM31:DM32) -> 57.193 | DN33: =DM33-DL33 -> 1.059 | DO33: =SUM(DO31:DO32) -> 52.353 | DP33: =SUM(DP31:DP32) -> 54.666 | DQ33: =DP33-DO33 -> 2.313 | DV33: =SUM(DV31:DV32) -> 499.05 | DW33: =SUM(DW31:DW32) -> 518.002 | DX33: =DW33-DV33 -> 18.952 | DY33: =SUM(DY31:DY32) -> 475.445 | DZ33: =SUM(DZ31:DZ32) -> 490.471 | EA33: =DZ33-DY33 -> 15.026 | EB33: =SUM(EB31:EB32) -> 881.468 | EC33: =SUM(EC31:EC32) -> 1002.67 | ED33: =EC33-EB33 -> 121.202 | EE33: =ROUND(CI33/DL33,1) -> 26.2 | EF33: =ROUND(CJ33/DM33,1) -> 25.8 | EG33: =EF33-EE33 -> -0.4 | EH33: =SUM(EH31:EH32) -> 3113 | EI33: =SUM(EI31:EI32) -> 3721 | EJ33: =EI33-EH33 -> 608 | EK33: =SUM(EK31:EK32) -> 1355.168 | EL33: =SUM(EL31:EL32) -> 1400.626 | EM33: =EL33-EK33 -> 45.458 | EN33: =ROUND(EK33/DL33,1) -> 24.1 | EO33: =ROUND(EL33/DM33,1) -> 24.5 | EP33: =EO33-EN33 -> 0.4 | EQ33: =ROUND(EK33/CI33,1) -> 0.9 | ER33: =ROUND(EL33/CJ33,1) -> 0.9 | ES33: =ER33-EQ33 -> 0 | ET33: =SUM(ET31:ET32) -> 101.009 | EU33: =SUM(EU31:EU32) -> 103.334 | EV33: =EU33-ET33 -> 2.325 | EW33: =SUM(EW31:EW32) -> 27.125 | EX33: =SUM(EX31:EX32) -> 28.084 | EY33: =EX33-EW33 -> 0.959 | FB33: Итого ОУ: | FC33: 24 | FD33: =SUM(FD31:FD32) -> 245 | FE33: =SUM(FE31:FE32) -> 226 | FF33: =FE33-FD33 -> -19 | FG33: =SUM(FG31:FG32) -> 144 | FH33: =SUM(FH31:FH32) -> 136 | FI33: =FH33-FG33 -> -8 | FJ33: =SUM(FJ31:FJ32) -> 128 | FK33: =SUM(FK31:FK32) -> 122 | FL33: =FK33-FJ33 -> -6 | FM33: =SUM(FM31:FM32) -> 16 | FN33: =SUM(FN31:FN32) -> 14 | FO33: =FN33-FM33 -> -2 | FP33: =ROUND((FK33+FN33)/FH33*100,1) -> 100 | FR33: =ROUND(DL33*1000/FG33,0) -> 390 | FS33: =ROUND(DM33*1000/FH33,0) -> 421 | FT33: =FS33-FR33 -> 31 | FU33: =ROUND(EK33/FG33,1) -> 9.4 | FV33: =ROUND(EL33/FH33,1) -> 10.3 | FW33: =FV33-FU33 -> 0.9 | FZ33: Итого ОУ: | GA33: 24 | GB33: =SUM(GB31:GB32) -> 209671.1 | GC33: =ROUND(GB33/G33,0) -> 104836 | GE33: =SUM(GE31:GE32) -> 204110.6 | GF33: =SUM(GF31:GF32) -> 0 | GG33: =SUM(GG31:GG32) -> 5560.5 | GH33: =SUM(GH31:GH32) -> 0 | GI33: =SUM(GI31:GI32) -> 65.7 | GJ33: =ROUND((GE33+GF33)/GB33*100,1) -> 97.3 | GK33: =SUM(GK31:GK32) -> 209034.4 | GL33: =SUM(GL31:GL32) -> 168082.9 | GM33: =SUM(GM31:GM32) -> 0 | GN33: =SUM(GN31:GN32) -> 11040.2 | GO33: =SUM(GO31:GO32) -> 354.3 | GP33: =SUM(GP31:GP32) -> 6926 | GQ33: =SUM(GQ31:GQ32) -> 2316.6 | GR33: =SUM(GR31:GR32) -> 7.5 | GU33: =ROUND(GB33/DM33,0) -> 3666
B34: Всего: | C34: 25 | D34: =D30+D33 -> 319 | E34: =E30+E33 -> 52 | F34: =F30+F33 -> 267 | G34: =G30+G33 -> 320 | H34: =H30+H33 -> 53 | I34: =I30+I33 -> 267 | J34: =J30+J33 -> 268 | K34: =K30+K33 -> 267 | ... M34: =M30+M33 -> 5 | N34: =M34-L34 -> 1 | O34: =O30+O33 -> 0 | P34: =P30+P33 -> 0 | Q34: =P34-O34 -> 0 | R34: =ROUND((L34+O34)/D34*100,1) -> 1.3 | S34: =ROUND((M34+P34)/G34*100,1) -> 1.6 | T34: =T30+T33 -> 15 | U34: =U30+U33 -> 16 | V34: =V30+V33 -> 83 | W34: =W30+W33 -> 82 | X34: =W34-V34 -> -1 | Y34: =Y30+Y33 -> 315 | Z34: =Z30+Z33 -> 316 | AA34: =Z34-Y34 -> 1 | AB34: =AB30+AB33 -> 251 | AC34: =AC30+AC33 -> 252 | AD34: =AC34-AB34 -> 1 | AE34: =AE30+AE33 -> 236 | AF34: =AF30+AF33 -> 238 | AG34: =AF34-AE34 -> 2 | AH34: =AH30+AH33 -> 222 | AI34: =AI30+AI33 -> 212 | AJ34: =AI34-AH34 -> -10 | AM34: Всего: | AN34: 25 | AO34: =AO30+AO33 -> 288 | AP34: =AP30+AP33 -> 291 | AQ34: =AP34-AO34 -> 3 | AR34: =AR30+AR33 -> 256 | AS34: =AS30+AS33 -> 259 | AT34: =AS34-AR34 -> 3 | AU34: =ROUND(AO34/D34*100,1) -> 90.3 | AV34: =ROUND(AP34/G34*100,1) -> 90.9 | AW34: =AW30+AW33 -> 194 | AX34: =AX30+AX33 -> 200 | AY34: =AX34-AW34 -> 6 | AZ34: =AZ30+AZ33 -> 24 | BA34: =BA30+BA33 -> 24 | BB34: =BA34-AZ34 -> 0 | BC34: =BC30+BC33 -> 23 | BD34: =BD30+BD33 -> 24 | BE34: =BD34-BC34 -> 1 | BF34: =BF30+BF33 -> 4292.239 | BG34: =BG30+BG33 -> 4487.279 | BH34: =BG34-BF34 -> 195.04 | BI34: =BI30+BI33 -> 4246.978 | BJ34: =BJ30+BJ33 -> 4478.012 | BK34: =BJ34-BI34 -> 231.034 | CG34: Всего: | CH34: 25 | CI34: =CI30+CI33 -> 4897.71 | CJ34: =CJ30+CJ33 -> 4895.649 | CK34: =CJ34-CI34 -> -2.061 | CL34: =CL30+CL33 -> 2716.987 | CM34: =CM30+CM33 -> 2733.203 | CN34: =CM34-CL34 -> 16.216 | CO34: =CO30+CO33 -> 2180.723 | CP34: =CP30+CP33 -> 2162.446 | CQ34: =CP34-CO34 -> -18.277 | CR34: =CR30+CR33 -> 123.609 | CS34: =CS30+CS33 -> 102.772 | CT34: =CS34-CR34 -> -20.837 | CU34: =CU30+CU33 -> 73.643 | CV34: =CV30+CV33 -> 64.576 | CW34: =CV34-CU34 -> -9.067 | CX34: =CX30+CX33 -> 49.966 | CY34: =CY30+CY33 -> 38.196 | CZ34: =CY34-CX34 -> -11.77 | DA34: =ROUND(CR34*1000/BP30,0) -> 117 | DB34: =ROUND(CS34*1000/BS30,0) -> 98 | DC34: =DB34-DA34 -> -19 | DD34: =ROUND(CI34/BP30,1) -> 4.7 | DE34: =ROUND(CJ34/BS30,1) -> 4.7 | DF34: =DE34-DD34 -> 0 | DJ34: Всего: | DK34: 25 | DL34: =SUM(DL30+DL33) -> 324.76 | DM34: =SUM(DM30+DM33) -> 324.203 | DN34: =DM34-DL34 -> -0.557 | DO34: =SUM(DO30+DO33) -> 309.17 | DP34: =SUM(DP30+DP33) -> 309.929 | DQ34: =DP34-DO34 -> 0.759 | DR34: =ROUND(DL34/BP30*100,1) -> 30.9 | DS34: =ROUND(DM34/BS30*100,1) -> 31.1 | DT34: =DS34-DR34 -> 0.2 | DV34: =SUM(DV30+DV33) -> 4335.524 | DW34: =SUM(DW30+DW33) -> 4809.133 | DX34: =DW34-DV34 -> 473.609 | DY34: =SUM(DY30+DY33) -> 3848.278 | DZ34: =SUM(DZ30+DZ33) -> 4291.018 | EA34: =DZ34-DY34 -> 442.74 | EB34: =SUM(EB30+EB33) -> 1891.525 | EC34: =SUM(EC30+EC33) -> 2158.86 | ED34: =EC34-EB34 -> 267.335 | EE34: =ROUND(CI34/DL34,1) -> 15.1 | EF34: =ROUND(CJ34/DM34,1) -> 15.1 | EG34: =EF34-EE34 -> 0 | EH34: =SUM(EH30+EH33) -> 49351 | EI34: =SUM(EI30+EI33) -> 51328 | EJ34: =EI34-EH34 -> 1977 | EK34: =SUM(EK30+EK33) -> 7193.697 | EL34: =SUM(EL30+EL33) -> 7464.441 | EM34: =EL34-EK34 -> 270.744 | EN34: =ROUND(EK34/DL34,1) -> 22.2 | EO34: =ROUND(EL34/DM34,1) -> 23 | EP34: =EO34-EN34 -> 0.8 | EQ34: =ROUND(EK34/CI34,1) -> 1.5 | ER34: =ROUND(EL34/CJ34,1) -> 1.5 | ES34: =ER34-EQ34 -> 0 | ET34: =SUM(ET30+ET33) -> 488.277 | EU34: =SUM(EU30+EU33) -> 508.006 | EV34: =EU34-ET34 -> 19.729 | EW34: =SUM(EW30+EW33) -> 65.754 | EX34: =SUM(EX30+EX33) -> 100.736 | EY34: =EX34-EW34 -> 34.982 | FB34: Всего: | FC34: 25 | FD34: =SUM(FD30+FD33) -> 1258 | FE34: =SUM(FE30+FE33) -> 1224 | FF34: =FE34-FD34 -> -34 | FG34: =SUM(FG30+FG33) -> 863 | FH34: =SUM(FH30+FH33) -> 851 | FI34: =FH34-FG34 -> -12 | FJ34: =SUM(FJ30+FJ33) -> 509 | FK34: =SUM(FK30+FK33) -> 504 | FL34: =FK34-FJ34 -> -5 | FM34: =SUM(FM30+FM33) -> 321 | FN34: =SUM(FN30+FN33) -> 322 | FO34: =FN34-FM34 -> 1 | FP34: =ROUND((FK34+FN34)/FH34*100,1) -> 97.1 | FR34: =ROUND(DL34*1000/FG34,0) -> 376 | FS34: =ROUND(DM34*1000/FH34,0) -> 381 | FT34: =FS34-FR34 -> 5 | FU34: =ROUND(EK34/FG34,1) -> 8.3 | FV34: =ROUND(EL34/FH34,1) -> 8.8 | FW34: =FV34-FU34 -> 0.5 | FZ34: Всего: | GA34: 25 | GB34: =SUM(GB30+GB33) -> 1142969.7 | GC34: =ROUND(GB34/G34,0) -> 3572 | GE34: =SUM(GE30+GE33) -> 998544.7 | GF34: =SUM(GF30+GF33) -> 131234.2 | GG34: =SUM(GG30+GG33) -> 13190.8 | GH34: =SUM(GH30+GH33) -> 1358 | GI34: =SUM(GI30+GI33) -> 411.5 | GJ34: =ROUND((GE34+GF34)/GB34*100,1) -> 98.8 | GK34: =SUM(GK30+GK33) -> 1129121 | GL34: =SUM(GL30+GL33) -> 924874.9 | GM34: =SUM(GM30+GM33) -> 2462 | GN34: =SUM(GN30+GN33) -> 33039.8 | GO34: =SUM(GO30+GO33) -> 1319 | GP34: =SUM(GP30+GP33) -> 29724.1 | GQ34: =SUM(GQ30+GQ33) -> 4111.7 | GR34: =SUM(GR30+GR33) -> 751.6 | GS34: =ROUND(GB34/BS30,0) -> 1095 | GU34: =ROUND(GB34/DM34,0) -> 3525
A35: В том числе: Структурные подразделения учр-ний культуры, осуществляющие библиотечную деятельность | AL35: В том числе: Структурные подразделения учр-ний культуры, осуществляющие библиотечную деятельность | CF35: В том числе: Структурные подразделения учр-ний культуры, осуществляющие библиотечную деятельность | DI35: В том числе: Структурные подразделения учр-ний культуры, осуществляющие библиотечную деятельность | FA35: В том числе: Структурные подразделения учр-ний культуры, осуществляющие библиотечную деятельность
A36: 1 | B36: г.Стрежевой | C36: 01 | D36: =E36+F36 -> 2 | E36: =E27 -> 2 | G36: =H36+I36 -> 0 | J36: =J27 -> 2 | R36: =R27 -> 0 | V36: =V27 -> 1 | Y36: =Y27 -> 2 | AB36: =AB27 -> 2 | AE36: =AE27 -> 2 | AH36: =AH27 -> 5 | AL36: 1 | AM36: г.Стрежевой | AN36: 01 | AO36: =AO27 -> 2 | AR36: =AR27 -> 2 | AU36: =AU27 -> 100 | AW36: =AW27 -> 2 | AZ36: =AZ27 -> 1 | BC36: =BC27 -> 1 | BF36: =BF27 -> 69.419 | BI36: =BI27 -> 69.419 | CF36: 1 | CG36: г.Стрежевой | CH36: 01 | CI36: =CI27 -> 147.626 | CL36: =CL27 -> 147.626 | CR36: =CR27 -> 0.671 | CU36: =CU27 -> 0.671 | DA36: =DA27 -> 18 | DD36: =DD27 -> 3.9 | DI36: 1 | DJ36: г.Стрежевой | DK36: 01 | DL36: =DL27 -> 13.092 | DO36: =DO27 -> 12.913 | DR36: =DR27 -> 34.4 | DV36: =DV27 -> 210.268 | DY36: =DY27 -> 133.088 | EB36: =EB27 -> 7.071 | EE36: =EE27 -> 11.3 | EH36: =EH27 -> 847 | EK36: =EK27 -> 339.07 | EN36: =EN27 -> 25.9 | EQ36: =EQ27 -> 2.3 | ET36: =ET27 -> 32.638 | FA36: 1 | FB36: г.Стрежевой | FC36: 01 | FD36: =FD27 -> 26 | FG36: =FG27 -> 23 | FJ36: =FJ27 -> 13 | FM36: =FM27 -> 7 | FR36: =FR27 -> 569 | FU36: =FU27 -> 14.7

Sheet клубы
A1: Общие сведения по учреждениям культурно-досугового типа | AF1: Среднее количество населения на одно клубное учреждение в муниципальных образованиях (тыс.чел.) | AY1: Число клубных формирований. Среднее число формирований на одно учреждение. Участники клубных формирований. | DF1: Культурно-досуговая работа | DQ1: гр.5-13; 18-32 поменяла формулировку - как в ст.сборнике ГИВЦ | ES1: Персонал учреждений | FR1: Поступление и использование финансовых средств за 2024г. (тыс.руб.)
A3: N п/п | B3: Наименование | C3: Код стр. | D3: Число учреждений культурно-досугового типа (включая обособленные подразделения), сет.ед. | J3: Вместимость зрительных залов, мест | M3: Среднее число посадочных мест на одно учреждение | P3: Число зданий, ед. | S3: из них | Y3: % зданий в неудовлетворит. состоянии | AB3: Число специализированных транспортных средств, ед. | AF3: N п/п | AG3: Наименование районов и городов | AH3: Код стр. | AI3: Численность постоянного населения на 1 января соотв. года | AO3: Среднее число жителей на одно учреждение | AY3: N п/п | AZ3: Наименование | BA3: Код стр. | BB3: Число клубных формирований, ед. | BH3: Среднее число формирований на 1 учреждение, ед. | BK3: Число участников клубных формирований, чел. | BQ3: Среднее число участников в 1 формировании, чел. | BT3: Место среди районов | BU3: из общего числа клубных формирований | DF3: N п/п | DG3: Наименование | DH3: Код стр. | DI3: Число культурно-массовых мероприятий - всего, ед. | DL3: из них для детей, ед. | DO3: Число посетителей на мероприятиях всего, чел. | DR3: из них на мероприятииях для детей, чел. | DU3: Среднее число культурно-массовых мероприятий на 1 учреждение, ед. | DX3: Место среди районов | DY3: Число мероприятий на платной основе - всего, ед. | EB3: из них для детей, ед. | EE3: % платных мероприятий от общего числа | EH3: Число посетителей на платных мероприятиях, чел. | EK3: из них на мероприятиях для детей, чел. | EN3: Среднее число посетителей на одном платном мероприятии, чел. | EQ3: Место среди районов | ES3: N п/п | ET3: Наименование | EU3: Код стр. | EV3: Численность работников - всего, чел. | EY3: из них | FK3: % раб-ков основного персонала с высшим и средним профессиональным образованием | FM3: Место среди районов | FN3: Среднее число специалистов на 1 клубное учр-ие, чел. | FR3: N п/п | FS3: Наименование | FT3: Код стр. | FU3: Поступило за год, всего | FV3: Средний объем финанс. поступлений на 1 клуб | FW3: из общей суммы поступлений | GC3: Израсходовано, всего | GD3: из них расходы на:
BU4: формирования для детей до 14 лет | CG4: формирования самодеятельного народного творчества | EY4: штатных | FB4: работников, относящихся к основному персоналу | FE4: из численности работников, относящихся к основному персоналу, имеют образование | FW4: бюджетные ассигнования учредителя | FX4: финансирование из бюдж. других уровней | FY4: от предпринимательской и иной принос. доход деят-сти | FZ4: из них благотв. и спонсорские вклады | GA4: от сдачи имущества в аренду | GB4: % бюджетного финансирования | GD4: оплату труда | GE4: кап. ремонт и реставрацию | GF4: приобретение (замену) оборудования | GG4: из них для улучш. условий доступности для лиц с ОВЗ | GH4: социально-значимые мероприятия
S5: требуют капитального ремонта | V5: аварийные | AI5: 2023 | AL5: 2024 | AO5: 2023 | AR5: 2024 | AU5: Отклонения к 2023 г. | BU5: число формирований, ед. | CA5: в них участников, чел. | CG5: число формирований, ед. | CM5: из них, для детей до 14 лет | CS5: число участников в формированиях, чел. | CY5: из них детей до 14 лет
D6: 2023 | G6: 2024 | BB6: Всего | BE6: в т.ч. в сельской местности | BK6: Всего | BN6: в т.ч. в сельской местности | BU6: Всего | BX6: в т.ч. в сельской местности | CA6: Всего | CD6: в т.ч. в сельской местности | CG6: Всего | CJ6: в т.ч. в сельской местности | CM6: Всего | CP6: в т.ч. в сельской местности | CS6: Всего | CV6: в т.ч. в сельской местности | CY6: Всего | DB6: в т.ч. в сельской местности | FE6: высшее | FH6: среднее профессиональное
D7: Всего | E7: Город | F7: Село | G7: Всего | H7: Город | I7: Село | J7: 2023 | K7: 2024 | L7: отк. | M7: 2023 | N7: 2024 | O7: отк. | P7: 2023 | Q7: 2024 | R7: отк. | S7: 2023 | T7: 2024 | U7: отк. | V7: 2023 | W7: 2024 | X7: отк. | Y7: 2023 | Z7: 2024 | AA7: отк. | AB7: 2023 | AC7: 2024 | AD7: отк. | AI7: Всего | AJ7: Город | AK7: Село | AL7: Всего | AM7: Город | AN7: Село | AO7: Всего | AP7: Город | AQ7: Село | AR7: Всего | AS7: Город | AT7: Село | AU7: Всего | AV7: Город | AW7: Село | BB7: 2023 | BC7: 2024 | BD7: отк. | BE7: 2023 | BF7: 2024 | BG7: отк. | BH7: 2023 | BI7: 2024 | BJ7: отк. | BK7: 2023 | BL7: 2024 | BM7: отк. | BN7: 2023 | BO7: 2024 | BP7: отк. | BQ7: 2023 | BR7: 2024 | BS7: отк. | BU7: 2023 | BV7: 2024 | BW7: отк. | BX7: 2023 | BY7: 2024 | BZ7: отк. | CA7: 2023 | CB7: 2024 | CC7: отк. | CD7: 2023 | CE7: 2024 | CF7: отк. | CG7: 2023 | CH7: 2024 | CI7: отк. | CJ7: 2023 | CK7: 2024 | CL7: отк. | CM7: 2023 | CN7: 2024 | CO7: отк. | CP7: 2023 | CQ7: 2024 | CR7: отк. | CS7: 2023 | CT7: 2024 | CU7: отк. | CV7: 2023 | CW7: 2024 | CX7: отк. | CY7: 2023 | CZ7: 2024 | DA7: отк. | DB7: 2023 | DC7: 2024 | DD7: отк. | DI7: 2023 | DJ7: 2024 | DK7: отк. | DL7: 2023 | DM7: 2024 | DN7: отк. | DO7: 2023 | DP7: 2024 | DQ7: отк. | DR7: 2023 | DS7: 2024 | DT7: отк. | DU7: 2023 | DV7: 2024 | DW7: отк. | DY7: 2023 | DZ7: 2024 | EA7: отк. | EB7: 2023 | EC7: 2024 | ED7: отк. | EE7: 2023 | EF7: 2024 | EG7: отк. | EH7: 2023 | EI7: 2024 | EJ7: отк. | EK7: 2023 | EL7: 2024 | EM7: отк. | EN7: 2023 | EO7: 2024 | EP7: отк. | EV7: 2023 | EW7: 2024 | EX7: отк. | EY7: 2023 | EZ7: 2024 | FA7: отк. | FB7: 2023 | FC7: 2024 | FD7: отк. | FE7: 2023 | FF7: 2024 | FG7: отк. | FH7: 2023 | FI7: 2024 | FJ7: отк. | FK7: 2023 | FL7: 2024 | FN7: 2023 | FO7: 2024 | FP7: отк.
C8: 1 | D8: 2 | E8: 3 | F8: 4 | G8: 5 | H8: 6 | I8: 7 | J8: 8 | K8: 9 | L8: 10 | M8: 11 | N8: 12 | O8: 13 | P8: 14 | Q8: 15 | R8: 16 | S8: 17 | T8: 18 | U8: 19 | V8: 20 | W8: 21 | X8: 22 | Y8: 23 | Z8: 24 | AA8: 25 | AB8: 26 | AC8: 27 | AD8: 28 | AH8: 1 | AI8: 2 | AJ8: 3 | AK8: 4 | AL8: 5 | AM8: 6 | AN8: 7 | AO8: 8 | AP8: 9 | AQ8: 10 | AR8: 11 | AS8: 12 | AT8: 13 | AU8: 14 | AV8: 15 | AW8: 16 | BA8: 1 | BB8: 2 | BC8: 3 | BD8: 4 | BE8: 5 | BF8: 6 | BG8: 7 | BH8: 8 | BI8: 9 | BJ8: 10 | BK8: 11 | BL8: 12 | BM8: 13 | BN8: 14 | BO8: 15 | BP8: 16 | BQ8: 17 | BR8: 18 | BS8: 19 | BT8: 20 | BU8: 21 | BV8: 22 | BW8: 23 | BX8: 24 | BY8: 25 | BZ8: 26 | CA8: 27 | CB8: 28 | CC8: 29 | CD8: 30 | CE8: 31 | CF8: 32 | CG8: 33 | CH8: 34 | CI8: 35 | CJ8: 36 | CK8: 37 | CL8: 38 | CM8: 39 | CN8: 40 | CO8: 41 | CP8: 42 | CQ8: 43 | CR8: 44 | CS8: 45 | CT8: 46 | CU8: 47 | CV8: 48 | CW8: 49 | CX8: 50 | CY8: 51 | CZ8: 52 | DA8: 53 | DB8: 54 | DC8: 55 | DD8: 56 | DH8: 1 | DI8: 2 | DJ8: 3 | DK8: 4 | DL8: 5 | DM8: 6 | DN8: 7 | DO8: 8 | DP8: 9 | DQ8: 10 | DR8: 11 | DS8: 12 | DT8: 13 | DU8: 14 | DV8: 15 | DW8: 16 | DX8: 17 | DY8: 18 | DZ8: 19 | EA8: 20 | EB8: 21 | EC8: 22 | ED8: 23 | EE8: 24 | EF8: 25 | EG8: 26 | EH8: 27 | EI8: 28 | EJ8: 29 | EK8: 30 | EL8: 31 | EM8: 32 | EN8: 33 | EO8: 34 | EP8: 35 | EQ8: 36 | EU8: 1 | EV8: 2 | EW8: 3 | EX8: 4 | EY8: 5 | EZ8: 6 | FA8: 7 | FB8: 8 | FC8: 9 | FD8: 10 | FE8: 11 | FF8: 12 | FG8: 13 | FH8: 14 | FI8: 15 | FJ8: 16 | FK8: 17 | FL8: 18 | FM8: 19 | FN8: 20 | FO8: 21 | FP8: 22 | FT8: 1 | FU8: 2 | FV8: 3 | FW8: 4 | FX8: 5 | FY8: 6 | FZ8: 7 | GA8: 8 | GB8: 9 | GC8: 10 | GD8: 11 | GE8: 12 | GF8: 13 | GG8: 14 | GH8: 15
A9: 1 | B9: Александровский | C9: 01 | D9: =E9+F9 -> 7 | F9: 7 | G9: =H9+I9 -> 7 | I9: 7 | J9: 745 | K9: 745 | L9: =K9-J9 -> 0 | M9: =ROUND(J9/D9,0) -> 106 | N9: =ROUND(K9/G9,0) -> 106 | O9: =N9-M9 -> 0 | P9: 7 | Q9: 7 | R9: =Q9-P9 -> 0 | U9: =T9-S9 -> 0 | X9: =W9-V9 -> 0 | Y9: =ROUND((S9+V9)/P9*100,1) -> 0 | Z9: =ROUND((T9+W9)/Q9*100,1) -> 0 | AA9: =Z9-Y9 -> 0 | AD9: =AC9-AB9 -> 0 | AF9: 1 | AG9: Александровский | AH9: 01 | AI9: =AJ9+AK9 -> 7.4 | AK9: 7.4 | AL9: =AM9+AN9 -> 7.2 | AN9: 7.2 | AO9: =ROUND(AI9/D9,2) -> 1.06 | AQ9: =ROUND(AK9/F9,2) -> 1.06 | AR9: =ROUND(AL9/G9,2) -> 1.03 | AT9: =ROUND(AN9/I9,2) -> 1.03 | AU9: =AR9-AO9 -> -0.03 | AV9: =AS9-AP9 -> 0 | AW9: =AT9-AQ9 -> -0.03 | AY9: 1 | AZ9: Александровский | BA9: 01 | BB9: 59 | BC9: 57 | BD9: =BC9-BB9 -> -2 | BE9: 59 | BF9: 57 | BG9: =BF9-BE9 -> -2 | BH9: =ROUND(BB9/D9,0) -> 8 | BI9: =ROUND(BC9/G9,0) -> 8 | BJ9: =BI9-BH9 -> 0 | BK9: 766 | BL9: 671 | BM9: =BL9-BK9 -> -95 | BN9: 766 | BO9: 671 | BP9: =BO9-BN9 -> -95 | BQ9: =ROUND(BK9/BB9,0) -> 13 | BR9: =ROUND(BL9/BC9,0) -> 12 | BS9: =BR9-BQ9 -> -1 | BT9: 10 | BU9: 21 | BV9: 21 | BW9: =BV9-BU9 -> 0 | BX9: 21 | BY9: 21 | BZ9: =BY9-BX9 -> 0 | CA9: 268 | CB9: 220 | CC9: =CB9-CA9 -> -48 | CD9: 268 | CE9: 220 | CF9: =CE9-CD9 -> -48 | CG9: 45 | CH9: 44 | CI9: =CH9-CG9 -> -1 | CJ9: 45 | CK9: 44 | CL9: =CK9-CJ9 -> -1 | CM9: 17 | CN9: 17 | CO9: =CN9-CM9 -> 0 | CP9: 17 | CQ9: 17 | CR9: =CQ9-CP9 -> 0 | CS9: 548 | CT9: 481 | CU9: =CT9-CS9 -> -67 | CV9: 548 | CW9: 481 | CX9: =CW9-CV9 -> -67 | CY9: 216 | CZ9: 178 | DA9: =CZ9-CY9 -> -38 | DB9: 216 | DC9: 178 | DD9: =DC9-DB9 -> -38 | DF9: 1 | DG9: Александровский | DH9: 01 | DI9: 714 | DJ9: 672 | DK9: =DJ9-DI9 -> -42 | DL9: 233 | DM9: 224 | DN9: =DM9-DL9 -> -9 | DO9: 101545 | DP9: 111537 | DQ9: =DP9-DO9 -> 9992 | DR9: 19322 | DS9: 19354 | DT9: =DS9-DR9 -> 32 | DU9: =ROUND(DI9/D9,0) -> 102 | DV9: =ROUND(DJ9/G9,0) -> 96 | DW9: =DV9-DU9 -> -6 | DX9: 17 | DY9: 38 | DZ9: 34 | EA9: =DZ9-DY9 -> -4 | EB9: 9 | EC9: 7 | ED9: =EC9-EB9 -> -2 | EE9: =ROUND(DY9/DI9*100,1) -> 5.3 | EF9: =ROUND(DZ9/DJ9*100,1) -> 5.1 | EG9: =EF9-EE9 -> -0.2 | EH9: 4325 | EI9: 4662 | EJ9: =EI9-EH9 -> 337 | EK9: 1370 | EL9: 1342 | EM9: =EL9-EK9 -> -28 | EN9: =ROUND(EH9/DY9,0) -> 114 | EO9: =ROUND(EI9/DZ9,0) -> 137 | EP9: =EO9-EN9 -> 23 | EQ9: 3 | ES9: 1 | ET9: Александровский | EU9: 01 | EV9: 54 | EW9: 54 | EX9: =EW9-EV9 -> 0 | EY9: 54 | EZ9: 54 | FA9: =EZ9-EY9 -> 0 | FB9: 28 | FC9: 28 | FD9: =FC9-FB9 -> 0 | FE9: 8 | FF9: 7 | FG9: =FF9-FE9 -> -1 | FH9: 18 | FI9: 20 | FJ9: =FI9-FH9 -> 2 | FK9: =ROUND((FE9+FH9)/FB9*100,1) -> 92.9 | FL9: =ROUND((FF9+FI9)/FC9*100,1) -> 96.4 | FM9: 2 | FN9: =ROUND(FB9/D9,0) -> 4 | FO9: =ROUND(FC9/G9,0) -> 4 | FP9: =FO9-FN9 -> 0 | FR9: 1 | FS9: Александровский | FT9: 01 | FU9: =FW9+FX9+FY9+GA9 -> 68985 | FV9: =ROUND(FU9/G9,0) -> 9855 | FW9: 30627.7 | FX9: 36217 | FY9: 1731.4 | FZ9: 70 | GA9: 408.9 | GB9: =ROUND((FW9+FX9)/FU9*100,1) -> 96.9 | GC9: 68598 | GD9: 55692.8 | GF9: 2745.2 | GH9: 530.3
A10: 2 | B10: Асиновский | C10: 02 | D10: =E10+F10 -> 17 | E10: 2 | F10: 15 | G10: =H10+I10 -> 17 | H10: 2 | I10: 15 | J10: 1491 | K10: 1491 | L10: =K10-J10 -> 0 | M10: =ROUND(J10/D10,0) -> 88 | N10: =ROUND(K10/G10,0) -> 88 | O10: =N10-M10 -> 0 | P10: 20 | Q10: 20 | R10: =Q10-P10 -> 0 | S10: 11 | U10: =T10-S10 -> -11 | X10: =W10-V10 -> 0 | Y10: =ROUND((S10+V10)/P10*100,1) -> 55 | Z10: =ROUND((T10+W10)/Q10*100,1) -> 0 | AA10: =Z10-Y10 -> -55 | AB10: 2 | AC10: 1 | AD10: =AC10-AB10 -> -1 | AF10: 2 | AG10: Асиновский | AH10: 02 | AI10: =AJ10+AK10 -> 33.5 | AJ10: 24.7 | AK10: 8.8 | AL10: =AM10+AN10 -> 33.4 | AM10: 24.7 | AN10: 8.7 | AO10: =ROUND(AI10/D10,2) -> 1.97 | AP10: =ROUND(AJ10/E10,2) -> 12.35 | AQ10: =ROUND(AK10/F10,2) -> 0.59 | AR10: =ROUND(AL10/G10,2) -> 1.96 | AS10: =ROUND(AM10/H10,2) -> 12.35 | AT10: =ROUND(AN10/I10,2) -> 0.58 | AU10: =AR10-AO10 -> -0.01 | AV10: =AS10-AP10 -> 0 | AW10: =AT10-AQ10 -> -0.01 | AY10: 2 | AZ10: Асиновский | BA10: 02 | BB10: 93 | BC10: 93 | BD10: =BC10-BB10 -> 0 | BE10: 57 | BF10: 57 | BG10: =BF10-BE10 -> 0 | BH10: =ROUND(BB10/D10,0) -> 5 | BI10: =ROUND(BC10/G10,0) -> 5 | BJ10: =BI10-BH10 -> 0 | BK10: 1667 | BL10: 1670 | BM10: =BL10-BK10 -> 3 | BN10: 750 | BO10: 765 | BP10: =BO10-BN10 -> 15 | BQ10: =ROUND(BK10/BB10,0) -> 18 | BR10: =ROUND(BL10/BC10,0) -> 18 | BS10: =BR10-BQ10 -> 0 | BT10: 4 | BU10: 35 | BV10: 34 | BW10: =BV10-BU10 -> -1 | BX10: 24 | BY10: 22 | BZ10: =BY10-BX10 -> -2 | CA10: 682 | CB10: 681 | CC10: =CB10-CA10 -> -1 | CD10: 296 | CE10: 290 | CF10: =CE10-CD10 -> -6 | CG10: 51 | CH10: 55 | CI10: =CH10-CG10 -> 4 | CJ10: 26 | CK10: 30 | CL10: =CK10-CJ10 -> 4 | CM10: 18 | CN10: 25 | CO10: =CN10-CM10 -> 7 | CP10: 8 | CQ10: 14 | CR10: =CQ10-CP10 -> 6 | CS10: 837 | CT10: 877 | CU10: =CT10-CS10 -> 40 | CV10: 289 | CW10: 344 | CX10: =CW10-CV10 -> 55 | CY10: 469 | CZ10: 553 | DA10: =CZ10-CY10 -> 84 | DB10: 108 | DC10: 187 | DD10: =DC10-DB10 -> 79 | DF10: 2 | DG10: Асиновский | DH10: 02 | DI10: 2360 | DJ10: 2547 | DK10: =DJ10-DI10 -> 187 | DL10: 1025 | DM10: 1066 | DN10: =DM10-DL10 -> 41 | DO10: 222547 | DP10: 270016 | DQ10: =DP10-DO10 -> 47469 | DR10: 26646 | DS10: 51487 | DT10: =DS10-DR10 -> 24841 | DU10: =ROUND(DI10/D10,0) -> 139 | DV10: =ROUND(DJ10/G10,0) -> 150 | DW10: =DV10-DU10 -> 11 | DX10: 8 | DY10: 1000 | DZ10: 1221 | EA10: =DZ10-DY10 -> 221 | EB10: 376 | EC10: 421 | ED10: =EC10-EB10 -> 45 | EE10: =ROUND(DY10/DI10*100,1) -> 42.4 | EF10: =ROUND(DZ10/DJ10*100,1) -> 47.9 | EG10: =EF10-EE10 -> 5.5 | EH10: 48727 | EI10: 52245 | EJ10: =EI10-EH10 -> 3518 | EK10: 9417 | EL10: 23833 | EM10: =EL10-EK10 -> 14416 | EN10: =ROUND(EH10/DY10,0) -> 49 | EO10: =ROUND(EI10/DZ10,0) -> 43 | EP10: =EO10-EN10 -> -6 | EQ10: 8 | ES10: 2 | ET10: Асиновский | EU10: 02 | EV10: 116 | EW10: 112 | EX10: =EW10-EV10 -> -4 | EY10: 111 | EZ10: 110 | FA10: =EZ10-EY10 -> -1 | FB10: 68 | FC10: 69 | FD10: =FC10-FB10 -> 1 | FE10: 12 | FF10: 24 | FG10: =FF10-FE10 -> 12 | FH10: 18 | FI10: 27 | FJ10: =FI10-FH10 -> 9 | FK10: =ROUND((FE10+FH10)/FB10*100,1) -> 44.1 | FL10: =ROUND((FF10+FI10)/FC10*100,1) -> 73.9 | FM10: 11 | FN10: =ROUND(FB10/D10,0) -> 4 | FO10: =ROUND(FC10/G10,0) -> 4 | FP10: =FO10-FN10 -> 0 | FR10: 2 | FS10: Асиновский | FT10: 02 | FU10: =FW10+FX10+FY10+GA10 -> 98148.7 | FV10: =ROUND(FU10/G10,0) -> 5773 | FW10: 49462.9 | FX10: 37960.5 | FY10: 10654.4 | FZ10: 6007 | GA10: 70.9 | GB10: =ROUND((FW10+FX10)/FU10*100,1) -> 89.1 | GC10: 97536 | GD10: 63864.2 | GF10: 5779 | GG10: 120 | GH10: 4087.5
A11: 3 | B11: Бакчарский | C11: 03 | D11: =E11+F11 -> 18 | F11: 18 | G11: =H11+I11 -> 18 | I11: 18 | J11: 720 | K11: 720 | L11: =K11-J11 -> 0 | M11: =ROUND(J11/D11,0) -> 40 | N11: =ROUND(K11/G11,0) -> 40 | O11: =N11-M11 -> 0 | P11: 18 | Q11: 18 | R11: =Q11-P11 -> 0 | S11: 3 | T11: 2 | U11: =T11-S11 -> -1 | X11: =W11-V11 -> 0 | Y11: =ROUND((S11+V11)/P11*100,1) -> 16.7 | Z11: =ROUND((T11+W11)/Q11*100,1) -> 11.1 | AA11: =Z11-Y11 -> -5.6 | AD11: =AC11-AB11 -> 0 | AF11: 3 | AG11: Бакчарский | AH11: 03 | AI11: =AJ11+AK11 -> 11.2 | AK11: 11.2 | AL11: =AM11+AN11 -> 11.2 | AN11: 11.2 | AO11: =ROUND(AI11/D11,2) -> 0.62 | AQ11: =ROUND(AK11/F11,2) -> 0.62 | AR11: =ROUND(AL11/G11,2) -> 0.62 | AT11: =ROUND(AN11/I11,2) -> 0.62 | AU11: =AR11-AO11 -> 0 | AV11: =AS11-AP11 -> 0 | AW11: =AT11-AQ11 -> 0 | AY11: 3 | AZ11: Бакчарский | BA11: 03 | BB11: 50 | BC11: 53 | BD11: =BC11-BB11 -> 3 | BE11: 50 | BF11: 53 | BG11: =BF11-BE11 -> 3 | BH11: =ROUND(BB11/D11,0) -> 3 | BI11: =ROUND(BC11/G11,0) -> 3 | BJ11: =BI11-BH11 -> 0 | BK11: 600 | BL11: 613 | BM11: =BL11-BK11 -> 13 | BN11: 600 | BO11: 613 | BP11: =BO11-BN11 -> 13 | BQ11: =ROUND(BK11/BB11,0) -> 12 | BR11: =ROUND(BL11/BC11,0) -> 12 | BS11: =BR11-BQ11 -> 0 | BT11: 10 | BU11: 23 | BV11: 21 | BW11: =BV11-BU11 -> -2 | BX11: 23 | BY11: 21 | BZ11: =BY11-BX11 -> -2 | CA11: 294 | CB11: 260 | CC11: =CB11-CA11 -> -34 | CD11: 294 | CE11: 260 | CF11: =CE11-CD11 -> -34 | CG11: 21 | CH11: 37 | CI11: =CH11-CG11 -> 16 | CJ11: 21 | CK11: 37 | CL11: =CK11-CJ11 -> 16 | CM11: 6 | CN11: 4 | CO11: =CN11-CM11 -> -2 | CP11: 6 | CQ11: 4 | CR11: =CQ11-CP11 -> -2 | CS11: 260 | CT11: 406 | CU11: =CT11-CS11 -> 146 | CV11: 260 | CW11: 406 | CX11: =CW11-CV11 -> 146 | CY11: 60 | CZ11: 35 | DA11: =CZ11-CY11 -> -25 | DB11: 60 | DC11: 35 | DD11: =DC11-DB11 -> -25 | DF11: 3 | DG11: Бакчарский | DH11: 03 | DI11: 1722 | DJ11: 1583 | DK11: =DJ11-DI11 -> -139 | DL11: 919 | DM11: 734 | DN11: =DM11-DL11 -> -185 | DO11: 54453 | DP11: 76266 | DQ11: =DP11-DO11 -> 21813 | DR11: 15409 | DS11: 14438 | DT11: =DS11-DR11 -> -971 | DU11: =ROUND(DI11/D11,0) -> 96 | DV11: =ROUND(DJ11/G11,0) -> 88 | DW11: =DV11-DU11 -> -8 | DX11: 18 | DY11: 102 | DZ11: 124 | EA11: =DZ11-DY11 -> 22 | EB11: 25 | EC11: 19 | ED11: =EC11-EB11 -> -6 | EE11: =ROUND(DY11/DI11*100,1) -> 5.9 | EF11: =ROUND(DZ11/DJ11*100,1) -> 7.8 | EG11: =EF11-EE11 -> 1.9 | EH11: 4041 | EI11: 3245 | EJ11: =EI11-EH11 -> -796 | EK11: 577 | EL11: 896 | EM11: =EL11-EK11 -> 319 | EN11: =ROUND(EH11/DY11,0) -> 40 | EO11: =ROUND(EI11/DZ11,0) -> 26 | EP11: =EO11-EN11 -> -14 | EQ11: 14 | ES11: 3 | ET11: Бакчарский | EU11: 03 | EV11: 51 | EW11: 51 | EX11: =EW11-EV11 -> 0 | EY11: 50 | EZ11: 51 | FA11: =EZ11-EY11 -> 1 | FB11: 29 | FC11: 26 | FD11: =FC11-FB11 -> -3 | FE11: 8 | FF11: 6 | FG11: =FF11-FE11 -> -2 | FH11: 12 | FI11: 12 | FJ11: =FI11-FH11 -> 0 | FK11: =ROUND((FE11+FH11)/FB11*100,1) -> 69 | FL11: =ROUND((FF11+FI11)/FC11*100,1) -> 69.2 | FM11: 14 | FN11: =ROUND(FB11/D11,0) -> 2 | FO11: =ROUND(FC11/G11,0) -> 1 | FP11: =FO11-FN11 -> -1 | FR11: 3 | FS11: Бакчарский | FT11: 03 | FU11: =FW11+FX11+FY11+GA11 -> 40307 | FV11: =ROUND(FU11/G11,0) -> 2239 | FW11: 19257 | FX11: 20264 | FY11: 744 | GA11: 42 | GB11: =ROUND((FW11+FX11)/FU11*100,1) -> 98 | GC11: 40307 | GD11: 25824 | GF11: 723 | GH11: 57
A12: 4 | B12: Верхнекетский | C12: 04 | D12: =E12+F12 -> 9 | E12: 2 | F12: 7 | G12: =H12+I12 -> 9 | H12: 2 | I12: 7 | J12: 801 | K12: 801 | L12: =K12-J12 -> 0 | M12: =ROUND(J12/D12,0) -> 89 | N12: =ROUND(K12/G12,0) -> 89 | O12: =N12-M12 -> 0 | P12: 9 | Q12: 9 | R12: =Q12-P12 -> 0 | S12: 1 | T12: 1 | U12: =T12-S12 -> 0 | X12: =W12-V12 -> 0 | Y12: =ROUND((S12+V12)/P12*100,1) -> 11.1 | Z12: =ROUND((T12+W12)/Q12*100,1) -> 11.1 | AA12: =Z12-Y12 -> 0 | AD12: =AC12-AB12 -> 0 | AF12: 4 | AG12: Верхнекетский | AH12: 04 | AI12: =AJ12+AK12 -> 14.6 | AJ12: 7.8 | AK12: 6.8 | AL12: =AM12+AN12 -> 14.4 | AM12: 7.7 | AN12: 6.7 | AO12: =ROUND(AI12/D12,2) -> 1.62 | AP12: =ROUND(AJ12/E12,2) -> 3.9 | AQ12: =ROUND(AK12/F12,2) -> 0.97 | AR12: =ROUND(AL12/G12,2) -> 1.6 | AS12: =ROUND(AM12/H12,2) -> 3.85 | AT12: =ROUND(AN12/I12,2) -> 0.96 | AU12: =AR12-AO12 -> -0.02 | AV12: =AS12-AP12 -> -0.05 | AW12: =AT12-AQ12 -> -0.01 | AY12: 4 | AZ12: Верхнекетский | BA12: 04 | BB12: 33 | BC12: 31 | BD12: =BC12-BB12 -> -2 | BE12: 19 | BF12: 19 | BG12: =BF12-BE12 -> 0 | BH12: =ROUND(BB12/D12,0) -> 4 | BI12: =ROUND(BC12/G12,0) -> 3 | BJ12: =BI12-BH12 -> -1 | BK12: 489 | BL12: 452 | BM12: =BL12-BK12 -> -37 | BN12: 247 | BO12: 244 | BP12: =BO12-BN12 -> -3 | BQ12: =ROUND(BK12/BB12,0) -> 15 | BR12: =ROUND(BL12/BC12,0) -> 15 | BS12: =BR12-BQ12 -> 0 | BT12: 7 | BU12: 15 | BV12: 14 | BW12: =BV12-BU12 -> -1 | BX12: 11 | BY12: 11 | BZ12: =BY12-BX12 -> 0 | CA12: 285 | CB12: 271 | CC12: =CB12-CA12 -> -14 | CD12: 156 | CE12: 158 | CF12: =CE12-CD12 -> 2 | CG12: 33 | CH12: 31 | CI12: =CH12-CG12 -> -2 | CJ12: 19 | CK12: 19 | CL12: =CK12-CJ12 -> 0 | CM12: 15 | CN12: 14 | CO12: =CN12-CM12 -> -1 | CP12: 11 | CQ12: 11 | CR12: =CQ12-CP12 -> 0 | CS12: 489 | CT12: 452 | CU12: =CT12-CS12 -> -37 | CV12: 247 | CW12: 244 | CX12: =CW12-CV12 -> -3 | CY12: 285 | CZ12: 271 | DA12: =CZ12-CY12 -> -14 | DB12: 156 | DC12: 158 | DD12: =DC12-DB12 -> 2 | DF12: 4 | DG12: Верхнекетский | DH12: 04 | DI12: 1372 | DJ12: 1343 | DK12: =DJ12-DI12 -> -29 | DL12: 508 | DM12: 407 | DN12: =DM12-DL12 -> -101 | DO12: 59553 | DP12: 61887 | DQ12: =DP12-DO12 -> 2334 | DR12: 15932 | DS12: 11763 | DT12: =DS12-DR12 -> -4169 | DU12: =ROUND(DI12/D12,0) -> 152 | DV12: =ROUND(DJ12/G12,0) -> 149 | DW12: =DV12-DU12 -> -3 | DX12: 9 | DY12: 453 | DZ12: 393 | EA12: =DZ12-DY12 -> -60 | EB12: 177 | EC12: 129 | ED12: =EC12-EB12 -> -48 | EE12: =ROUND(DY12/DI12*100,1) -> 33 | EF12: =ROUND(DZ12/DJ12*100,1) -> 29.3 | EG12: =EF12-EE12 -> -3.7 | EH12: 12239 | EI12: 12047 | EJ12: =EI12-EH12 -> -192 | EK12: 4169 | EL12: 3151 | EM12: =EL12-EK12 -> -1018 | EN12: =ROUND(EH12/DY12,0) -> 27 | EO12: =ROUND(EI12/DZ12,0) -> 31 | EP12: =EO12-EN12 -> 4 | EQ12: 12 | ES12: 4 | ET12: Верхнекетский | EU12: 04 | EV12: 74 | EW12: 73 | EX12: =EW12-EV12 -> -1 | EY12: 74 | EZ12: 73 | FA12: =EZ12-EY12 -> -1 | FB12: 43 | FC12: 46 | FD12: =FC12-FB12 -> 3 | FE12: 7 | FF12: 9 | FG12: =FF12-FE12 -> 2 | FH12: 22 | FI12: 23 | FJ12: =FI12-FH12 -> 1 | FK12: =ROUND((FE12+FH12)/FB12*100,1) -> 67.4 | FL12: =ROUND((FF12+FI12)/FC12*100,1) -> 69.6 | FM12: 13 | FN12: =ROUND(FB12/D12,0) -> 5 | FO12: =ROUND(FC12/G12,0) -> 5 | FP12: =FO12-FN12 -> 0 | FR12: 4 | FS12: Верхнекетский | FT12: 04 | FU12: =FW12+FX12+FY12+GA12 -> 93123.3 | FV12: =ROUND(FU12/G12,0) -> 10347 | FW12: 89126.3 | FY12: 3989 | FZ12: 687 | GA12: 8 | GB12: =ROUND((FW12+FX12)/FU12*100,1) -> 95.7 | GC12: 93123.3 | GD12: 72113 | GE12: 859.4 | GF12: 3220.8 | GH12: 1606.9
A13: 5 | B13: Зырянский | C13: 05 | D13: =E13+F13 -> 21 | F13: 21 | G13: =H13+I13 -> 21 | I13: 21 | J13: 1643 | K13: 1643 | L13: =K13-J13 -> 0 | M13: =ROUND(J13/D13,0) -> 78 | N13: =ROUND(K13/G13,0) -> 78 | O13: =N13-M13 -> 0 | P13: 21 | Q13: 21 | R13: =Q13-P13 -> 0 | S13: 5 | T13: 5 | U13: =T13-S13 -> 0 | X13: =W13-V13 -> 0 | Y13: =ROUND((S13+V13)/P13*100,1) -> 23.8 | Z13: =ROUND((T13+W13)/Q13*100,1) -> 23.8 | AA13: =Z13-Y13 -> 0 | AD13: =AC13-AB13 -> 0 | AF13: 5 | AG13: Зырянский | AH13: 05 | AI13: =AJ13+AK13 -> 11.1 | AK13: 11.1 | AL13: =AM13+AN13 -> 11.1 | AN13: 11.1 | AO13: =ROUND(AI13/D13,2) -> 0.53 | AQ13: =ROUND(AK13/F13,2) -> 0.53 | AR13: =ROUND(AL13/G13,2) -> 0.53 | AT13: =ROUND(AN13/I13,2) -> 0.53 | AU13: =AR13-AO13 -> 0 | AV13: =AS13-AP13 -> 0 | AW13: =AT13-AQ13 -> 0 | AY13: 5 | AZ13: Зырянский | BA13: 05 | BB13: 118 | BC13: 119 | BD13: =BC13-BB13 -> 1 | BE13: 118 | BF13: 119 | BG13: =BF13-BE13 -> 1 | BH13: =ROUND(BB13/D13,0) -> 6 | BI13: =ROUND(BC13/G13,0) -> 6 | BJ13: =BI13-BH13 -> 0 | BK13: 1405 | BL13: 1407 | BM13: =BL13-BK13 -> 2 | BN13: 1405 | BO13: 1407 | BP13: =BO13-BN13 -> 2 | BQ13: =ROUND(BK13/BB13,0) -> 12 | BR13: =ROUND(BL13/BC13,0) -> 12 | BS13: =BR13-BQ13 -> 0 | BT13: 10 | BU13: 68 | BV13: 65 | BW13: =BV13-BU13 -> -3 | BX13: 68 | BY13: 65 | BZ13: =BY13-BX13 -> -3 | CA13: 732 | CB13: 712 | CC13: =CB13-CA13 -> -20 | CD13: 732 | CE13: 712 | CF13: =CE13-CD13 -> -20 | CG13: 91 | CH13: 90 | CI13: =CH13-CG13 -> -1 | CJ13: 91 | CK13: 90 | CL13: =CK13-CJ13 -> -1 | CM13: 58 | CN13: 54 | CO13: =CN13-CM13 -> -4 | CP13: 58 | CQ13: 54 | CR13: =CQ13-CP13 -> -4 | CS13: 1033 | CT13: 1019 | CU13: =CT13-CS13 -> -14 | CV13: 1033 | CW13: 1019 | CX13: =CW13-CV13 -> -14 | CY13: 584 | CZ13: 559 | DA13: =CZ13-CY13 -> -25 | DB13: 584 | DC13: 559 | DD13: =DC13-DB13 -> -25 | DF13: 5 | DG13: Зырянский | DH13: 05 | DI13: 2597 | DJ13: 2576 | DK13: =DJ13-DI13 -> -21 | DL13: 917 | DM13: 1034 | DN13: =DM13-DL13 -> 117 | DO13: 129718 | DP13: 179698 | DQ13: =DP13-DO13 -> 49980 | DR13: 26455 | DS13: 39512 | DT13: =DS13-DR13 -> 13057 | DU13: =ROUND(DI13/D13,0) -> 124 | DV13: =ROUND(DJ13/G13,0) -> 123 | DW13: =DV13-DU13 -> -1 | DX13: 14 | DY13: 1161 | DZ13: 1066 | EA13: =DZ13-DY13 -> -95 | EB13: 239 | EC13: 263 | ED13: =EC13-EB13 -> 24 | EE13: =ROUND(DY13/DI13*100,1) -> 44.7 | EF13: =ROUND(DZ13/DJ13*100,1) -> 41.4 | EG13: =EF13-EE13 -> -3.3 | EH13: 20401 | EI13: 18171 | EJ13: =EI13-EH13 -> -2230 | EK13: 4367 | EL13: 5083 | EM13: =EL13-EK13 -> 716 | EN13: =ROUND(EH13/DY13,0) -> 18 | EO13: =ROUND(EI13/DZ13,0) -> 17 | EP13: =EO13-EN13 -> -1 | EQ13: 18 | ES13: 5 | ET13: Зырянский | EU13: 05 | EV13: 85 | EW13: 83 | EX13: =EW13-EV13 -> -2 | EY13: 85 | EZ13: 83 | FA13: =EZ13-EY13 -> -2 | FB13: 58 | FC13: 57 | FD13: =FC13-FB13 -> -1 | FE13: 5 | FF13: 5 | FG13: =FF13-FE13 -> 0 | FH13: 17 | FI13: 16 | FJ13: =FI13-FH13 -> -1 | FK13: =ROUND((FE13+FH13)/FB13*100,1) -> 37.9 | FL13: =ROUND((FF13+FI13)/FC13*100,1) -> 36.8 | FM13: 18 | FN13: =ROUND(FB13/D13,0) -> 3 | FO13: =ROUND(FC13/G13,0) -> 3 | FP13: =FO13-FN13 -> 0 | FR13: 5 | FS13: Зырянский | FT13: 05 | FU13: =FW13+FX13+FY13+GA13 -> 50716 | FV13: =ROUND(FU13/G13,0) -> 2415 | FW13: 23598 | FX13: 25391 | FY13: 1727 | FZ13: 90 | GB13: =ROUND((FW13+FX13)/FU13*100,1) -> 96.6 | GC13: 50624 | GD13: 41406 | GF13: 2414 | GH13: 1316
A14: 6 | B14: Каргасокский | C14: 06 | D14: =E14+F14 -> 18 | F14: 18 | G14: =H14+I14 -> 18 | I14: 18 | J14: 1781 | K14: 1781 | L14: =K14-J14 -> 0 | M14: =ROUND(J14/D14,0) -> 99 | N14: =ROUND(K14/G14,0) -> 99 | O14: =N14-M14 -> 0 | P14: 18 | Q14: 18 | R14: =Q14-P14 -> 0 | S14: 2 | U14: =T14-S14 -> -2 | X14: =W14-V14 -> 0 | Y14: =ROUND((S14+V14)/P14*100,1) -> 11.1 | Z14: =ROUND((T14+W14)/Q14*100,1) -> 0 | AA14: =Z14-Y14 -> -11.1 | AD14: =AC14-AB14 -> 0 | AF14: 6 | AG14: Каргасокский | AH14: 06 | AI14: =AJ14+AK14 -> 17.5 | AK14: 17.5 | AL14: =AM14+AN14 -> 17.4 | AN14: 17.4 | AO14: =ROUND(AI14/D14,2) -> 0.97 | AQ14: =ROUND(AK14/F14,2) -> 0.97 | AR14: =ROUND(AL14/G14,2) -> 0.97 | AT14: =ROUND(AN14/I14,2) -> 0.97 | AU14: =AR14-AO14 -> 0 | AV14: =AS14-AP14 -> 0 | AW14: =AT14-AQ14 -> 0 | AY14: 6 | AZ14: Каргасокский | BA14: 06 | BB14: 158 | BC14: 162 | BD14: =BC14-BB14 -> 4 | BE14: 158 | BF14: 162 | BG14: =BF14-BE14 -> 4 | BH14: =ROUND(BB14/D14,0) -> 9 | BI14: =ROUND(BC14/G14,0) -> 9 | BJ14: =BI14-BH14 -> 0 | BK14: 2953 | BL14: 2774 | BM14: =BL14-BK14 -> -179 | BN14: 2953 | BO14: 2774 | BP14: =BO14-BN14 -> -179 | BQ14: =ROUND(BK14/BB14,0) -> 19 | BR14: =ROUND(BL14/BC14,0) -> 17 | BS14: =BR14-BQ14 -> -2 | BT14: 5 | BU14: 80 | BV14: 82 | BW14: =BV14-BU14 -> 2 | BX14: 80 | BY14: 82 | BZ14: =BY14-BX14 -> 2 | CA14: 1554 | CB14: 1471 | CC14: =CB14-CA14 -> -83 | CD14: 1554 | CE14: 1471 | CF14: =CE14-CD14 -> -83 | CG14: 117 | CH14: 124 | CI14: =CH14-CG14 -> 7 | CJ14: 117 | CK14: 124 | CL14: =CK14-CJ14 -> 7 | CM14: 66 | CN14: 70 | CO14: =CN14-CM14 -> 4 | CP14: 66 | CQ14: 70 | CR14: =CQ14-CP14 -> 4 | CS14: 2017 | CT14: 1942 | CU14: =CT14-CS14 -> -75 | CV14: 2017 | CW14: 1942 | CX14: =CW14-CV14 -> -75 | CY14: 1258 | CZ14: 1217 | DA14: =CZ14-CY14 -> -41 | DB14: 1258 | DC14: 1217 | DD14: =DC14-DB14 -> -41 | DF14: 6 | DG14: Каргасокский | DH14: 06 | DI14: 3181 | DJ14: 3447 | DK14: =DJ14-DI14 -> 266 | DL14: 1376 | DM14: 1320 | DN14: =DM14-DL14 -> -56 | DO14: 234762 | DP14: 249265 | DQ14: =DP14-DO14 -> 14503 | DR14: 58980 | DS14: 61387 | DT14: =DS14-DR14 -> 2407 | DU14: =ROUND(DI14/D14,0) -> 177 | DV14: =ROUND(DJ14/G14,0) -> 192 | DW14: =DV14-DU14 -> 15 | DX14: 6 | DY14: 523 | DZ14: 597 | EA14: =DZ14-DY14 -> 74 | EB14: 332 | EC14: 316 | ED14: =EC14-EB14 -> -16 | EE14: =ROUND(DY14/DI14*100,1) -> 16.4 | EF14: =ROUND(DZ14/DJ14*100,1) -> 17.3 | EG14: =EF14-EE14 -> 0.9 | EH14: 23461 | EI14: 24436 | EJ14: =EI14-EH14 -> 975 | EK14: 12566 | EL14: 11163 | EM14: =EL14-EK14 -> -1403 | EN14: =ROUND(EH14/DY14,0) -> 45 | EO14: =ROUND(EI14/DZ14,0) -> 41 | EP14: =EO14-EN14 -> -4 | EQ14: 10 | ES14: 6 | ET14: Каргасокский | EU14: 06 | EV14: 107 | EW14: 105 | EX14: =EW14-EV14 -> -2 | EY14: 107 | EZ14: 105 | FA14: =EZ14-EY14 -> -2 | FB14: 66 | FC14: 64 | FD14: =FC14-FB14 -> -2 | FE14: 20 | FF14: 22 | FG14: =FF14-FE14 -> 2 | FH14: 46 | FI14: 42 | FJ14: =FI14-FH14 -> -4 | FK14: =ROUND((FE14+FH14)/FB14*100,1) -> 100 | FL14: =ROUND((FF14+FI14)/FC14*100,1) -> 100 | FM14: 1 | FN14: =ROUND(FB14/D14,0) -> 4 | FO14: =ROUND(FC14/G14,0) -> 4 | FP14: =FO14-FN14 -> 0 | FR14: 6 | FS14: Каргасокский | FT14: 06 | FU14: =FW14+FX14+FY14+GA14 -> 119513.9 | FV14: =ROUND(FU14/G14,0) -> 6640 | FW14: 61148.6 | FX14: 56294.7 | FY14: 2070.6 | FZ14: 58.9 | GB14: =ROUND((FW14+FX14)/FU14*100,1) -> 98.3 | GC14: 120186.1 | GD14: 98977.4 | GF14: 276.8 | GH14: 530.1
A15: 7 | B15: Кожевниковский | C15: 07 | D15: =E15+F15 -> 24 | F15: 24 | G15: =H15+I15 -> 24 | I15: 24 | J15: 2021 | K15: 1911 | L15: =K15-J15 -> -110 | M15: =ROUND(J15/D15,0) -> 84 | N15: =ROUND(K15/G15,0) -> 80 | O15: =N15-M15 -> -4 | P15: 22 | Q15: 24 | R15: =Q15-P15 -> 2 | U15: =T15-S15 -> 0 | X15: =W15-V15 -> 0 | Y15: =ROUND((S15+V15)/P15*100,1) -> 0 | Z15: =ROUND((T15+W15)/Q15*100,1) -> 0 | AA15: =Z15-Y15 -> 0 | AD15: =AC15-AB15 -> 0 | AF15: 7 | AG15: Кожевниковский | AH15: 07 | AI15: =AJ15+AK15 -> 20.3 | AK15: 20.3 | AL15: =AM15+AN15 -> 20.2 | AN15: 20.2 | AO15: =ROUND(AI15/D15,2) -> 0.85 | AQ15: =ROUND(AK15/F15,2) -> 0.85 | AR15: =ROUND(AL15/G15,2) -> 0.84 | AT15: =ROUND(AN15/I15,2) -> 0.84 | AU15: =AR15-AO15 -> -0.01 | AV15: =AS15-AP15 -> 0 | AW15: =AT15-AQ15 -> -0.01 | AY15: 7 | AZ15: Кожевниковский | BA15: 07 | BB15: 109 | BC15: 106 | BD15: =BC15-BB15 -> -3 | BE15: 109 | BF15: 106 | BG15: =BF15-BE15 -> -3 | BH15: =ROUND(BB15/D15,0) -> 5 | BI15: =ROUND(BC15/G15,0) -> 4 | BJ15: =BI15-BH15 -> -1 | BK15: 1441 | BL15: 1423 | BM15: =BL15-BK15 -> -18 | BN15: 1441 | BO15: 1423 | BP15: =BO15-BN15 -> -18 | BQ15: =ROUND(BK15/BB15,0) -> 13 | BR15: =ROUND(BL15/BC15,0) -> 13 | BS15: =BR15-BQ15 -> 0 | BT15: 9 | BU15: 50 | BV15: 49 | BW15: =BV15-BU15 -> -1 | BX15: 50 | BY15: 49 | BZ15: =BY15-BX15 -> -1 | CA15: 614 | CB15: 611 | CC15: =CB15-CA15 -> -3 | CD15: 614 | CE15: 611 | CF15: =CE15-CD15 -> -3 | CG15: 67 | CH15: 64 | CI15: =CH15-CG15 -> -3 | CJ15: 67 | CK15: 64 | CL15: =CK15-CJ15 -> -3 | CM15: 32 | CN15: 31 | CO15: =CN15-CM15 -> -1 | CP15: 32 | CQ15: 31 | CR15: =CQ15-CP15 -> -1 | CS15: 818 | CT15: 800 | CU15: =CT15-CS15 -> -18 | CV15: 818 | CW15: 800 | CX15: =CW15-CV15 -> -18 | CY15: 445 | CZ15: 435 | DA15: =CZ15-CY15 -> -10 | DB15: 445 | DC15: 435 | DD15: =DC15-DB15 -> -10 | DF15: 7 | DG15: Кожевниковский | DH15: 07 | DI15: 2867 | DJ15: 2560 | DK15: =DJ15-DI15 -> -307 | DL15: 1455 | DM15: 1238 | DN15: =DM15-DL15 -> -217 | DO15: 121218 | DP15: 149547 | DQ15: =DP15-DO15 -> 28329 | DR15: 30207 | DS15: 40007 | DT15: =DS15-DR15 -> 9800 | DU15: =ROUND(DI15/D15,0) -> 119 | DV15: =ROUND(DJ15/G15,0) -> 107 | DW15: =DV15-DU15 -> -12 | DX15: 15 | DY15: 691 | DZ15: 588 | EA15: =DZ15-DY15 -> -103 | EB15: 287 | EC15: 136 | ED15: =EC15-EB15 -> -151 | EE15: =ROUND(DY15/DI15*100,1) -> 24.1 | EF15: =ROUND(DZ15/DJ15*100,1) -> 23 | EG15: =EF15-EE15 -> -1.1 | EH15: 23423 | EI15: 31875 | EJ15: =EI15-EH15 -> 8452 | EK15: 7068 | EL15: 4669 | EM15: =EL15-EK15 -> -2399 | EN15: =ROUND(EH15/DY15,0) -> 34 | EO15: =ROUND(EI15/DZ15,0) -> 54 | EP15: =EO15-EN15 -> 20 | EQ15: 6 | ES15: 7 | ET15: Кожевниковский | EU15: 07 | EV15: 75 | EW15: 73 | EX15: =EW15-EV15 -> -2 | EY15: 75 | EZ15: 73 | FA15: =EZ15-EY15 -> -2 | FB15: 44 | FC15: 42 | FD15: =FC15-FB15 -> -2 | FE15: 6 | FF15: 6 | FG15: =FF15-FE15 -> 0 | FH15: 15 | FI15: 19 | FJ15: =FI15-FH15 -> 4 | FK15: =ROUND((FE15+FH15)/FB15*100,1) -> 47.7 | FL15: =ROUND((FF15+FI15)/FC15*100,1) -> 59.5 | FM15: 15 | FN15: =ROUND(FB15/D15,0) -> 2 | FO15: =ROUND(FC15/G15,0) -> 2 | FP15: =FO15-FN15 -> 0 | FR15: 7 | FS15: Кожевниковский | FT15: 07 | FU15: =FW15+FX15+FY15+GA15 -> 55167.8 | FV15: =ROUND(FU15/G15,0) -> 2299 | FW15: 32270 | FX15: 18745.5 | FY15: 4152.3 | FZ15: 2359.7 | GB15: =ROUND((FW15+FX15)/FU15*100,1) -> 92.5 | GC15: 54095.6 | GD15: 34300.2 | GE15: 182.1 | GF15: 1289.9
A16: 8 | B16: Колпашевский | C16: 08 | D16: =E16+F16 -> 17 | E16: 2 | F16: 15 | G16: =H16+I16 -> 17 | H16: 2 | I16: 15 | J16: 1448 | K16: 1428 | L16: =K16-J16 -> -20 | M16: =ROUND(J16/D16,0) -> 85 | N16: =ROUND(K16/G16,0) -> 84 | O16: =N16-M16 -> -1 | P16: 17 | Q16: 16 | R16: =Q16-P16 -> -1 | S16: 1 | T16: 2 | U16: =T16-S16 -> 1 | X16: =W16-V16 -> 0 | Y16: =ROUND((S16+V16)/P16*100,1) -> 5.9 | Z16: =ROUND((T16+W16)/Q16*100,1) -> 12.5 | AA16: =Z16-Y16 -> 6.6 | AB16: 1 | AC16: 1 | AD16: =AC16-AB16 -> 0 | AF16: 8 | AG16: Колпашевский | AH16: 08 | AI16: =AJ16+AK16 -> 32.6 | AJ16: 20.3 | AK16: 12.3 | AL16: =AM16+AN16 -> 32.1 | AM16: 20.1 | AN16: 12 | AO16: =ROUND(AI16/D16,2) -> 1.92 | AP16: =ROUND(AJ16/E16,2) -> 10.15 | AQ16: =ROUND(AK16/F16,2) -> 0.82 | AR16: =ROUND(AL16/G16,2) -> 1.89 | AS16: =ROUND(AM16/H16,2) -> 10.05 | AT16: =ROUND(AN16/I16,2) -> 0.8 | AU16: =AR16-AO16 -> -0.03 | AV16: =AS16-AP16 -> -0.1 | AW16: =AT16-AQ16 -> -0.02 | AY16: 8 | AZ16: Колпашевский | BA16: 08 | BB16: 85 | BC16: 86 | BD16: =BC16-BB16 -> 1 | BE16: 61 | BF16: 62 | BG16: =BF16-BE16 -> 1 | BH16: =ROUND(BB16/D16,0) -> 5 | BI16: =ROUND(BC16/G16,0) -> 5 | BJ16: =BI16-BH16 -> 0 | BK16: 1272 | BL16: 1276 | BM16: =BL16-BK16 -> 4 | BN16: 803 | BO16: 805 | BP16: =BO16-BN16 -> 2 | BQ16: =ROUND(BK16/BB16,0) -> 15 | BR16: =ROUND(BL16/BC16,0) -> 15 | BS16: =BR16-BQ16 -> 0 | BT16: 7 | BU16: 34 | BV16: 39 | BW16: =BV16-BU16 -> 5 | BX16: 29 | BY16: 32 | BZ16: =BY16-BX16 -> 3 | CA16: 526 | CB16: 648 | CC16: =CB16-CA16 -> 122 | CD16: 390 | CE16: 449 | CF16: =CE16-CD16 -> 59 | CG16: 59 | CH16: 62 | CI16: =CH16-CG16 -> 3 | CJ16: 42 | CK16: 44 | CL16: =CK16-CJ16 -> 2 | CM16: 25 | CN16: 28 | CO16: =CN16-CM16 -> 3 | CP16: 21 | CQ16: 23 | CR16: =CQ16-CP16 -> 2 | CS16: 892 | CT16: 951 | CU16: =CT16-CS16 -> 59 | CV16: 544 | CW16: 553 | CX16: =CW16-CV16 -> 9 | CY16: 420 | CZ16: 501 | DA16: =CZ16-CY16 -> 81 | DB16: 294 | DC16: 340 | DD16: =DC16-DB16 -> 46 | DF16: 8 | DG16: Колпашевский | DH16: 08 | DI16: 2321 | DJ16: 2411 | DK16: =DJ16-DI16 -> 90 | DL16: 923 | DM16: 806 | DN16: =DM16-DL16 -> -117 | DO16: 258983 | DP16: 301740 | DQ16: =DP16-DO16 -> 42757 | DR16: 65616 | DS16: 64197 | DT16: =DS16-DR16 -> -1419 | DU16: =ROUND(DI16/D16,0) -> 137 | DV16: =ROUND(DJ16/G16,0) -> 142 | DW16: =DV16-DU16 -> 5 | DX16: 11 | DY16: 1005 | DZ16: 984 | EA16: =DZ16-DY16 -> -21 | EB16: 234 | EC16: 209 | ED16: =EC16-EB16 -> -25 | EE16: =ROUND(DY16/DI16*100,1) -> 43.3 | EF16: =ROUND(DZ16/DJ16*100,1) -> 40.8 | EG16: =EF16-EE16 -> -2.5 | EH16: 43084 | EI16: 40942 | EJ16: =EI16-EH16 -> -2142 | EK16: 11119 | EL16: 8851 | EM16: =EL16-EK16 -> -2268 | EN16: =ROUND(EH16/DY16,0) -> 43 | EO16: =ROUND(EI16/DZ16,0) -> 42 | EP16: =EO16-EN16 -> -1 | EQ16: 9 | ES16: 8 | ET16: Колпашевский | EU16: 08 | EV16: 149 | EW16: 150 | EX16: =EW16-EV16 -> 1 | EY16: 149 | EZ16: 150 | FA16: =EZ16-EY16 -> 1 | FB16: 83 | FC16: 83 | FD16: =FC16-FB16 -> 0 | FE16: 11 | FF16: 11 | FG16: =FF16-FE16 -> 0 | FH16: 27 | FI16: 22 | FJ16: =FI16-FH16 -> -5 | FK16: =ROUND((FE16+FH16)/FB16*100,1) -> 45.8 | FL16: =ROUND((FF16+FI16)/FC16*100,1) -> 39.8 | FM16: 17 | FN16: =ROUND(FB16/D16,0) -> 5 | FO16: =ROUND(FC16/G16,0) -> 5 | FP16: =FO16-FN16 -> 0 | FR16: 8 | FS16: Колпашевский | FT16: 08 | FU16: =FW16+FX16+FY16+GA16 -> 173183.9 | FV16: =ROUND(FU16/G16,0) -> 10187 | FW16: 83814.7 | FX16: 79413.2 | FY16: 9879.6 | FZ16: 5733.3 | GA16: 76.4 | GB16: =ROUND((FW16+FX16)/FU16*100,1) -> 94.3 | GC16: 167996 | GD16: 135021.3 | GF16: 5949.7 | GG16: 51 | GH16: 2974.5
A17: 9 | B17: Кривошеинский | C17: 09 | D17: =E17+F17 -> 15 | F17: 15 | G17: =H17+I17 -> 15 | I17: 15 | J17: 662 | K17: 662 | L17: =K17-J17 -> 0 | M17: =ROUND(J17/D17,0) -> 44 | N17: =ROUND(K17/G17,0) -> 44 | O17: =N17-M17 -> 0 | P17: 15 | Q17: 15 | R17: =Q17-P17 -> 0 | U17: =T17-S17 -> 0 | X17: =W17-V17 -> 0 | Y17: =ROUND((S17+V17)/P17*100,1) -> 0 | Z17: =ROUND((T17+W17)/Q17*100,1) -> 0 | AA17: =Z17-Y17 -> 0 | AD17: =AC17-AB17 -> 0 | AF17: 9 | AG17: Кривошеинский | AH17: 09 | AI17: =AJ17+AK17 -> 12.1 | AK17: 12.1 | AL17: =AM17+AN17 -> 12 | AN17: 12 | AO17: =ROUND(AI17/D17,2) -> 0.81 | AQ17: =ROUND(AK17/F17,2) -> 0.81 | AR17: =ROUND(AL17/G17,2) -> 0.8 | AT17: =ROUND(AN17/I17,2) -> 0.8 | AU17: =AR17-AO17 -> -0.01 | AV17: =AS17-AP17 -> 0 | AW17: =AT17-AQ17 -> -0.01 | AY17: 9 | AZ17: Кривошеинский | BA17: 09 | BB17: 130 | BC17: 130 | BD17: =BC17-BB17 -> 0 | BE17: 130 | BF17: 130 | BG17: =BF17-BE17 -> 0 | BH17: =ROUND(BB17/D17,0) -> 9 | BI17: =ROUND(BC17/G17,0) -> 9 | BJ17: =BI17-BH17 -> 0 | BK17: 2111 | BL17: 2111 | BM17: =BL17-BK17 -> 0 | BN17: 2111 | BO17: 2111 | BP17: =BO17-BN17 -> 0 | BQ17: =ROUND(BK17/BB17,0) -> 16 | BR17: =ROUND(BL17/BC17,0) -> 16 | BS17: =BR17-BQ17 -> 0 | BT17: 6 | BU17: 58 | BV17: 58 | BW17: =BV17-BU17 -> 0 | BX17: 58 | BY17: 58 | BZ17: =BY17-BX17 -> 0 | CA17: 957 | CB17: 957 | CC17: =CB17-CA17 -> 0 | CD17: 957 | CE17: 957 | CF17: =CE17-CD17 -> 0 | CG17: 68 | CH17: 68 | CI17: =CH17-CG17 -> 0 | CJ17: 68 | CK17: 68 | CL17: =CK17-CJ17 -> 0 | CM17: 36 | CN17: 36 | CO17: =CN17-CM17 -> 0 | CP17: 36 | CQ17: 36 | CR17: =CQ17-CP17 -> 0 | CS17: 1147 | CT17: 1147 | CU17: =CT17-CS17 -> 0 | CV17: 1147 | CW17: 1147 | CX17: =CW17-CV17 -> 0 | CY17: 622 | CZ17: 603 | DA17: =CZ17-CY17 -> -19 | DB17: 622 | DC17: 603 | DD17: =DC17-DB17 -> -19 | DF17: 9 | DG17: Кривошеинский | DH17: 09 | DI17: 4710 | DJ17: 4454 | DK17: =DJ17-DI17 -> -256 | DL17: 2163 | DM17: 1894 | DN17: =DM17-DL17 -> -269 | DO17: 150692 | DP17: 185504 | DQ17: =DP17-DO17 -> 34812 | DR17: 54911 | DS17: 60260 | DT17: =DS17-DR17 -> 5349 | DU17: =ROUND(DI17/D17,0) -> 314 | DV17: =ROUND(DJ17/G17,0) -> 297 | DW17: =DV17-DU17 -> -17 | DX17: 2 | DY17: 539 | DZ17: 497 | EA17: =DZ17-DY17 -> -42 | EB17: 331 | EC17: 249 | ED17: =EC17-EB17 -> -82 | EE17: =ROUND(DY17/DI17*100,1) -> 11.4 | EF17: =ROUND(DZ17/DJ17*100,1) -> 11.2 | EG17: =EF17-EE17 -> -0.2 | EH17: 11474 | EI17: 10574 | EJ17: =EI17-EH17 -> -900 | EK17: 5102 | EL17: 4519 | EM17: =EL17-EK17 -> -583 | EN17: =ROUND(EH17/DY17,0) -> 21 | EO17: =ROUND(EI17/DZ17,0) -> 21 | EP17: =EO17-EN17 -> 0 | EQ17: 15 | ES17: 9 | ET17: Кривошеинский | EU17: 09 | EV17: 51 | EW17: 50 | EX17: =EW17-EV17 -> -1 | EY17: 44 | EZ17: 43 | FA17: =EZ17-EY17 -> -1 | FB17: 34 | FC17: 33 | FD17: =FC17-FB17 -> -1 | FE17: 11 | FF17: 11 | FG17: =FF17-FE17 -> 0 | FH17: 20 | FI17: 19 | FJ17: =FI17-FH17 -> -1 | FK17: =ROUND((FE17+FH17)/FB17*100,1) -> 91.2 | FL17: =ROUND((FF17+FI17)/FC17*100,1) -> 90.9 | FM17: 4 | FN17: =ROUND(FB17/D17,0) -> 2 | FO17: =ROUND(FC17/G17,0) -> 2 | FP17: =FO17-FN17 -> 0 | FR17: 9 | FS17: Кривошеинский | FT17: 09 | FU17: =FW17+FX17+FY17+GA17 -> 52845 | FV17: =ROUND(FU17/G17,0) -> 3523 | FW17: 23215.5 | FX17: 24818.1 | FY17: 4811.4 | GB17: =ROUND((FW17+FX17)/FU17*100,1) -> 90.9 | GC17: 52843.9 | GD17: 41108.8 | GF17: 2075.6 | GH17: 423.1
A18: 10 | B18: Молчановский | C18: 10 | D18: =E18+F18 -> 8 | F18: 8 | G18: =H18+I18 -> 8 | I18: 8 | J18: 875 | K18: 875 | L18: =K18-J18 -> 0 | M18: =ROUND(J18/D18,0) -> 109 | N18: =ROUND(K18/G18,0) -> 109 | O18: =N18-M18 -> 0 | P18: 10 | Q18: 10 | R18: =Q18-P18 -> 0 | S18: 5 | U18: =T18-S18 -> -5 | X18: =W18-V18 -> 0 | Y18: =ROUND((S18+V18)/P18*100,1) -> 50 | Z18: =ROUND((T18+W18)/Q18*100,1) -> 0 | AA18: =Z18-Y18 -> -50 | AD18: =AC18-AB18 -> 0 | AF18: 10 | AG18: Молчановский | AH18: 10 | AI18: =AJ18+AK18 -> 12.2 | AK18: 12.2 | AL18: =AM18+AN18 -> 12.1 | AN18: 12.1 | AO18: =ROUND(AI18/D18,2) -> 1.53 | AQ18: =ROUND(AK18/F18,2) -> 1.53 | AR18: =ROUND(AL18/G18,2) -> 1.51 | AT18: =ROUND(AN18/I18,2) -> 1.51 | AU18: =AR18-AO18 -> -0.02 | AV18: =AS18-AP18 -> 0 | AW18: =AT18-AQ18 -> -0.02 | AY18: 10 | AZ18: Молчановский | BA18: 10 | BB18: 83 | BC18: 83 | BD18: =BC18-BB18 -> 0 | BE18: 83 | BF18: 83 | BG18: =BF18-BE18 -> 0 | BH18: =ROUND(BB18/D18,0) -> 10 | BI18: =ROUND(BC18/G18,0) -> 10 | BJ18: =BI18-BH18 -> 0 | BK18: 1589 | BL18: 1589 | BM18: =BL18-BK18 -> 0 | BN18: 1589 | BO18: 1589 | BP18: =BO18-BN18 -> 0 | BQ18: =ROUND(BK18/BB18,0) -> 19 | BR18: =ROUND(BL18/BC18,0) -> 19 | BS18: =BR18-BQ18 -> 0 | BT18: 3 | BU18: 29 | BV18: 29 | BW18: =BV18-BU18 -> 0 | BX18: 29 | BY18: 29 | BZ18: =BY18-BX18 -> 0 | CA18: 620 | CB18: 620 | CC18: =CB18-CA18 -> 0 | CD18: 620 | CE18: 620 | CF18: =CE18-CD18 -> 0 | CG18: 59 | CH18: 59 | CI18: =CH18-CG18 -> 0 | CJ18: 59 | CK18: 59 | CL18: =CK18-CJ18 -> 0 | CM18: 17 | CN18: 25 | CO18: =CN18-CM18 -> 8 | CP18: 17 | CQ18: 25 | CR18: =CQ18-CP18 -> 8 | CS18: 1086 | CT18: 1086 | CU18: =CT18-CS18 -> 0 | CV18: 1086 | CW18: 1086 | CX18: =CW18-CV18 -> 0 | CY18: 265 | CZ18: 535 | DA18: =CZ18-CY18 -> 270 | DB18: 265 | DC18: 535 | DD18: =DC18-DB18 -> 270 | DF18: 10 | DG18: Молчановский | DH18: 10 | DI18: 816 | DJ18: 832 | DK18: =DJ18-DI18 -> 16 | DL18: 326 | DM18: 372 | DN18: =DM18-DL18 -> 46 | DO18: 42612 | DP18: 54791 | DQ18: =DP18-DO18 -> 12179 | DR18: 10381 | DS18: 13225 | DT18: =DS18-DR18 -> 2844 | DU18: =ROUND(DI18/D18,0) -> 102 | DV18: =ROUND(DJ18/G18,0) -> 104 | DW18: =DV18-DU18 -> 2 | DX18: 16 | DY18: 140 | DZ18: 116 | EA18: =DZ18-DY18 -> -24 | EB18: 53 | EC18: 18 | ED18: =EC18-EB18 -> -35 | EE18: =ROUND(DY18/DI18*100,1) -> 17.2 | EF18: =ROUND(DZ18/DJ18*100,1) -> 13.9 | EG18: =EF18-EE18 -> -3.3 | EH18: 3612 | EI18: 3786 | EJ18: =EI18-EH18 -> 174 | EK18: 1456 | EL18: 622 | EM18: =EL18-EK18 -> -834 | EN18: =ROUND(EH18/DY18,0) -> 26 | EO18: =ROUND(EI18/DZ18,0) -> 33 | EP18: =EO18-EN18 -> 7 | EQ18: 11 | ES18: 10 | ET18: Молчановский | EU18: 10 | EV18: 70 | EW18: 68 | EX18: =EW18-EV18 -> -2 | EY18: 70 | EZ18: 68 | FA18: =EZ18-EY18 -> -2 | FB18: 40 | FC18: 38 | FD18: =FC18-FB18 -> -2 | FE18: 10 | FF18: 8 | FG18: =FF18-FE18 -> -2 | FH18: 28 | FI18: 25 | FJ18: =FI18-FH18 -> -3 | FK18: =ROUND((FE18+FH18)/FB18*100,1) -> 95 | FL18: =ROUND((FF18+FI18)/FC18*100,1) -> 86.8 | FM18: 6 | FN18: =ROUND(FB18/D18,0) -> 5 | FO18: =ROUND(FC18/G18,0) -> 5 | FP18: =FO18-FN18 -> 0 | FR18: 10 | FS18: Молчановский | FT18: 10 | FU18: =FW18+FX18+FY18+GA18 -> 67993.6 | FV18: =ROUND(FU18/G18,0) -> 8499 | FW18: 29577.4 | FX18: 35578.9 | FY18: 2837.3 | FZ18: 1100 | GB18: =ROUND((FW18+FX18)/FU18*100,1) -> 95.8 | GC18: 68248.4 | GD18: 54869.5 | GF18: 3150.6 | GH18: 1422.5
A19: 11 | B19: Парабельский | C19: 11 | D19: =E19+F19 -> 12 | F19: 12 | G19: =H19+I19 -> 12 | I19: 12 | J19: 969 | K19: 969 | L19: =K19-J19 -> 0 | M19: =ROUND(J19/D19,0) -> 81 | N19: =ROUND(K19/G19,0) -> 81 | O19: =N19-M19 -> 0 | P19: 12 | Q19: 12 | R19: =Q19-P19 -> 0 | S19: 1 | T19: 1 | U19: =T19-S19 -> 0 | X19: =W19-V19 -> 0 | Y19: =ROUND((S19+V19)/P19*100,1) -> 8.3 | Z19: =ROUND((T19+W19)/Q19*100,1) -> 8.3 | AA19: =Z19-Y19 -> 0 | AB19: 1 | AC19: 1 | AD19: =AC19-AB19 -> 0 | AF19: 11 | AG19: Парабельский | AH19: 11 | AI19: =AJ19+AK19 -> 11.4 | AK19: 11.4 | AL19: =AM19+AN19 -> 11.4 | AN19: 11.4 | AO19: =ROUND(AI19/D19,2) -> 0.95 | AQ19: =ROUND(AK19/F19,2) -> 0.95 | AR19: =ROUND(AL19/G19,2) -> 0.95 | AT19: =ROUND(AN19/I19,2) -> 0.95 | AU19: =AR19-AO19 -> 0 | AV19: =AS19-AP19 -> 0 | AW19: =AT19-AQ19 -> 0 | AY19: 11 | AZ19: Парабельский | BA19: 11 | BB19: 78 | BC19: 78 | BD19: =BC19-BB19 -> 0 | BE19: 78 | BF19: 78 | BG19: =BF19-BE19 -> 0 | BH19: =ROUND(BB19/D19,0) -> 7 | BI19: =ROUND(BC19/G19,0) -> 7 | BJ19: =BI19-BH19 -> 0 | BK19: 1096 | BL19: 1096 | BM19: =BL19-BK19 -> 0 | BN19: 1096 | BO19: 1096 | BP19: =BO19-BN19 -> 0 | BQ19: =ROUND(BK19/BB19,0) -> 14 | BR19: =ROUND(BL19/BC19,0) -> 14 | BS19: =BR19-BQ19 -> 0 | BT19: 8 | BU19: 21 | BV19: 20 | BW19: =BV19-BU19 -> -1 | BX19: 21 | BY19: 20 | BZ19: =BY19-BX19 -> -1 | CA19: 252 | CB19: 219 | CC19: =CB19-CA19 -> -33 | CD19: 252 | CE19: 219 | CF19: =CE19-CD19 -> -33 | CG19: 47 | CH19: 47 | CI19: =CH19-CG19 -> 0 | CJ19: 47 | CK19: 47 | CL19: =CK19-CJ19 -> 0 | CM19: 11 | CN19: 11 | CO19: =CN19-CM19 -> 0 | CP19: 11 | CQ19: 11 | CR19: =CQ19-CP19 -> 0 | CS19: 790 | CT19: 781 | CU19: =CT19-CS19 -> -9 | CV19: 790 | CW19: 781 | CX19: =CW19-CV19 -> -9 | CY19: 149 | CZ19: 135 | DA19: =CZ19-CY19 -> -14 | DB19: 149 | DC19: 135 | DD19: =DC19-DB19 -> -14 | DF19: 11 | DG19: Парабельский | DH19: 11 | DI19: 2041 | DJ19: 2117 | DK19: =DJ19-DI19 -> 76 | DL19: 926 | DM19: 1019 | DN19: =DM19-DL19 -> 93 | DO19: 86662 | DP19: 100454 | DQ19: =DP19-DO19 -> 13792 | DR19: 18200 | DS19: 17096 | DT19: =DS19-DR19 -> -1104 | DU19: =ROUND(DI19/D19,0) -> 170 | DV19: =ROUND(DJ19/G19,0) -> 176 | DW19: =DV19-DU19 -> 6 | DX19: 7 | DY19: 910 | DZ19: 912 | EA19: =DZ19-DY19 -> 2 | EB19: 379 | EC19: 418 | ED19: =EC19-EB19 -> 39 | EE19: =ROUND(DY19/DI19*100,1) -> 44.6 | EF19: =ROUND(DZ19/DJ19*100,1) -> 43.1 | EG19: =EF19-EE19 -> -1.5 | EH19: 25105 | EI19: 28035 | EJ19: =EI19-EH19 -> 2930 | EK19: 5405 | EL19: 7214 | EM19: =EL19-EK19 -> 1809 | EN19: =ROUND(EH19/DY19,0) -> 28 | EO19: =ROUND(EI19/DZ19,0) -> 31 | EP19: =EO19-EN19 -> 3 | EQ19: 12 | ES19: 11 | ET19: Парабельский | EU19: 11 | EV19: 65 | EW19: 65 | EX19: =EW19-EV19 -> 0 | EY19: 58 | EZ19: 58 | FA19: =EZ19-EY19 -> 0 | FB19: 34 | FC19: 33 | FD19: =FC19-FB19 -> -1 | FE19: 9 | FF19: 9 | FG19: =FF19-FE19 -> 0 | FH19: 23 | FI19: 21 | FJ19: =FI19-FH19 -> -2 | FK19: =ROUND((FE19+FH19)/FB19*100,1) -> 94.1 | FL19: =ROUND((FF19+FI19)/FC19*100,1) -> 90.9 | FM19: 4 | FN19: =ROUND(FB19/D19,0) -> 3 | FO19: =ROUND(FC19/G19,0) -> 3 | FP19: =FO19-FN19 -> 0 | FR19: 11 | FS19: Парабельский | FT19: 11 | FU19: =FW19+FX19+FY19+GA19 -> 80046.3 | FV19: =ROUND(FU19/G19,0) -> 6671 | FW19: 35439.9 | FX19: 39022 | FY19: 5584.4 | FZ19: 1440.6 | GB19: =ROUND((FW19+FX19)/FU19*100,1) -> 93 | GC19: 79516 | GD19: 60075.6 | GF19: 1606.3 | GH19: 577.7
A20: 12 | B20: Первомайский | C20: 12 | D20: =E20+F20 -> 22 | F20: 22 | G20: =H20+I20 -> 22 | I20: 22 | J20: 1473 | K20: 1473 | L20: =K20-J20 -> 0 | M20: =ROUND(J20/D20,0) -> 67 | N20: =ROUND(K20/G20,0) -> 67 | O20: =N20-M20 -> 0 | P20: 22 | Q20: 22 | R20: =Q20-P20 -> 0 | S20: 3 | T20: 4 | U20: =T20-S20 -> 1 | V20: 1 | W20: 1 | X20: =W20-V20 -> 0 | Y20: =ROUND((S20+V20)/P20*100,1) -> 18.2 | Z20: =ROUND((T20+W20)/Q20*100,1) -> 22.7 | AA20: =Z20-Y20 -> 4.5 | AB20: 1 | AC20: 1 | AD20: =AC20-AB20 -> 0 | AF20: 12 | AG20: Первомайский | AH20: 12 | AI20: =AJ20+AK20 -> 16.7 | AK20: 16.7 | AL20: =AM20+AN20 -> 16.5 | AN20: 16.5 | AO20: =ROUND(AI20/D20,2) -> 0.76 | AQ20: =ROUND(AK20/F20,2) -> 0.76 | AR20: =ROUND(AL20/G20,2) -> 0.75 | AT20: =ROUND(AN20/I20,2) -> 0.75 | AU20: =AR20-AO20 -> -0.01 | AV20: =AS20-AP20 -> 0 | AW20: =AT20-AQ20 -> -0.01 | AY20: 12 | AZ20: Первомайский | BA20: 12 | BB20: 133 | BC20: 133 | BD20: =BC20-BB20 -> 0 | BE20: 133 | BF20: 133 | BG20: =BF20-BE20 -> 0 | BH20: =ROUND(BB20/D20,0) -> 6 | BI20: =ROUND(BC20/G20,0) -> 6 | BJ20: =BI20-BH20 -> 0 | BK20: 1983 | BL20: 2034 | BM20: =BL20-BK20 -> 51 | BN20: 1983 | BO20: 2034 | BP20: =BO20-BN20 -> 51 | BQ20: =ROUND(BK20/BB20,0) -> 15 | BR20: =ROUND(BL20/BC20,0) -> 15 | BS20: =BR20-BQ20 -> 0 | BT20: 7 | BU20: 42 | BV20: 48 | BW20: =BV20-BU20 -> 6 | BX20: 42 | BY20: 48 | BZ20: =BY20-BX20 -> 6 | CA20: 610 | CB20: 722 | CC20: =CB20-CA20 -> 112 | CD20: 610 | CE20: 722 | CF20: =CE20-CD20 -> 112 | CG20: 88 | CH20: 87 | CI20: =CH20-CG20 -> -1 | CJ20: 88 | CK20: 87 | CL20: =CK20-CJ20 -> -1 | CM20: 28 | CN20: 31 | CO20: =CN20-CM20 -> 3 | CP20: 28 | CQ20: 31 | CR20: =CQ20-CP20 -> 3 | CS20: 1211 | CT20: 1243 | CU20: =CT20-CS20 -> 32 | CV20: 1211 | CW20: 1243 | CX20: =CW20-CV20 -> 32 | CY20: 354 | CZ20: 419 | DA20: =CZ20-CY20 -> 65 | DB20: 354 | DC20: 419 | DD20: =DC20-DB20 -> 65 | DF20: 12 | DG20: Первомайский | DH20: 12 | DI20: 2744 | DJ20: 3077 | DK20: =DJ20-DI20 -> 333 | DL20: 1049 | DM20: 1164 | DN20: =DM20-DL20 -> 115 | DO20: 173882 | DP20: 202739 | DQ20: =DP20-DO20 -> 28857 | DR20: 25317 | DS20: 32055 | DT20: =DS20-DR20 -> 6738 | DU20: =ROUND(DI20/D20,0) -> 125 | DV20: =ROUND(DJ20/G20,0) -> 140 | DW20: =DV20-DU20 -> 15 | DX20: 12 | DY20: 825 | DZ20: 870 | EA20: =DZ20-DY20 -> 45 | EB20: 175 | EC20: 171 | ED20: =EC20-EB20 -> -4 | EE20: =ROUND(DY20/DI20*100,1) -> 30.1 | EF20: =ROUND(DZ20/DJ20*100,1) -> 28.3 | EG20: =EF20-EE20 -> -1.8 | EH20: 13074 | EI20: 15436 | EJ20: =EI20-EH20 -> 2362 | EK20: 3273 | EL20: 3920 | EM20: =EL20-EK20 -> 647 | EN20: =ROUND(EH20/DY20,0) -> 16 | EO20: =ROUND(EI20/DZ20,0) -> 18 | EP20: =EO20-EN20 -> 2 | EQ20: 17 | ES20: 12 | ET20: Первомайский | EU20: 12 | EV20: 91 | EW20: 84 | EX20: =EW20-EV20 -> -7 | EY20: 91 | EZ20: 84 | FA20: =EZ20-EY20 -> -7 | FB20: 58 | FC20: 56 | FD20: =FC20-FB20 -> -2 | FE20: 3 | FF20: 9 | FG20: =FF20-FE20 -> 6 | FH20: 19 | FI20: 47 | FJ20: =FI20-FH20 -> 28 | FK20: =ROUND((FE20+FH20)/FB20*100,1) -> 37.9 | FL20: =ROUND((FF20+FI20)/FC20*100,1) -> 100 | FM20: 1 | FN20: =ROUND(FB20/D20,0) -> 3 | FO20: =ROUND(FC20/G20,0) -> 3 | FP20: =FO20-FN20 -> 0 | FR20: 12 | FS20: Первомайский | FT20: 12 | FU20: =FW20+FX20+FY20+GA20 -> 89751 | FV20: =ROUND(FU20/G20,0) -> 4080 | FW20: 84582.2 | FY20: 4771.4 | FZ20: 2402 | GA20: 397.4 | GB20: =ROUND((FW20+FX20)/FU20*100,1) -> 94.2 | GC20: 88660.6 | GD20: 51743.6 | GF20: 5629.7 | GH20: 5443.1
A21: 13 | B21: Тегульдетский | C21: 13 | D21: =E21+F21 -> 6 | F21: 6 | G21: =H21+I21 -> 6 | I21: 6 | J21: 372 | K21: 372 | L21: =K21-J21 -> 0 | M21: =ROUND(J21/D21,0) -> 62 | N21: =ROUND(K21/G21,0) -> 62 | O21: =N21-M21 -> 0 | P21: 6 | Q21: 6 | R21: =Q21-P21 -> 0 | S21: 1 | T21: 1 | U21: =T21-S21 -> 0 | X21: =W21-V21 -> 0 | Y21: =ROUND((S21+V21)/P21*100,1) -> 16.7 | Z21: =ROUND((T21+W21)/Q21*100,1) -> 16.7 | AA21: =Z21-Y21 -> 0 | AB21: 1 | AC21: 1 | AD21: =AC21-AB21 -> 0 | AF21: 13 | AG21: Тегульдетский | AH21: 13 | AI21: =AJ21+AK21 -> 6.4 | AK21: 6.4 | AL21: =AM21+AN21 -> 6.5 | AN21: 6.5 | AO21: =ROUND(AI21/D21,2) -> 1.07 | AQ21: =ROUND(AK21/F21,2) -> 1.07 | AR21: =ROUND(AL21/G21,2) -> 1.08 | AT21: =ROUND(AN21/I21,2) -> 1.08 | AU21: =AR21-AO21 -> 0.01 | AV21: =AS21-AP21 -> 0 | AW21: =AT21-AQ21 -> 0.01 | AY21: 13 | AZ21: Тегульдетский | BA21: 13 | BB21: 27 | BC21: 26 | BD21: =BC21-BB21 -> -1 | BE21: 27 | BF21: 26 | BG21: =BF21-BE21 -> -1 | BH21: =ROUND(BB21/D21,0) -> 5 | BI21: =ROUND(BC21/G21,0) -> 4 | BJ21: =BI21-BH21 -> -1 | BK21: 475 | BL21: 456 | BM21: =BL21-BK21 -> -19 | BN21: 475 | BO21: 456 | BP21: =BO21-BN21 -> -19 | BQ21: =ROUND(BK21/BB21,0) -> 18 | BR21: =ROUND(BL21/BC21,0) -> 18 | BS21: =BR21-BQ21 -> 0 | BT21: 4 | BU21: 12 | BV21: 8 | BW21: =BV21-BU21 -> -4 | BX21: 12 | BY21: 8 | BZ21: =BY21-BX21 -> -4 | CA21: 247 | CB21: 155 | CC21: =CB21-CA21 -> -92 | CD21: 247 | CE21: 155 | CF21: =CE21-CD21 -> -92 | CG21: 13 | CH21: 15 | CI21: =CH21-CG21 -> 2 | CJ21: 13 | CK21: 15 | CL21: =CK21-CJ21 -> 2 | CM21: 8 | CN21: 6 | CO21: =CN21-CM21 -> -2 | CP21: 8 | CQ21: 6 | CR21: =CQ21-CP21 -> -2 | CS21: 308 | CT21: 312 | CU21: =CT21-CS21 -> 4 | CV21: 308 | CW21: 312 | CX21: =CW21-CV21 -> 4 | CY21: 196 | CZ21: 119 | DA21: =CZ21-CY21 -> -77 | DB21: 196 | DC21: 119 | DD21: =DC21-DB21 -> -77 | DF21: 13 | DG21: Тегульдетский | DH21: 13 | DI21: 995 | DJ21: 1208 | DK21: =DJ21-DI21 -> 213 | DL21: 393 | DM21: 406 | DN21: =DM21-DL21 -> 13 | DO21: 76302 | DP21: 89020 | DQ21: =DP21-DO21 -> 12718 | DR21: 14047 | DS21: 19825 | DT21: =DS21-DR21 -> 5778 | DU21: =ROUND(DI21/D21,0) -> 166 | DV21: =ROUND(DJ21/G21,0) -> 201 | DW21: =DV21-DU21 -> 35 | DX21: 5 | DY21: 319 | DZ21: 291 | EA21: =DZ21-DY21 -> -28 | EB21: 100 | EC21: 52 | ED21: =EC21-EB21 -> -48 | EE21: =ROUND(DY21/DI21*100,1) -> 32.1 | EF21: =ROUND(DZ21/DJ21*100,1) -> 24.1 | EG21: =EF21-EE21 -> -8 | EH21: 8836 | EI21: 8715 | EJ21: =EI21-EH21 -> -121 | EK21: 1590 | EL21: 1074 | EM21: =EL21-EK21 -> -516 | EN21: =ROUND(EH21/DY21,0) -> 28 | EO21: =ROUND(EI21/DZ21,0) -> 30 | EP21: =EO21-EN21 -> 2 | EQ21: 13 | ES21: 13 | ET21: Тегульдетский | EU21: 13 | EV21: 36 | EW21: 36 | EX21: =EW21-EV21 -> 0 | EY21: 36 | EZ21: 36 | FA21: =EZ21-EY21 -> 0 | FB21: 15 | FC21: 15 | FD21: =FC21-FB21 -> 0 | FE21: 3 | FF21: 5 | FG21: =FF21-FE21 -> 2 | FH21: 6 | FI21: 6 | FJ21: =FI21-FH21 -> 0 | FK21: =ROUND((FE21+FH21)/FB21*100,1) -> 60 | FL21: =ROUND((FF21+FI21)/FC21*100,1) -> 73.3 | FM21: 12 | FN21: =ROUND(FB21/D21,0) -> 3 | FO21: =ROUND(FC21/G21,0) -> 3 | FP21: =FO21-FN21 -> 0 | FR21: 13 | FS21: Тегульдетский | FT21: 13 | FU21: =FW21+FX21+FY21+GA21 -> 41065.6 | FV21: =ROUND(FU21/G21,0) -> 6844 | FW21: 26308.4 | FX21: 13664.8 | FY21: 1091.8 | GA21: 0.6 | GB21: =ROUND((FW21+FX21)/FU21*100,1) -> 97.3 | GC21: 41058.1 | GD21: 28157.2 | GF21: 2015.9 | GG21: 41.4 | GH21: 519.7
A22: 14 | B22: Томский | C22: 14 | D22: =E22+F22 -> 39 | F22: 39 | G22: =H22+I22 -> 39 | I22: 39 | J22: 5827 | K22: 5627 | L22: =K22-J22 -> -200 | M22: =ROUND(J22/D22,0) -> 149 | N22: =ROUND(K22/G22,0) -> 144 | O22: =N22-M22 -> -5 | P22: 43 | Q22: 43 | R22: =Q22-P22 -> 0 | S22: 10 | T22: 9 | U22: =T22-S22 -> -1 | V22: 1 | W22: 1 | X22: =W22-V22 -> 0 | Y22: =ROUND((S22+V22)/P22*100,1) -> 25.6 | Z22: =ROUND((T22+W22)/Q22*100,1) -> 23.3 | AA22: =Z22-Y22 -> -2.3 | AB22: 2 | AC22: 2 | AD22: =AC22-AB22 -> 0 | AF22: 14 | AG22: Томский | AH22: 14 | AI22: =AJ22+AK22 -> 88.8 | AK22: 88.8 | AL22: =AM22+AN22 -> 89.3 | AN22: 89.3 | AO22: =ROUND(AI22/D22,2) -> 2.28 | AQ22: =ROUND(AK22/F22,2) -> 2.28 | AR22: =ROUND(AL22/G22,2) -> 2.29 | AT22: =ROUND(AN22/I22,2) -> 2.29 | AU22: =AR22-AO22 -> 0.01 | AV22: =AS22-AP22 -> 0 | AW22: =AT22-AQ22 -> 0.01 | AY22: 14 | AZ22: Томский | BA22: 14 | BB22: 346 | BC22: 351 | BD22: =BC22-BB22 -> 5 | BE22: 346 | BF22: 351 | BG22: =BF22-BE22 -> 5 | BH22: =ROUND(BB22/D22,0) -> 9 | BI22: =ROUND(BC22/G22,0) -> 9 | BJ22: =BI22-BH22 -> 0 | BK22: 4311 | BL22: 4312 | BM22: =BL22-BK22 -> 1 | BN22: 4311 | BO22: 4312 | BP22: =BO22-BN22 -> 1 | BQ22: =ROUND(BK22/BB22,0) -> 12 | BR22: =ROUND(BL22/BC22,0) -> 12 | BS22: =BR22-BQ22 -> 0 | BT22: 10 | BU22: 171 | BV22: 168 | BW22: =BV22-BU22 -> -3 | BX22: 171 | BY22: 168 | BZ22: =BY22-BX22 -> -3 | CA22: 2142 | CB22: 2106 | CC22: =CB22-CA22 -> -36 | CD22: 2142 | CE22: 2106 | CF22: =CE22-CD22 -> -36 | CG22: 224 | CH22: 220 | CI22: =CH22-CG22 -> -4 | CJ22: 224 | CK22: 220 | CL22: =CK22-CJ22 -> -4 | CM22: 108 | CN22: 94 | CO22: =CN22-CM22 -> -14 | CP22: 108 | CQ22: 94 | CR22: =CQ22-CP22 -> -14 | CS22: 2627 | CT22: 2540 | CU22: =CT22-CS22 -> -87 | CV22: 2627 | CW22: 2540 | CX22: =CW22-CV22 -> -87 | CY22: 1366 | CZ22: 1183 | DA22: =CZ22-CY22 -> -183 | DB22: 1366 | DC22: 1183 | DD22: =DC22-DB22 -> -183 | DF22: 14 | DG22: Томский | DH22: 14 | DI22: 3263 | DJ22: 3181 | DK22: =DJ22-DI22 -> -82 | DL22: 1655 | DM22: 1636 | DN22: =DM22-DL22 -> -19 | DO22: 238825 | DP22: 199167 | DQ22: =DP22-DO22 -> -39658 | DR22: 70505 | DS22: 70541 | DT22: =DS22-DR22 -> 36 | DU22: =ROUND(DI22/D22,0) -> 84 | DV22: =ROUND(DJ22/G22,0) -> 82 | DW22: =DV22-DU22 -> -2 | DX22: 19 | DY22: 130 | DZ22: 70 | EA22: =DZ22-DY22 -> -60 | EB22: 37 | EC22: 26 | ED22: =EC22-EB22 -> -11 | EE22: =ROUND(DY22/DI22*100,1) -> 4 | EF22: =ROUND(DZ22/DJ22*100,1) -> 2.2 | EG22: =EF22-EE22 -> -1.8 | EH22: 5286 | EI22: 3476 | EJ22: =EI22-EH22 -> -1810 | EK22: 1713 | EL22: 1109 | EM22: =EL22-EK22 -> -604 | EN22: =ROUND(EH22/DY22,0) -> 41 | EO22: =ROUND(EI22/DZ22,0) -> 50 | EP22: =EO22-EN22 -> 9 | EQ22: 7 | ES22: 14 | ET22: Томский | EU22: 14 | EV22: 281 | EW22: 281 | EX22: =EW22-EV22 -> 0 | EY22: 242 | EZ22: 260 | FA22: =EZ22-EY22 -> 18 | FB22: 163 | FC22: 171 | FD22: =FC22-FB22 -> 8 | FE22: 65 | FF22: 75 | FG22: =FF22-FE22 -> 10 | FH22: 75 | FI22: 77 | FJ22: =FI22-FH22 -> 2 | FK22: =ROUND((FE22+FH22)/FB22*100,1) -> 85.9 | FL22: =ROUND((FF22+FI22)/FC22*100,1) -> 88.9 | FM22: 5 | FN22: =ROUND(FB22/D22,0) -> 4 | FO22: =ROUND(FC22/G22,0) -> 4 | FP22: =FO22-FN22 -> 0 | FR22: 14 | FS22: Томский | FT22: 14 | FU22: =FW22+FX22+FY22+GA22 -> 202030.3 | FV22: =ROUND(FU22/G22,0) -> 5180 | FW22: 122513.3 | FX22: 76775.5 | FY22: 1985.8 | FZ22: 1427.3 | GA22: 755.7 | GB22: =ROUND((FW22+FX22)/FU22*100,1) -> 98.6 | GC22: 201307.1 | GD22: 150826.1 | GE22: 1104.6 | GF22: 4601 | GG22: 194.1 | GH22: 6815.3
A23: 15 | B23: Чаинский | C23: 15 | D23: =E23+F23 -> 14 | F23: 14 | G23: =H23+I23 -> 12 | I23: 12 | J23: 1686 | K23: 1580 | L23: =K23-J23 -> -106 | M23: =ROUND(J23/D23,0) -> 120 | N23: =ROUND(K23/G23,0) -> 132 | O23: =N23-M23 -> 12 | P23: 14 | Q23: 12 | R23: =Q23-P23 -> -2 | S23: 2 | T23: 1 | U23: =T23-S23 -> -1 | X23: =W23-V23 -> 0 | Y23: =ROUND((S23+V23)/P23*100,1) -> 14.3 | Z23: =ROUND((T23+W23)/Q23*100,1) -> 8.3 | AA23: =Z23-Y23 -> -6 | AD23: =AC23-AB23 -> 0 | AF23: 15 | AG23: Чаинский | AH23: 15 | AI23: =AJ23+AK23 -> 11.7 | AK23: 11.7 | AL23: =AM23+AN23 -> 11.6 | AN23: 11.6 | AO23: =ROUND(AI23/D23,2) -> 0.84 | AQ23: =ROUND(AK23/F23,2) -> 0.84 | AR23: =ROUND(AL23/G23,2) -> 0.97 | AT23: =ROUND(AN23/I23,2) -> 0.97 | AU23: =AR23-AO23 -> 0.13 | AV23: =AS23-AP23 -> 0 | AW23: =AT23-AQ23 -> 0.13 | AY23: 15 | AZ23: Чаинский | BA23: 15 | BB23: 89 | BC23: 89 | BD23: =BC23-BB23 -> 0 | BE23: 89 | BF23: 89 | BG23: =BF23-BE23 -> 0 | BH23: =ROUND(BB23/D23,0) -> 6 | BI23: =ROUND(BC23/G23,0) -> 7 | BJ23: =BI23-BH23 -> 1 | BK23: 1175 | BL23: 1157 | BM23: =BL23-BK23 -> -18 | BN23: 1175 | BO23: 1157 | BP23: =BO23-BN23 -> -18 | BQ23: =ROUND(BK23/BB23,0) -> 13 | BR23: =ROUND(BL23/BC23,0) -> 13 | BS23: =BR23-BQ23 -> 0 | BT23: 9 | BU23: 24 | BV23: 25 | BW23: =BV23-BU23 -> 1 | BX23: 24 | BY23: 25 | BZ23: =BY23-BX23 -> 1 | CA23: 349 | CB23: 345 | CC23: =CB23-CA23 -> -4 | CD23: 349 | CE23: 345 | CF23: =CE23-CD23 -> -4 | CG23: 53 | CH23: 70 | CI23: =CH23-CG23 -> 17 | CJ23: 53 | CK23: 70 | CL23: =CK23-CJ23 -> 17 | CM23: 16 | CN23: 19 | CO23: =CN23-CM23 -> 3 | CP23: 16 | CQ23: 19 | CR23: =CQ23-CP23 -> 3 | CS23: 700 | CT23: 903 | CU23: =CT23-CS23 -> 203 | CV23: 700 | CW23: 903 | CX23: =CW23-CV23 -> 203 | CY23: 209 | CZ23: 222 | DA23: =CZ23-CY23 -> 13 | DB23: 209 | DC23: 222 | DD23: =DC23-DB23 -> 13 | DF23: 15 | DG23: Чаинский | DH23: 15 | DI23: 1510 | DJ23: 1478 | DK23: =DJ23-DI23 -> -32 | DL23: 290 | DM23: 317 | DN23: =DM23-DL23 -> 27 | DO23: 120331 | DP23: 97748 | DQ23: =DP23-DO23 -> -22583 | DR23: 11078 | DS23: 12356 | DT23: =DS23-DR23 -> 1278 | DU23: =ROUND(DI23/D23,0) -> 108 | DV23: =ROUND(DJ23/G23,0) -> 123 | DW23: =DV23-DU23 -> 15 | DX23: 14 | DY23: 383 | DZ23: 393 | EA23: =DZ23-DY23 -> 10 | EB23: 75 | EC23: 67 | ED23: =EC23-EB23 -> -8 | EE23: =ROUND(DY23/DI23*100,1) -> 25.4 | EF23: =ROUND(DZ23/DJ23*100,1) -> 26.6 | EG23: =EF23-EE23 -> 1.2 | EH23: 33364 | EI23: 26561 | EJ23: =EI23-EH23 -> -6803 | EK23: 2954 | EL23: 2609 | EM23: =EL23-EK23 -> -345 | EN23: =ROUND(EH23/DY23,0) -> 87 | EO23: =ROUND(EI23/DZ23,0) -> 68 | EP23: =EO23-EN23 -> -19 | EQ23: 5 | ES23: 15 | ET23: Чаинский | EU23: 15 | EV23: 62 | EW23: 62 | EX23: =EW23-EV23 -> 0 | EY23: 55 | EZ23: 53 | FA23: =EZ23-EY23 -> -2 | FB23: 32 | FC23: 31 | FD23: =FC23-FB23 -> -1 | FE23: 6 | FF23: 6 | FG23: =FF23-FE23 -> 0 | FH23: 17 | FI23: 19 | FJ23: =FI23-FH23 -> 2 | FK23: =ROUND((FE23+FH23)/FB23*100,1) -> 71.9 | FL23: =ROUND((FF23+FI23)/FC23*100,1) -> 80.6 | FM23: 7 | FN23: =ROUND(FB23/D23,0) -> 2 | FO23: =ROUND(FC23/G23,0) -> 3 | FP23: =FO23-FN23 -> 1 | FR23: 15 | FS23: Чаинский | FT23: 15 | FU23: =FW23+FX23+FY23+GA23 -> 56837.1 | FV23: =ROUND(FU23/G23,0) -> 4736 | FW23: 30111.2 | FX23: 26150.8 | FY23: 550.1 | GA23: 25 | GB23: =ROUND((FW23+FX23)/FU23*100,1) -> 99 | GC23: 56077.7 | GD23: 45177 | GF23: 684.6 | GH23: 129.2
A24: 16 | B24: Шегарский | C24: 16 | D24: =E24+F24 -> 12 | F24: 12 | G24: =H24+I24 -> 12 | I24: 12 | J24: 1062 | K24: 1062 | L24: =K24-J24 -> 0 | M24: =ROUND(J24/D24,0) -> 89 | N24: =ROUND(K24/G24,0) -> 89 | O24: =N24-M24 -> 0 | P24: 12 | Q24: 12 | R24: =Q24-P24 -> 0 | S24: 7 | U24: =T24-S24 -> -7 | X24: =W24-V24 -> 0 | Y24: =ROUND((S24+V24)/P24*100,1) -> 58.3 | Z24: =ROUND((T24+W24)/Q24*100,1) -> 0 | AA24: =Z24-Y24 -> -58.3 | AD24: =AC24-AB24 -> 0 | AF24: 16 | AG24: Шегарский | AH24: 16 | AI24: =AJ24+AK24 -> 19.9 | AK24: 19.9 | AL24: =AM24+AN24 -> 19.6 | AN24: 19.6 | AO24: =ROUND(AI24/D24,2) -> 1.66 | AQ24: =ROUND(AK24/F24,2) -> 1.66 | AR24: =ROUND(AL24/G24,2) -> 1.63 | AT24: =ROUND(AN24/I24,2) -> 1.63 | AU24: =AR24-AO24 -> -0.03 | AV24: =AS24-AP24 -> 0 | AW24: =AT24-AQ24 -> -0.03 | AY24: 16 | AZ24: Шегарский | BA24: 16 | BB24: 47 | BC24: 43 | BD24: =BC24-BB24 -> -4 | BE24: 47 | BF24: 43 | BG24: =BF24-BE24 -> -4 | BH24: =ROUND(BB24/D24,0) -> 4 | BI24: =ROUND(BC24/G24,0) -> 4 | BJ24: =BI24-BH24 -> 0 | BK24: 640 | BL24: 588 | BM24: =BL24-BK24 -> -52 | BN24: 640 | BO24: 588 | BP24: =BO24-BN24 -> -52 | BQ24: =ROUND(BK24/BB24,0) -> 14 | BR24: =ROUND(BL24/BC24,0) -> 14 | BS24: =BR24-BQ24 -> 0 | BT24: 8 | BU24: 27 | BV24: 24 | BW24: =BV24-BU24 -> -3 | BX24: 27 | BY24: 24 | BZ24: =BY24-BX24 -> -3 | CA24: 381 | CB24: 338 | CC24: =CB24-CA24 -> -43 | CD24: 381 | CE24: 338 | CF24: =CE24-CD24 -> -43 | CG24: 23 | CH24: 20 | CI24: =CH24-CG24 -> -3 | CJ24: 23 | CK24: 20 | CL24: =CK24-CJ24 -> -3 | CM24: 11 | CN24: 8 | CO24: =CN24-CM24 -> -3 | CP24: 11 | CQ24: 8 | CR24: =CQ24-CP24 -> -3 | CS24: 311 | CT24: 269 | CU24: =CT24-CS24 -> -42 | CV24: 311 | CW24: 269 | CX24: =CW24-CV24 -> -42 | CY24: 164 | CZ24: 119 | DA24: =CZ24-CY24 -> -45 | DB24: 164 | DC24: 119 | DD24: =DC24-DB24 -> -45 | DF24: 16 | DG24: Шегарский | DH24: 16 | DI24: 1751 | DJ24: 1765 | DK24: =DJ24-DI24 -> 14 | DL24: 1007 | DM24: 998 | DN24: =DM24-DL24 -> -9 | DO24: 77200 | DP24: 79473 | DQ24: =DP24-DO24 -> 2273 | DR24: 24494 | DS24: 23922 | DT24: =DS24-DR24 -> -572 | DU24: =ROUND(DI24/D24,0) -> 146 | DV24: =ROUND(DJ24/G24,0) -> 147 | DW24: =DV24-DU24 -> 1 | DX24: 10 | DY24: 452 | DZ24: 294 | EA24: =DZ24-DY24 -> -158 | EB24: 213 | EC24: 133 | ED24: =EC24-EB24 -> -80 | EE24: =ROUND(DY24/DI24*100,1) -> 25.8 | EF24: =ROUND(DZ24/DJ24*100,1) -> 16.7 | EG24: =EF24-EE24 -> -9.1 | EH24: 8163 | EI24: 5527 | EJ24: =EI24-EH24 -> -2636 | EK24: 3727 | EL24: 2163 | EM24: =EL24-EK24 -> -1564 | EN24: =ROUND(EH24/DY24,0) -> 18 | EO24: =ROUND(EI24/DZ24,0) -> 19 | EP24: =EO24-EN24 -> 1 | EQ24: 16 | ES24: 16 | ET24: Шегарский | EU24: 16 | EV24: 46 | EW24: 45 | EX24: =EW24-EV24 -> -1 | EY24: 46 | EZ24: 45 | FA24: =EZ24-EY24 -> -1 | FB24: 29 | FC24: 29 | FD24: =FC24-FB24 -> 0 | FE24: 3 | FF24: 3 | FG24: =FF24-FE24 -> 0 | FH24: 20 | FI24: 20 | FJ24: =FI24-FH24 -> 0 | FK24: =ROUND((FE24+FH24)/FB24*100,1) -> 79.3 | FL24: =ROUND((FF24+FI24)/FC24*100,1) -> 79.3 | FM24: 8 | FN24: =ROUND(FB24/D24,0) -> 2 | FO24: =ROUND(FC24/G24,0) -> 2 | FP24: =FO24-FN24 -> 0 | FR24: 16 | FS24: Шегарский | FT24: 16 | FU24: =FW24+FX24+FY24+GA24 -> 40176 | FV24: =ROUND(FU24/G24,0) -> 3348 | FW24: 18829.9 | FX24: 20511.5 | FY24: 834.6 | GB24: =ROUND((FW24+FX24)/FU24*100,1) -> 97.9 | GC24: 39406.9 | GD24: 35108.8
A25: 17 | B25: г.Кедровый | C25: 17 | D25: =E25+F25 -> 2 | E25: 1 | F25: 1 | G25: =H25+I25 -> 2 | H25: 1 | I25: 1 | J25: 162 | K25: 162 | L25: =K25-J25 -> 0 | M25: =ROUND(J25/D25,0) -> 81 | N25: =ROUND(K25/G25,0) -> 81 | O25: =N25-M25 -> 0 | P25: 2 | Q25: 2 | R25: =Q25-P25 -> 0 | S25: 2 | T25: 2 | U25: =T25-S25 -> 0 | X25: =W25-V25 -> 0 | Y25: =ROUND((S25+V25)/P25*100,1) -> 100 | Z25: =ROUND((T25+W25)/Q25*100,1) -> 100 | AA25: =Z25-Y25 -> 0 | AD25: =AC25-AB25 -> 0 | AF25: 17 | AG25: г.Кедровый | AH25: 17 | AI25: =AJ25+AK25 -> 2.6 | AJ25: 1.8 | AK25: 0.8 | AL25: =AM25+AN25 -> 2.6 | AM25: 1.8 | AN25: 0.8 | AO25: =ROUND(AI25/D25,2) -> 1.3 | AP25: =ROUND(AJ25/E25,2) -> 1.8 | AQ25: =ROUND(AK25/F25,2) -> 0.8 | AR25: =ROUND(AL25/G25,2) -> 1.3 | AS25: =ROUND(AM25/H25,2) -> 1.8 | AT25: =ROUND(AN25/I25,2) -> 0.8 | AU25: =AR25-AO25 -> 0 | AV25: =AS25-AP25 -> 0 | AW25: =AT25-AQ25 -> 0 | AY25: 17 | AZ25: г.Кедровый | BA25: 17 | BB25: 8 | BC25: 8 | BD25: =BC25-BB25 -> 0 | BE25: 4 | BF25: 4 | BG25: =BF25-BE25 -> 0 | BH25: =ROUND(BB25/D25,0) -> 4 | BI25: =ROUND(BC25/G25,0) -> 4 | BJ25: =BI25-BH25 -> 0 | BK25: 95 | BL25: 101 | BM25: =BL25-BK25 -> 6 | BN25: 47 | BO25: 50 | BP25: =BO25-BN25 -> 3 | BQ25: =ROUND(BK25/BB25,0) -> 12 | BR25: =ROUND(BL25/BC25,0) -> 13 | BS25: =BR25-BQ25 -> 1 | BT25: 9 | BU25: 2 | BV25: 2 | BW25: =BV25-BU25 -> 0 | BX25: 1 | BY25: 1 | BZ25: =BY25-BX25 -> 0 | CA25: 35 | CB25: 41 | CC25: =CB25-CA25 -> 6 | CD25: 12 | CE25: 15 | CF25: =CE25-CD25 -> 3 | CG25: 6 | CH25: 6 | CI25: =CH25-CG25 -> 0 | CJ25: 3 | CK25: 3 | CL25: =CK25-CJ25 -> 0 | CM25: 2 | CN25: 2 | CO25: =CN25-CM25 -> 0 | CP25: 1 | CQ25: 1 | CR25: =CQ25-CP25 -> 0 | CS25: 72 | CT25: 78 | CU25: =CT25-CS25 -> 6 | CV25: 35 | CW25: 38 | CX25: =CW25-CV25 -> 3 | CY25: 35 | CZ25: 35 | DA25: =CZ25-CY25 -> 0 | DB25: 12 | DC25: 12 | DD25: =DC25-DB25 -> 0 | DF25: 17 | DG25: г.Кедровый | DH25: 17 | DI25: 234 | DJ25: 251 | DK25: =DJ25-DI25 -> 17 | DL25: 119 | DM25: 130 | DN25: =DM25-DL25 -> 11 | DO25: 13743 | DP25: 19002 | DQ25: =DP25-DO25 -> 5259 | DR25: 4695 | DS25: 3976 | DT25: =DS25-DR25 -> -719 | DU25: =ROUND(DI25/D25,0) -> 117 | DV25: =ROUND(DJ25/G25,0) -> 126 | DW25: =DV25-DU25 -> 9 | DX25: 13 | DY25: 42 | DZ25: 30 | EA25: =DZ25-DY25 -> -12 | EB25: 11 | EC25: 14 | ED25: =EC25-EB25 -> 3 | EE25: =ROUND(DY25/DI25*100,1) -> 17.9 | EF25: =ROUND(DZ25/DJ25*100,1) -> 12 | EG25: =EF25-EE25 -> -5.9 | EH25: 1572 | EI25: 1294 | EJ25: =EI25-EH25 -> -278 | EK25: 407 | EL25: 358 | EM25: =EL25-EK25 -> -49 | EN25: =ROUND(EH25/DY25,0) -> 37 | EO25: =ROUND(EI25/DZ25,0) -> 43 | EP25: =EO25-EN25 -> 6 | EQ25: 8 | ES25: 17 | ET25: г.Кедровый | EU25: 17 | EV25: 18 | EW25: 18 | EX25: =EW25-EV25 -> 0 | EY25: 17 | EZ25: 17 | FA25: =EZ25-EY25 -> 0 | FB25: 9 | FC25: 9 | FD25: =FC25-FB25 -> 0 | FE25: 4 | FF25: 4 | FG25: =FF25-FE25 -> 0 | FH25: 3 | FI25: 1 | FJ25: =FI25-FH25 -> -2 | FK25: =ROUND((FE25+FH25)/FB25*100,1) -> 77.8 | FL25: =ROUND((FF25+FI25)/FC25*100,1) -> 55.6 | FM25: 16 | FN25: =ROUND(FB25/D25,0) -> 5 | FO25: =ROUND(FC25/G25,0) -> 5 | FP25: =FO25-FN25 -> 0 | FR25: 17 | FS25: г.Кедровый | FT25: 17 | FU25: =FW25+FX25+FY25+GA25 -> 19702.6 | FV25: =ROUND(FU25/G25,0) -> 9851 | FW25: 9573.4 | FX25: 9904.2 | FY25: 225 | FZ25: 84 | GB25: =ROUND((FW25+FX25)/FU25*100,1) -> 98.9 | GC25: 19692.3 | GD25: 16848.6 | GF25: 541.1 | GH25: 197.7
A26: 18 | B26: г.Стрежевой | C26: 18 | D26: =E26+F26 -> 1 | E26: 1 | G26: =H26+I26 -> 1 | H26: 1 | J26: 385 | K26: 385 | L26: =K26-J26 -> 0 | M26: =ROUND(J26/D26,0) -> 385 | N26: =ROUND(K26/G26,0) -> 385 | O26: =N26-M26 -> 0 | P26: 5 | Q26: 5 | R26: =Q26-P26 -> 0 | U26: =T26-S26 -> 0 | X26: =W26-V26 -> 0 | Y26: =ROUND((S26+V26)/P26*100,1) -> 0 | Z26: =ROUND((T26+W26)/Q26*100,1) -> 0 | AA26: =Z26-Y26 -> 0 | AD26: =AC26-AB26 -> 0 | AF26: 18 | AG26: г.Стрежевой | AH26: 18 | AI26: =AJ26+AK26 -> 38.1 | AJ26: 38.1 | AL26: =AM26+AN26 -> 37.5 | AM26: 37.5 | AO26: =ROUND(AI26/D26,2) -> 38.1 | AP26: =ROUND(AJ26/E26,2) -> 38.1 | AR26: =ROUND(AL26/G26,2) -> 37.5 | AS26: =ROUND(AM26/H26,2) -> 37.5 | AU26: =AR26-AO26 -> -0.6 | AV26: =AS26-AP26 -> -0.6 | AW26: =AT26-AQ26 -> 0 | AY26: 18 | AZ26: г.Стрежевой | BA26: 18 | BB26: 44 | BC26: 36 | BD26: =BC26-BB26 -> -8 | BG26: =BF26-BE26 -> 0 | BH26: =ROUND(BB26/D26,0) -> 44 | BI26: =ROUND(BC26/G26,0) -> 36 | BJ26: =BI26-BH26 -> -8 | BK26: 846 | BL26: 592 | BM26: =BL26-BK26 -> -254 | BP26: =BO26-BN26 -> 0 | BQ26: =ROUND(BK26/BB26,0) -> 19 | BR26: =ROUND(BL26/BC26,0) -> 16 | BS26: =BR26-BQ26 -> -3 | BT26: 6 | BU26: 20 | BV26: 17 | BW26: =BV26-BU26 -> -3 | BZ26: =BY26-BX26 -> 0 | CA26: 382 | CB26: 258 | CC26: =CB26-CA26 -> -124 | CF26: =CE26-CD26 -> 0 | CG26: 27 | CH26: 28 | CI26: =CH26-CG26 -> 1 | CK26: 0 | CL26: =CK26-CJ26 -> 0 | CM26: 13 | CN26: 8 | CO26: =CN26-CM26 -> -5 | CR26: =CQ26-CP26 -> 0 | CS26: 410 | CT26: 434 | CU26: =CT26-CS26 -> 24 | CX26: =CW26-CV26 -> 0 | CY26: 199 | CZ26: 141 | DA26: =CZ26-CY26 -> -58 | DD26: =DC26-DB26 -> 0 | DF26: 18 | DG26: г.Стрежевой | DH26: 18 | DI26: 567 | DJ26: 668 | DK26: =DJ26-DI26 -> 101 | DL26: 196 | DM26: 257 | DN26: =DM26-DL26 -> 61 | DO26: 257515 | DP26: 300434 | DQ26: =DP26-DO26 -> 42919 | DR26: 30565 | DS26: 13532 | DT26: =DS26-DR26 -> -17033 | DU26: =ROUND(DI26/D26,0) -> 567 | DV26: =ROUND(DJ26/G26,0) -> 668 | DW26: =DV26-DU26 -> 101 | DX26: 1 | DY26: 68 | DZ26: 62 | EA26: =DZ26-DY26 -> -6 | EB26: 16 | EC26: 16 | ED26: =EC26-EB26 -> 0 | EE26: =ROUND(DY26/DI26*100,1) -> 12 | EF26: =ROUND(DZ26/DJ26*100,1) -> 9.3 | EG26: =EF26-EE26 -> -2.7 | EH26: 20449 | EI26: 18025 | EJ26: =EI26-EH26 -> -2424 | EK26: 4963 | EL26: 2478 | EM26: =EL26-EK26 -> -2485 | EN26: =ROUND(EH26/DY26,0) -> 301 | EO26: =ROUND(EI26/DZ26,0) -> 291 | EP26: =EO26-EN26 -> -10 | EQ26: 1 | ES26: 18 | ET26: г.Стрежевой | EU26: 18 | EV26: 33 | EW26: 35 | EX26: =EW26-EV26 -> 2 | EY26: 33 | EZ26: 35 | FA26: =EZ26-EY26 -> 2 | FB26: 31 | FC26: 33 | FD26: =FC26-FB26 -> 2 | FE26: 16 | FF26: 17 | FG26: =FF26-FE26 -> 1 | FH26: 10 | FI26: 9 | FJ26: =FI26-FH26 -> -1 | FK26: =ROUND((FE26+FH26)/FB26*100,1) -> 83.9 | FL26: =ROUND((FF26+FI26)/FC26*100,1) -> 78.8 | FM26: 9 | FN26: =ROUND(FB26/D26,0) -> 31 | FO26: =ROUND(FC26/G26,0) -> 33 | FP26: =FO26-FN26 -> 2 | FR26: 18 | FS26: г.Стрежевой | FT26: 18 | FU26: =FW26+FX26+FY26+GA26 -> 101908.2 | FV26: =ROUND(FU26/G26,0) -> 101908 | FW26: 53473.2 | FX26: 38630.3 | FY26: 8964 | FZ26: 726 | GA26: 840.7 | GB26: =ROUND((FW26+FX26)/FU26*100,1) -> 90.4 | GC26: 101296.8 | GD26: 72549.9 | GF26: 3197.1 | GH26: 2917
A27: 19 | B27: г.Томск | C27: 19 | D27: =E27+F27 -> 5 | E27: 5 | G27: =H27+I27 -> 5 | H27: 5 | J27: 947 | K27: 947 | L27: =K27-J27 -> 0 | M27: =ROUND(J27/D27,0) -> 189 | N27: =ROUND(K27/G27,0) -> 189 | O27: =N27-M27 -> 0 | P27: 9 | Q27: 10 | R27: =Q27-P27 -> 1 | S27: 6 | T27: 9 | U27: =T27-S27 -> 3 | X27: =W27-V27 -> 0 | Y27: =ROUND((S27+V27)/P27*100,1) -> 66.7 | Z27: =ROUND((T27+W27)/Q27*100,1) -> 90 | AA27: =Z27-Y27 -> 23.3 | AD27: =AC27-AB27 -> 0 | AF27: 19 | AG27: г.Томск | AH27: 19 | AI27: =AJ27+AK27 -> 572 | AJ27: 572 | AL27: =AM27+AN27 -> 565.8 | AM27: 565.8 | AO27: =ROUND(AI27/D27,2) -> 114.4 | AP27: =ROUND(AJ27/E27,2) -> 114.4 | AR27: =ROUND(AL27/G27,2) -> 113.16 | AS27: =ROUND(AM27/H27,2) -> 113.16 | AU27: =AR27-AO27 -> -1.24 | AV27: =AS27-AP27 -> -1.24 | AW27: =AT27-AQ27 -> 0 | AY27: 19 | AZ27: г.Томск | BA27: 19 | BB27: 87 | BC27: 91 | BD27: =BC27-BB27 -> 4 | BG27: =BF27-BE27 -> 0 | BH27: =ROUND(BB27/D27,0) -> 17 | BI27: =ROUND(BC27/G27,0) -> 18 | BJ27: =BI27-BH27 -> 1 | BK27: 1844 | BL27: 1880 | BM27: =BL27-BK27 -> 36 | BP27: =BO27-BN27 -> 0 | BQ27: =ROUND(BK27/BB27,0) -> 21 | BR27: =ROUND(BL27/BC27,0) -> 21 | BS27: =BR27-BQ27 -> 0 | BT27: 2 | BU27: 43 | BV27: 44 | BW27: =BV27-BU27 -> 1 | BZ27: =BY27-BX27 -> 0 | CA27: 1052 | CB27: 1100 | CC27: =CB27-CA27 -> 48 | CF27: =CE27-CD27 -> 0 | CG27: 76 | CH27: 80 | CI27: =CH27-CG27 -> 4 | CK27: 0 | CL27: =CK27-CJ27 -> 0 | CM27: 36 | CN27: 39 | CO27: =CN27-CM27 -> 3 | CR27: =CQ27-CP27 -> 0 | CS27: 1602 | CT27: 1609 | CU27: =CT27-CS27 -> 7 | CX27: =CW27-CV27 -> 0 | CY27: 924 | CZ27: 725 | DA27: =CZ27-CY27 -> -199 | DD27: =DC27-DB27 -> 0 | DF27: 19 | DG27: г.Томск | DH27: 19 | DI27: 1238 | DJ27: 1210 | DK27: =DJ27-DI27 -> -28 | DL27: 570 | DM27: 606 | DN27: =DM27-DL27 -> 36 | DO27: 360379 | DP27: 454381 | DQ27: =DP27-DO27 -> 94002 | DR27: 78324 | DS27: 105049 | DT27: =DS27-DR27 -> 26725 | DU27: =ROUND(DI27/D27,0) -> 248 | DV27: =ROUND(DJ27/G27,0) -> 242 | DW27: =DV27-DU27 -> -6 | DX27: 4 | DY27: 441 | DZ27: 414 | EA27: =DZ27-DY27 -> -27 | EB27: 159 | EC27: 185 | ED27: =EC27-EB27 -> 26 | EE27: =ROUND(DY27/DI27*100,1) -> 35.6 | EF27: =ROUND(DZ27/DJ27*100,1) -> 34.2 | EG27: =EF27-EE27 -> -1.4 | EH27: 128664 | EI27: 113240 | EJ27: =EI27-EH27 -> -15424 | EK27: 25193 | EL27: 32318 | EM27: =EL27-EK27 -> 7125 | EN27: =ROUND(EH27/DY27,0) -> 292 | EO27: =ROUND(EI27/DZ27,0) -> 274 | EP27: =EO27-EN27 -> -18 | EQ27: 2 | ES27: 19 | ET27: г.Томск | EU27: 19 | EV27: 288 | EW27: 294 | EX27: =EW27-EV27 -> 6 | EY27: 275 | EZ27: 282 | FA27: =EZ27-EY27 -> 7 | FB27: 206 | FC27: 216 | FD27: =FC27-FB27 -> 10 | FE27: 127 | FF27: 135 | FG27: =FF27-FE27 -> 8 | FH27: 53 | FI27: 66 | FJ27: =FI27-FH27 -> 13 | FK27: =ROUND((FE27+FH27)/FB27*100,1) -> 87.4 | FL27: =ROUND((FF27+FI27)/FC27*100,1) -> 93.1 | FM27: 3 | FN27: =ROUND(FB27/D27,0) -> 41 | FO27: =ROUND(FC27/G27,0) -> 43 | FP27: =FO27-FN27 -> 2 | FR27: 19 | FS27: г.Томск | FT27: 19 | FU27: =FW27+FX27+FY27+GA27 -> 256735.5 | FV27: =ROUND(FU27/G27,0) -> 51347 | FW27: 227632.3 | FX27: 242 | FY27: 28240.6 | FZ27: 6680 | GA27: 620.6 | GB27: =ROUND((FW27+FX27)/FU27*100,1) -> 88.8 | GC27: 250616.8 | GD27: 178175.5 | GF27: 4572.4 | GH27: 22762
A28: 20 | B28: ЗАТО Северск | C28: 20 | D28: =E28+F28 -> 2 | E28: 1 | F28: 1 | G28: =H28+I28 -> 2 | H28: 1 | I28: 1 | J28: 661 | K28: 661 | L28: =K28-J28 -> 0 | M28: =ROUND(J28/D28,0) -> 331 | N28: =ROUND(K28/G28,0) -> 331 | O28: =N28-M28 -> 0 | P28: 2 | Q28: 2 | R28: =Q28-P28 -> 0 | S28: 1 | T28: 1 | U28: =T28-S28 -> 0 | X28: =W28-V28 -> 0 | Y28: =ROUND((S28+V28)/P28*100,1) -> 50 | Z28: =ROUND((T28+W28)/Q28*100,1) -> 50 | AA28: =Z28-Y28 -> 0 | AD28: =AC28-AB28 -> 0 | AF28: 20 | AG28: ЗАТО Северск | AH28: 20 | AI28: =AJ28+AK28 -> 112 | AJ28: 105.8 | AK28: 6.2 | AL28: =AM28+AN28 -> 111.5 | AM28: 105.3 | AN28: 6.2 | AO28: =ROUND(AI28/D28,2) -> 56 | AP28: =ROUND(AJ28/E28,2) -> 105.8 | AQ28: =ROUND(AK28/F28,2) -> 6.2 | AR28: =ROUND(AL28/G28,2) -> 55.75 | AS28: =ROUND(AM28/H28,2) -> 105.3 | AT28: =ROUND(AN28/I28,2) -> 6.2 | AU28: =AR28-AO28 -> -0.25 | AV28: =AS28-AP28 -> -0.5 | AW28: =AT28-AQ28 -> 0 | AY28: 20 | AZ28: ЗАТО Северск | BA28: 20 | BB28: 40 | BC28: 41 | BD28: =BC28-BB28 -> 1 | BE28: 10 | BF28: 11 | BG28: =BF28-BE28 -> 1 | BH28: =ROUND(BB28/D28,0) -> 20 | BI28: =ROUND(BC28/G28,0) -> 21 | BJ28: =BI28-BH28 -> 1 | BK28: 1209 | BL28: 1281 | BM28: =BL28-BK28 -> 72 | BN28: 160 | BO28: 152 | BP28: =BO28-BN28 -> -8 | BQ28: =ROUND(BK28/BB28,0) -> 30 | BR28: =ROUND(BL28/BC28,0) -> 31 | BS28: =BR28-BQ28 -> 1 | BT28: 1 | BU28: 16 | BV28: 16 | BW28: =BV28-BU28 -> 0 | BX28: 4 | BY28: 4 | BZ28: =BY28-BX28 -> 0 | CA28: 616 | CB28: 663 | CC28: =CB28-CA28 -> 47 | CD28: 64 | CE28: 58 | CF28: =CE28-CD28 -> -6 | CG28: 30 | CH28: 31 | CI28: =CH28-CG28 -> 1 | CJ28: 7 | CK28: 7 | CL28: =CK28-CJ28 -> 0 | CM28: 15 | CN28: 14 | CO28: =CN28-CM28 -> -1 | CP28: 4 | CQ28: 3 | CR28: =CQ28-CP28 -> -1 | CS28: 922 | CT28: 981 | CU28: =CT28-CS28 -> 59 | CV28: 113 | CW28: 95 | CX28: =CW28-CV28 -> -18 | CY28: 597 | CZ28: 630 | DA28: =CZ28-CY28 -> 33 | DB28: 64 | DC28: 50 | DD28: =DC28-DB28 -> -14 | DF28: 20 | DG28: ЗАТО Северск | DH28: 20 | DI28: 620 | DJ28: 576 | DK28: =DJ28-DI28 -> -44 | DL28: 278 | DM28: 310 | DN28: =DM28-DL28 -> 32 | DO28: 98768 | DP28: 109545 | DQ28: =DP28-DO28 -> 10777 | DR28: 21386 | DS28: 22098 | DT28: =DS28-DR28 -> 712 | DU28: =ROUND(DI28/D28,0) -> 310 | DV28: =ROUND(DJ28/G28,0) -> 288 | DW28: =DV28-DU28 -> -22 | DX28: 3 | DY28: 283 | DZ28: 242 | EA28: =DZ28-DY28 -> -41 | EB28: 113 | EC28: 141 | ED28: =EC28-EB28 -> 28 | EE28: =ROUND(DY28/DI28*100,1) -> 45.6 | EF28: =ROUND(DZ28/DJ28*100,1) -> 42 | EG28: =EF28-EE28 -> -3.6 | EH28: 28485 | EI28: 26490 | EJ28: =EI28-EH28 -> -1995 | EK28: 12841 | EL28: 15115 | EM28: =EL28-EK28 -> 2274 | EN28: =ROUND(EH28/DY28,0) -> 101 | EO28: =ROUND(EI28/DZ28,0) -> 109 | EP28: =EO28-EN28 -> 8 | EQ28: 4 | ES28: 20 | ET28: ЗАТО Северск | EU28: 20 | EV28: 106 | EW28: 107 | EX28: =EW28-EV28 -> 1 | EY28: 95 | EZ28: 95 | FA28: =EZ28-EY28 -> 0 | FB28: 58 | FC28: 58 | FD28: =FC28-FB28 -> 0 | FE28: 26 | FF28: 26 | FG28: =FF28-FE28 -> 0 | FH28: 21 | FI28: 17 | FJ28: =FI28-FH28 -> -4 | FK28: =ROUND((FE28+FH28)/FB28*100,1) -> 81 | FL28: =ROUND((FF28+FI28)/FC28*100,1) -> 74.1 | FM28: 10 | FN28: =ROUND(FB28/D28,0) -> 29 | FO28: =ROUND(FC28/G28,0) -> 29 | FP28: =FO28-FN28 -> 0 | FR28: 20 | FS28: ЗАТО Северск | FT28: 20 | FU28: =FW28+FX28+FY28+GA28 -> 94444.9 | FV28: =ROUND(FU28/G28,0) -> 47222 | FW28: 36681.4 | FX28: 45392.7 | FY28: 12152.8 | FZ28: 50 | GA28: 218 | GB28: =ROUND((FW28+FX28)/FU28*100,1) -> 86.9 | GC28: 95319 | GD28: 73074.9 | GF28: 1736.1 | GH28: 5327.7
B29: Итого МУ: | C29: 21 | D29: =SUM(D9:D28) -> 269 | E29: =SUM(E9:E28) -> 14 | F29: =SUM(F9:F28) -> 255 | G29: =SUM(G9:G28) -> 267 | H29: =SUM(H9:H28) -> 14 | I29: =SUM(I9:I28) -> 253 | J29: =SUM(J9:J28) -> 25731 | K29: =SUM(K9:K28) -> 25295 | L29: =K29-J29 -> -436 | M29: =ROUND(J29/D29,0) -> 96 | N29: =ROUND(K29/G29,0) -> 95 | O29: =N29-M29 -> -1 | P29: =SUM(P9:P28) -> 284 | Q29: =SUM(Q9:Q28) -> 284 | R29: =Q29-P29 -> 0 | S29: =SUM(S9:S28) -> 61 | T29: =SUM(T9:T28) -> 38 | U29: =T29-S29 -> -23 | V29: =SUM(V9:V28) -> 2 | W29: =SUM(W9:W28) -> 2 | X29: =W29-V29 -> 0 | Y29: =ROUND((S29+V29)/P29*100,1) -> 22.2 | Z29: =ROUND((T29+W29)/Q29*100,1) -> 14.1 | AA29: =Z29-Y29 -> -8.1 | AB29: =SUM(AB9:AB28) -> 8 | AC29: =SUM(AC9:AC28) -> 7 | AD29: =AC29-AB29 -> -1 | AG29: Итого: | AH29: 21 | AI29: =SUM(AI9:AI28) -> 1052.1 | AJ29: =SUM(AJ9:AJ28) -> 770.5 | AK29: =SUM(AK9:AK28) -> 281.6 | AL29: =SUM(AL9:AL28) -> 1043.4 | AM29: =SUM(AM9:AM28) -> 762.9 | AN29: =SUM(AN9:AN28) -> 280.5 | AO29: =ROUND(AI29/D29,2) -> 3.91 | AP29: =ROUND(AJ29/E29,2) -> 55.04 | AQ29: =ROUND(AK29/F29,2) -> 1.1 | AR29: =ROUND(AL29/G29,2) -> 3.91 | AS29: =ROUND(AM29/H29,2) -> 54.49 | AT29: =ROUND(AN29/I29,2) -> 1.11 | AU29: =AR29-AO29 -> 0 | AV29: =AS29-AP29 -> -0.55 | AW29: =AT29-AQ29 -> 0.01 | AZ29: Итого МУ: | BA29: 21 | BB29: =SUM(BB9:BB28) -> 1817 | BC29: =SUM(BC9:BC28) -> 1816 | BD29: =BC29-BB29 -> -1 | BE29: =SUM(BE9:BE28) -> 1578 | BF29: =SUM(BF9:BF28) -> 1583 | BG29: =BF29-BE29 -> 5 | BH29: =ROUND(BB29/D29,0) -> 7 | BI29: =ROUND(BC29/G29,0) -> 7 | BJ29: =BI29-BH29 -> 0 | BK29: =SUM(BK9:BK28) -> 27967 | BL29: =SUM(BL9:BL28) -> 27483 | BM29: =BL29-BK29 -> -484 | BN29: =SUM(BN9:BN28) -> 22552 | BO29: =SUM(BO9:BO28) -> 22247 | BP29: =BO29-BN29 -> -305 | BQ29: =ROUND(BK29/BB29,0) -> 15 | BR29: =ROUND(BL29/BC29,0) -> 15 | BS29: =BR29-BQ29 -> 0 | BU29: =SUM(BU9:BU28) -> 791 | BV29: =SUM(BV9:BV28) -> 784 | BW29: =BV29-BU29 -> -7 | BX29: =SUM(BX9:BX28) -> 695 | BY29: =SUM(BY9:BY28) -> 688 | BZ29: =BY29-BX29 -> -7 | CA29: =SUM(CA9:CA28) -> 12598 | CB29: =SUM(CB9:CB28) -> 12398 | CC29: =CB29-CA29 -> -200 | CD29: =SUM(CD9:CD28) -> 9938 | CE29: =SUM(CE9:CE28) -> 9706 | CF29: =CE29-CD29 -> -232 | CG29: =SUM(CG9:CG28) -> 1198 | CH29: =SUM(CH9:CH28) -> 1238 | CI29: =CH29-CG29 -> 40 | CJ29: =SUM(CJ9:CJ28) -> 1013 | CK29: =SUM(CK9:CK28) -> 1048 | CL29: =CK29-CJ29 -> 35 | CM29: =SUM(CM9:CM28) -> 538 | CN29: =SUM(CN9:CN28) -> 536 | CO29: =CN29-CM29 -> -2 | CP29: =SUM(CP9:CP28) -> 459 | CQ29: =SUM(CQ9:CQ28) -> 458 | CR29: =CQ29-CP29 -> -1 | CS29: =SUM(CS9:CS28) -> 18080 | CT29: =SUM(CT9:CT28) -> 18311 | CU29: =CT29-CS29 -> 231 | CV29: =SUM(CV9:CV28) -> 14084 | CW29: =SUM(CW9:CW28) -> 14203 | CX29: =CW29-CV29 -> 119 | CY29: =SUM(CY9:CY28) -> 8817 | CZ29: =SUM(CZ9:CZ28) -> 8615 | DA29: =CZ29-CY29 -> -202 | DB29: =SUM(DB9:DB28) -> 6522 | DC29: =SUM(DC9:DC28) -> 6506 | DD29: =DC29-DB29 -> -16 | DG29: Итого МУ: | DH29: 21 | DI29: =SUM(DI9:DI28) -> 37623 | DJ29: =SUM(DJ9:DJ28) -> 37956 | DK29: =DJ29-DI29 -> 333 | DL29: =SUM(DL9:DL28) -> 16328 | DM29: =SUM(DM9:DM28) -> 15938 | DN29: =DM29-DL29 -> -390 | DO29: =SUM(DO9:DO28) -> 2879690 | DP29: =SUM(DP9:DP28) -> 3292214 | DQ29: =DP29-DO29 -> 412524 | DR29: =SUM(DR9:DR28) -> 622470 | DS29: =SUM(DS9:DS28) -> 696080 | DT29: =DS29-DR29 -> 73610 | DU29: =ROUND(DI29/D29,0) -> 140 | DV29: =ROUND(DJ29/G29,0) -> 142 | DW29: =DV29-DU29 -> 2 | DY29: =SUM(DY9:DY28) -> 9505 | DZ29: =SUM(DZ9:DZ28) -> 9198 | EA29: =DZ29-DY29 -> -307 | EB29: =SUM(EB9:EB28) -> 3341 | EC29: =SUM(EC9:EC28) -> 2990 | ED29: =EC29-EB29 -> -351 | EE29: =ROUND(DY29/DI29*100,1) -> 25.3 | EF29: =ROUND(DZ29/DJ29*100,1) -> 24.2 | EG29: =EF29-EE29 -> -1.1 | EH29: =SUM(EH9:EH28) -> 467785 | EI29: =SUM(EI9:EI28) -> 448782 | EJ29: =EI29-EH29 -> -19003 | EK29: =SUM(EK9:EK28) -> 119277 | EL29: =SUM(EL9:EL28) -> 132487 | EM29: =EL29-EK29 -> 13210 | EN29: =ROUND(EH29/DY29,0) -> 49 | EO29: =ROUND(EI29/DZ29,0) -> 49 | EP29: =EO29-EN29 -> 0 | ET29: Итого МУ: | EU29: 21 | EV29: =SUM(EV9:EV28) -> 1858 | EW29: =SUM(EW9:EW28) -> 1846 | EX29: =EW29-EV29 -> -12 | EY29: =SUM(EY9:EY28) -> 1767 | EZ29: =SUM(EZ9:EZ28) -> 1775 | FA29: =EZ29-EY29 -> 8 | FB29: =SUM(FB9:FB28) -> 1128 | FC29: =SUM(FC9:FC28) -> 1137 | FD29: =FC29-FB29 -> 9 | FE29: =SUM(FE9:FE28) -> 360 | FF29: =SUM(FF9:FF28) -> 398 | FG29: =FF29-FE29 -> 38 | FH29: =SUM(FH9:FH28) -> 470 | FI29: =SUM(FI9:FI28) -> 508 | FJ29: =FI29-FH29 -> 38 | FK29: =ROUND((FE29+FH29)/FB29*100,1) -> 73.6 | FL29: =ROUND((FF29+FI29)/FC29*100,1) -> 79.7 | FN29: =ROUND(FB29/D29,0) -> 4 | FO29: =ROUND(FC29/G29,0) -> 4 | FP29: =FO29-FN29 -> 0 | FS29: Итого МУ: | FT29: 21 | FU29: =SUM(FU9:FU28) -> 1802681.7 | FV29: =ROUND(FU29/G29,0) -> 6752 | FW29: =SUM(FW9:FW28) -> 1087243.3 | FX29: =SUM(FX9:FX28) -> 604976.7 | FY29: =SUM(FY9:FY28) -> 106997.5 | FZ29: =SUM(FZ9:FZ28) -> 28915.8 | GA29: =SUM(GA9:GA28) -> 3464.2 | GB29: =ROUND((FW29+FX29)/FU29*100,1) -> 93.9 | GC29: =SUM(GC9:GC28) -> 1786509.6 | GD29: =SUM(GD9:GD28) -> 1334914.4 | GE29: =SUM(GE9:GE28) -> 2146.1 | GF29: =SUM(GF9:GF28) -> 52208.8 | GG29: =SUM(GG9:GG28) -> 406.5 | GH29: =SUM(GH9:GH28) -> 57637.3
A30: 1 | B30: Дом искусств | C30: 22 | D30: =E30+F30 -> 1 | E30: 1 | G30: =H30+I30 -> 1 | H30: 1 | J30: 50 | K30: 50 | L30: =K30-J30 -> 0 | P30: 1 | Q30: 1 | R30: =Q30-P30 -> 0 | T30: 1 | U30: =T30-S30 -> 1 | X30: =W30-V30 -> 0 | Y30: =ROUND((S30+V30)/P30*100,1) -> 0 | Z30: =ROUND((T30+W30)/Q30*100,1) -> 100 | AA30: =Z30-Y30 -> 100 | AB30: 1 | AC30: 1 | AD30: =AC30-AB30 -> 0 | AY30: 1 | AZ30: Дом искусств | BA30: 22 | BB30: 18 | BC30: 18 | BD30: =BC30-BB30 -> 0 | BG30: =BF30-BE30 -> 0 | BK30: 451 | BL30: 411 | BM30: =BL30-BK30 -> -40 | BP30: =BO30-BN30 -> 0 | BQ30: =ROUND(BK30/BB30,0) -> 25 | BR30: =ROUND(BL30/BC30,0) -> 23 | BS30: =BR30-BQ30 -> -2 | BW30: =BV30-BU30 -> 0 | BZ30: =BY30-BX30 -> 0 | CC30: =CB30-CA30 -> 0 | CF30: =CE30-CD30 -> 0 | CG30: 10 | CH30: 12 | CI30: =CH30-CG30 -> 2 | CL30: =CK30-CJ30 -> 0 | CO30: =CN30-CM30 -> 0 | CR30: =CQ30-CP30 -> 0 | CS30: 104 | CT30: 152 | CU30: =CT30-CS30 -> 48 | CX30: =CW30-CV30 -> 0 | DA30: =CZ30-CY30 -> 0 | DD30: =DC30-DB30 -> 0 | DF30: 1 | DG30: Дом искусств | DH30: 22 | DI30: 174 | DJ30: 188 | DK30: =DJ30-DI30 -> 14 | DL30: 36 | DM30: 61 | DN30: =DM30-DL30 -> 25 | DO30: 40340 | DP30: 45640 | DQ30: =DP30-DO30 -> 5300 | DR30: 6800 | DS30: 7265 | DT30: =DS30-DR30 -> 465 | DY30: 51 | DZ30: 116 | EA30: =DZ30-DY30 -> 65 | EB30: 30 | EC30: 40 | ED30: =EC30-EB30 -> 10 | EE30: =ROUND(DY30/DI30*100,1) -> 29.3 | EF30: =ROUND(DZ30/DJ30*100,1) -> 61.7 | EG30: =EF30-EE30 -> 32.4 | EH30: 5818 | EI30: 6193 | EJ30: =EI30-EH30 -> 375 | EK30: 1718 | EL30: 3393 | EM30: =EL30-EK30 -> 1675 | EN30: =ROUND(EH30/DY30,0) -> 114 | EO30: =ROUND(EI30/DZ30,0) -> 53 | EP30: =EO30-EN30 -> -61 | ES30: 1 | ET30: Дом искусств | EU30: 22 | EV30: 18 | EW30: 15 | EX30: =EW30-EV30 -> -3 | EY30: 18 | EZ30: 15 | FA30: =EZ30-EY30 -> -3 | FB30: 10 | FC30: 5 | FD30: =FC30-FB30 -> -5 | FE30: 6 | FF30: 4 | FG30: =FF30-FE30 -> -2 | FH30: 1 | FJ30: =FI30-FH30 -> -1 | FK30: =ROUND((FE30+FH30)/FB30*100,1) -> 70 | FL30: =ROUND((FF30+FI30)/FC30*100,1) -> 80 | FR30: 1 | FS30: Дом искусств | FT30: 22 | FU30: =FW30+FX30+FY30+GA30 -> 19241.5 | FV30: =ROUND(FU30/G30,0) -> 19242 | FW30: 16240.6 | FY30: 3000.9 | GB30: =ROUND((FW30+FX30)/FU30*100,1) -> 84.4 | GC30: 20702.5 | GD30: 10251.4 | GF30: 392.1
A31: 2 | B31: ДНТ "Авангард" | C31: 23 | D31: =E31+F31 -> 1 | E31: 1 | G31: =H31+I31 -> 1 | H31: 1 | J31: 614 | K31: 614 | L31: =K31-J31 -> 0 | P31: 1 | Q31: 1 | R31: =Q31-P31 -> 0 | U31: =T31-S31 -> 0 | X31: =W31-V31 -> 0 | Y31: =ROUND((S31+V31)/P31*100,1) -> 0 | Z31: =ROUND((T31+W31)/Q31*100,1) -> 0 | AA31: =Z31-Y31 -> 0 | AB31: 1 | AC31: 1 | AD31: =AC31-AB31 -> 0 | AY31: 2 | AZ31: ДНТ "Авангард" | BA31: 23 | BB31: 26 | BC31: 26 | BD31: =BC31-BB31 -> 0 | BG31: =BF31-BE31 -> 0 | BK31: 1066 | BL31: 990 | BM31: =BL31-BK31 -> -76 | BP31: =BO31-BN31 -> 0 | BQ31: =ROUND(BK31/BB31,0) -> 41 | BR31: =ROUND(BL31/BC31,0) -> 38 | BS31: =BR31-BQ31 -> -3 | BU31: 16 | BV31: 16 | BW31: =BV31-BU31 -> 0 | BZ31: =BY31-BX31 -> 0 | CA31: 771 | CB31: 703 | CC31: =CB31-CA31 -> -68 | CF31: =CE31-CD31 -> 0 | CG31: 23 | CH31: 23 | CI31: =CH31-CG31 -> 0 | CL31: =CK31-CJ31 -> 0 | CM31: 14 | CN31: 14 | CO31: =CN31-CM31 -> 0 | CR31: =CQ31-CP31 -> 0 | CS31: 995 | CT31: 950 | CU31: =CT31-CS31 -> -45 | CX31: =CW31-CV31 -> 0 | CY31: 730 | CZ31: 688 | DA31: =CZ31-CY31 -> -42 | DD31: =DC31-DB31 -> 0 | DF31: 2 | DG31: ДНТ "Авангард" | DH31: 23 | DI31: 968 | DJ31: 980 | DK31: =DJ31-DI31 -> 12 | DL31: 126 | DM31: 122 | DN31: =DM31-DL31 -> -4 | DO31: 751206 | DP31: 592777 | DQ31: =DP31-DO31 -> -158429 | DR31: 103159 | DS31: 69253 | DT31: =DS31-DR31 -> -33906 | DY31: 376 | DZ31: 572 | EA31: =DZ31-DY31 -> 196 | EB31: 83 | EC31: 77 | ED31: =EC31-EB31 -> -6 | EE31: =ROUND(DY31/DI31*100,1) -> 38.8 | EF31: =ROUND(DZ31/DJ31*100,1) -> 58.4 | EG31: =EF31-EE31 -> 19.6 | EH31: 141446 | EI31: 138368 | EJ31: =EI31-EH31 -> -3078 | EK31: 70286 | EL31: 48749 | EM31: =EL31-EK31 -> -21537 | EN31: =ROUND(EH31/DY31,0) -> 376 | EO31: =ROUND(EI31/DZ31,0) -> 242 | EP31: =EO31-EN31 -> -134 | ES31: 2 | ET31: ДНТ "Авангард" | EU31: 23 | EV31: 111 | EW31: 110 | EX31: =EW31-EV31 -> -1 | EY31: 99 | EZ31: 96 | FA31: =EZ31-EY31 -> -3 | FB31: 61 | FC31: 56 | FD31: =FC31-FB31 -> -5 | FE31: 21 | FF31: 20 | FG31: =FF31-FE31 -> -1 | FH31: 1 | FI31: 2 | FJ31: =FI31-FH31 -> 1 | FK31: =ROUND((FE31+FH31)/FB31*100,1) -> 36.1 | FL31: =ROUND((FF31+FI31)/FC31*100,1) -> 39.3 | FR31: 2 | FS31: ДНТ "Авангард" | FT31: 23 | FU31: =FW31+FX31+FY31+GA31 -> 224773 | FV31: =ROUND(FU31/G31,0) -> 224773 | FW31: 202558.9 | FY31: 21901.2 | FZ31: 25 | GA31: 312.9 | GB31: =ROUND((FW31+FX31)/FU31*100,1) -> 90.1 | GC31: 221946.5 | GD31: 88404.5 | GF31: 19219.9 | GG31: 184.9 | GH31: 113141.2
